Workbook

Sheet Capa
A19: ORÇAMENTO PARA ELABORAÇÃO DE PROJETOS DE SISTEMA DE ESGOTAMENTO SANITÁRIO
B25: CBH-SANTO ANTÔNIO
B30: Açucena/MG
C51: =TODAY() -> 46139

Sheet Orç_20-30
A10: GOVERNO DO ESTADO DO RIO DE JANEIRO
A11: SECRETARIA DE ESTADO DO AMBIENTE - SEA
B13: Planilha Orçamentária | G13: I0 = AGO/2011
A14: Projeto: ELABORAÇÃO DE PLANO MUNICIPAL DE SANEAMENTO NAS MODALIDADES ÁGUA, ESGOTO E DRENAGEM URBANA PARA MUNICÍPIOS COM POPULAÇÃO ATÉ 15 MIL HABITANTES
A15: ITEM | B15: DESCRIÇÃO | C15: Código | D15: Unid. | E15: Quant. | F15: Preço unit. | G15: Custo total
F16: EMOP JUL/11
A17: 0 | B17: Supervisão e Suporte | G17: =SUM(G18:G20) -> #REF! | I17: h/mês | J17: nº meses | K17: nº prof.
A18: 0.1 | B18: =IF(C18="","",VLOOKUP(C18,#REF!,2,FALSE)) -> #REF! | C18: 05.105.034-0 | D18: h | E18: =I18*J18*K18 -> 240 | F18: =IF(C18="","",VLOOKUP(C18,#REF!,2,FALSE)) -> #REF! | G18: =E18*F18 -> #REF! | I18: 40 | J18: 6 | K18: 1
A19: 0.2 | B19: =IF(C19="","",VLOOKUP(C19,#REF!,2,FALSE)) -> #REF! | C19: 05.105.038-0 | D19: h | E19: =I19*J19*K19 -> 960 | F19: =IF(C19="","",VLOOKUP(C19,#REF!,2,FALSE)) -> #REF! | G19: =E19*F19 -> #REF! | I19: 160 | J19: 6 | K19: 1
A20: 0.3 | B20: =IF(C20="","",VLOOKUP(C20,#REF!,2,FALSE)) -> #REF! | C20: 05.105.041-0 | D20: h | E20: =I20*J20*K20 -> 960 | F20: =IF(C20="","",VLOOKUP(C20,#REF!,2,FALSE)) -> #REF! | G20: =E20*F20 -> #REF! | I20: 160 | J20: 6 | K20: 1
A21: 1 | B21: Plano de Trabalho (P1) e Projeto de Comunicação e Mobilização Social (P2) | G21: =SUM(G22:G29) -> #REF! | L21: 1 | M21: P1 + P2
A22: 1.1 | B22: MÃO-DE-OBRA DE ADVOGADO OU ASSESSOR JURÍDICO | D22: h | E22: =I22*J22*K22 -> 40 | F22: 53.9 | G22: =E22*F22 -> 2156 | I22: 40 | J22: 1 | K22: 1 | N22: 3719.74 | O22: =N22/160 -> 23.248375 | P22: =O22+O22*1.14 -> 49.751522
A23: 1.2 | B23: MÃO-DE-OBRA DE ASSISTENTE SOCIAL | D23: h | E23: =I23*J23*K23 -> 160 | F23: 53.9 | G23: =E23*F23 -> 8624 | I23: 160 | J23: 1 | K23: 1 | N23: 2076 | O23: =N23/160 -> 12.975 | P23: =O23+O23*1.14 -> 27.7665
A24: 1.3 | B24: MÃO-DE-OBRA DE ECONOMISTA | D24: h | E24: =I24*J24*K24 -> 0 | F24: 53.9 | G24: =E24*F24 -> 0 | I24: 160 | J24: 1 | K24: 0 | P24: 50
A25: 1.4 | B25: =IF(C25="","",VLOOKUP(C25,#REF!,2,FALSE)) -> #REF! | C25: 05.105.033-0 | D25: h | E25: =I25*J25*K25 -> 80 | F25: =IF(C25="","",VLOOKUP(C25,#REF!,2,FALSE)) -> #REF! | G25: =E25*F25 -> #REF! | I25: 80 | J25: 1 | K25: 1
A26: 1.5 | B26: =IF(C26="","",VLOOKUP(C26,#REF!,2,FALSE)) -> #REF! | C26: 05.105.032-0 | D26: h | E26: =I26*J26*K26 -> 160 | F26: =IF(C26="","",VLOOKUP(C26,#REF!,2,FALSE)) -> #REF! | G26: =E26*F26 -> #REF! | I26: 160 | J26: 1 | K26: 1
A27: 1.6 | B27: =IF(C27="","",VLOOKUP(C27,#REF!,2,FALSE)) -> #REF! | C27: 05.105.026-0 | D27: h | E27: =I27*J27*K27 -> 0 | F27: =IF(C27="","",VLOOKUP(C27,#REF!,2,FALSE)) -> #REF! | G27: =E27*F27 -> #REF! | I27: 160 | J27: 1 | K27: 0
A28: 1.7 | B28: =IF(C28="","",VLOOKUP(C28,#REF!,2,FALSE)) -> #REF! | C28: 05.105.035-0 | D28: h | E28: =I28*J28*K28 -> 0 | F28: =IF(C28="","",VLOOKUP(C28,#REF!,2,FALSE)) -> #REF! | G28: =E28*F28 -> #REF! | I28: 160 | J28: 1 | K28: 0
A29: 1.8 | B29: =IF(C29="","",VLOOKUP(C29,#REF!,2,FALSE)) -> #REF! | C29: 05.105.025-0 | E29: =I29*J29*K29 -> 0 | F29: =IF(C29="","",VLOOKUP(C29,#REF!,2,FALSE)) -> #REF! | G29: =E29*F29 -> #REF! | I29: 160 | J29: 1 | K29: 0
A30: 2 | B30: Caracterização do Município (P3) | G30: =SUM(G31:G39) -> #REF! | L30: 1 | M30: P3
A31: 2.1 | B31: MÃO-DE-OBRA DE ADVOGADO OU ASSESSOR JURÍDICO | D31: h | E31: =I31*J31*K31 -> 40 | F31: 53.9 | G31: =E31*F31 -> 2156 | I31: 40 | J31: 1 | K31: 1
A32: 2.2 | B32: MÃO-DE-OBRA DE ASSISTENTE SOCIAL | D32: h | E32: =I32*J32*K32 -> 40 | F32: 53.9 | G32: =E32*F32 -> 2156 | I32: 40 | J32: 1 | K32: 1
A33: 2.3 | B33: MÃO-DE-OBRA DE ECONOMISTA | D33: h | E33: =I33*J33*K33 -> 40 | F33: 53.9 | G33: =E33*F33 -> 2156 | I33: 40 | J33: 1 | K33: 1
A34: 2.4 | B34: =IF(C34="","",VLOOKUP(C34,#REF!,2,FALSE)) -> #REF! | C34: 05.105.033-0 | D34: h | E34: =I34*J34*K34 -> 40 | F34: =IF(C34="","",VLOOKUP(C34,#REF!,2,FALSE)) -> #REF! | G34: =E34*F34 -> #REF! | I34: 40 | J34: 1 | K34: 1
A35: 2.5 | B35: =IF(C35="","",VLOOKUP(C35,#REF!,2,FALSE)) -> #REF! | C35: 05.105.032-0 | D35: h | E35: =I35*J35*K35 -> 80 | F35: =IF(C35="","",VLOOKUP(C35,#REF!,2,FALSE)) -> #REF! | G35: =E35*F35 -> #REF! | I35: 80 | J35: 1 | K35: 1
A36: 2.6 | B36: =IF(C36="","",VLOOKUP(C36,#REF!,2,FALSE)) -> #REF! | C36: 05.105.026-0 | D36: h | E36: =I36*J36*K36 -> 0 | F36: =IF(C36="","",VLOOKUP(C36,#REF!,2,FALSE)) -> #REF! | G36: =E36*F36 -> #REF! | I36: 0 | J36: 1 | K36: 1
A37: 2.7 | B37: =IF(C37="","",VLOOKUP(C37,#REF!,2,FALSE)) -> #REF! | C37: 05.105.035-0 | D37: h | E37: =I37*J37*K37 -> 40 | F37: =IF(C37="","",VLOOKUP(C37,#REF!,2,FALSE)) -> #REF! | G37: =E37*F37 -> #REF! | I37: 40 | J37: 1 | K37: 1
A38: 2.8 | B38: =IF(C38="","",VLOOKUP(C38,#REF!,2,FALSE)) -> #REF! | C38: 05.105.025-0 | E38: =I38*J38*K38 -> 80 | F38: =IF(C38="","",VLOOKUP(C38,#REF!,2,FALSE)) -> #REF! | G38: =E38*F38 -> #REF! | I38: 80 | J38: 1 | K38: 1
A39: 2.9 | B39: =IF(C39="","",VLOOKUP(C39,#REF!,2,FALSE)) -> #REF! | C39: 19.004.042-2 | E39: =I39*J39*K39 -> 40 | F39: =IF(C39="","",VLOOKUP(C39,#REF!,2,FALSE)) -> #REF! | G39: =E39*F39 -> #REF! | I39: 40 | J39: 1 | K39: 1
A40: 3 | B40: Diagnóstico dos Serviços de Abastecimento de Água Potável (P4), Esgotamento Sanitário e Drenagem Pluvial Urbana (P5) | G40: =SUM(G41:G50) -> #REF! | L40: 1 | M40: P4
A41: 3.1 | B41: MÃO-DE-OBRA DE ADVOGADO OU ASSESSOR JURÍDICO | D41: h | E41: =I41*J41*K41 -> 40 | F41: 53.9 | G41: =E41*F41 -> 2156 | I41: 40 | J41: 1 | K41: 1
A42: 3.2 | B42: MÃO-DE-OBRA DE ASSISTENTE SOCIAL | D42: h | E42: =I42*J42*K42 -> 40 | F42: 53.9 | G42: =E42*F42 -> 2156 | I42: 40 | J42: 1 | K42: 1
A43: 3.3 | B43: MÃO-DE-OBRA DE ECONOMISTA | D43: h | E43: =I43*J43*K43 -> 40 | F43: 53.9 | G43: =E43*F43 -> 2156 | I43: 40 | J43: 1 | K43: 1
A44: 3.4 | B44: =IF(C44="","",VLOOKUP(C44,#REF!,2,FALSE)) -> #REF! | C44: 05.105.033-0 | D44: h | E44: =I44*J44*K44 -> 160 | F44: =IF(C44="","",VLOOKUP(C44,#REF!,2,FALSE)) -> #REF! | G44: =E44*F44 -> #REF! | I44: 160 | J44: 1 | K44: 1
A45: 3.5 | B45: =IF(C45="","",VLOOKUP(C45,#REF!,2,FALSE)) -> #REF! | C45: 05.105.032-0 | D45: h | E45: =I45*J45*K45 -> 320 | F45: =IF(C45="","",VLOOKUP(C45,#REF!,2,FALSE)) -> #REF! | G45: =E45*F45 -> #REF! | I45: 160 | J45: 1 | K45: 2
A46: 3.6 | B46: =IF(C46="","",VLOOKUP(C46,#REF!,2,FALSE)) -> #REF! | C46: 05.105.050-0 | D46: h | E46: =I46*J46*K46 -> 160 | F46: =IF(C46="","",VLOOKUP(C46,#REF!,2,FALSE)) -> #REF! | G46: =E46*F46 -> #REF! | I46: 160 | J46: 1 | K46: 1
A47: 3.7 | B47: =IF(C47="","",VLOOKUP(C47,#REF!,2,FALSE)) -> #REF! | C47: 05.105.026-0 | D47: h | E47: =I47*J47*K47 -> 160 | F47: =IF(C47="","",VLOOKUP(C47,#REF!,2,FALSE)) -> #REF! | G47: =E47*F47 -> #REF! | I47: 160 | J47: 1 | K47: 1
A48: 3.8 | B48: =IF(C48="","",VLOOKUP(C48,#REF!,2,FALSE)) -> #REF! | C48: 05.105.035-0 | D48: h | E48: =I48*J48*K48 -> 80 | F48: =IF(C48="","",VLOOKUP(C48,#REF!,2,FALSE)) -> #REF! | G48: =E48*F48 -> #REF! | I48: 80 | J48: 1 | K48: 1
A49: 3.9 | B49: =IF(C49="","",VLOOKUP(C49,#REF!,2,FALSE)) -> #REF! | C49: 05.105.025-0 | E49: =I49*J49*K49 -> 160 | F49: =IF(C49="","",VLOOKUP(C49,#REF!,2,FALSE)) -> #REF! | G49: =E49*F49 -> #REF! | I49: 160 | J49: 1 | K49: 1
A50: 3.10 | B50: =IF(C50="","",VLOOKUP(C50,#REF!,2,FALSE)) -> #REF! | C50: 19.004.042-2 | E50: =I50*J50*K50 -> 160 | F50: =IF(C50="","",VLOOKUP(C50,#REF!,2,FALSE)) -> #REF! | G50: =E50*F50 -> #REF! | I50: 160 | J50: 1 | K50: 1
A51: 4 | B51: Proposição de Arranjos Institucionais, Jurídicos e Econômico-Financeiros (P6), Sistemas de Abastecimento de Água (P7), Sistemas de Esgotamento Sanitário e Drenagem Pluvial Urbana (P8) | G51: =SUM(G52:G61) -> #REF! | L51: 1 | M51: P6
A52: 4.1 | B52: MÃO-DE-OBRA DE ADVOGADO OU ASSESSOR JURÍDICO | D52: h | E52: =I52*J52*K52 -> 80 | F52: 53.9 | G52: =E52*F52 -> 4312 | I52: 80 | J52: 1 | K52: 1 | M52: 40 | N52: 1 | O52: 1
A53: 4.2 | B53: MÃO-DE-OBRA DE ASSISTENTE SOCIAL | D53: h | E53: =I53*J53*K53 -> 20 | F53: 53.9 | G53: =E53*F53 -> 1078 | I53: 20 | J53: 1 | K53: 1 | M53: 20 | N53: 1 | O53: 1
A54: 4.3 | B54: MÃO-DE-OBRA DE ECONOMISTA | D54: h | E54: =I54*J54*K54 -> 80 | F54: 53.9 | G54: =E54*F54 -> 4312 | I54: 80 | J54: 1 | K54: 1 | M54: 40 | N54: 1 | O54: 1
A55: 4.4 | B55: =IF(C55="","",VLOOKUP(C55,#REF!,2,FALSE)) -> #REF! | C55: 05.105.033-0 | D55: h | E55: =I55*J55*K55 -> 160 | F55: =IF(C55="","",VLOOKUP(C55,#REF!,2,FALSE)) -> #REF! | G55: =E55*F55 -> #REF! | I55: 160 | J55: 1 | K55: 1 | M55: 80 | N55: 1 | O55: 1
A56: 4.5 | B56: =IF(C56="","",VLOOKUP(C56,#REF!,2,FALSE)) -> #REF! | C56: 05.105.032-0 | D56: h | E56: =I56*J56*K56 -> 320 | F56: =IF(C56="","",VLOOKUP(C56,#REF!,2,FALSE)) -> #REF! | G56: =E56*F56 -> #REF! | I56: 160 | J56: 1 | K56: 2 | M56: 160 | N56: 1 | O56: 2
A57: 4.6 | B57: =IF(C57="","",VLOOKUP(C57,#REF!,2,FALSE)) -> #REF! | C57: 05.105.050-0 | D57: h | E57: =I57*J57*K57 -> 0 | F57: =IF(C57="","",VLOOKUP(C57,#REF!,2,FALSE)) -> #REF! | G57: =E57*F57 -> #REF! | I57: 160 | J57: 1 | K57: 0 | M57: 160 | N57: 1 | O57: 0
A58: 4.7 | B58: =IF(C58="","",VLOOKUP(C58,#REF!,2,FALSE)) -> #REF! | C58: 05.105.026-0 | D58: h | E58: =I58*J58*K58 -> 160 | F58: =IF(C58="","",VLOOKUP(C58,#REF!,2,FALSE)) -> #REF! | G58: =E58*F58 -> #REF! | I58: 160 | J58: 1 | K58: 1 | M58: 160 | N58: 1 | O58: 1
A59: 4.8 | B59: =IF(C59="","",VLOOKUP(C59,#REF!,2,FALSE)) -> #REF! | C59: 05.105.035-0 | D59: h | E59: =I59*J59*K59 -> 160 | F59: =IF(C59="","",VLOOKUP(C59,#REF!,2,FALSE)) -> #REF! | G59: =E59*F59 -> #REF! | I59: 160 | J59: 1 | K59: 1 | M59: 80 | N59: 1 | O59: 1
A60: 4.9 | B60: =IF(C60="","",VLOOKUP(C60,#REF!,2,FALSE)) -> #REF! | C60: 05.105.025-0 | E60: =I60*J60*K60 -> 160 | F60: =IF(C60="","",VLOOKUP(C60,#REF!,2,FALSE)) -> #REF! | G60: =E60*F60 -> #REF! | I60: 160 | J60: 1 | K60: 1 | M60: 160 | N60: 1 | O60: 1
A61: 4.10 | B61: =IF(C61="","",VLOOKUP(C61,#REF!,2,FALSE)) -> #REF! | C61: 19.004.042-2 | E61: =I61*J61*K61 -> 160 | F61: =IF(C61="","",VLOOKUP(C61,#REF!,2,FALSE)) -> #REF! | G61: =E61*F61 -> #REF! | I61: 160 | J61: 1 | K61: 1 | M61: 40 | N61: 1 | O61: 1
A62: 5 | B62: Versão Preliminar do Plano (P9) | G62: =SUM(G63:G70) -> #REF! | L62: 1 | M62: P9
A63: 5.1 | B63: MÃO-DE-OBRA DE ADVOGADO OU ASSESSOR JURÍDICO | D63: h | E63: =I63*J63*K63 -> 0 | F63: 53.9 | G63: =E63*F63 -> 0 | I63: 160 | J63: 1 | K63: 0
A64: 5.2 | B64: MÃO-DE-OBRA DE ASSISTENTE SOCIAL | D64: h | E64: =I64*J64*K64 -> 20 | F64: 53.9 | G64: =E64*F64 -> 1078 | I64: 20 | J64: 1 | K64: 1
A65: 5.3 | B65: MÃO-DE-OBRA DE ECONOMISTA | D65: h | E65: =I65*J65*K65 -> 0 | F65: 53.9 | G65: =E65*F65 -> 0 | I65: 160 | J65: 1 | K65: 0
A66: 5.4 | B66: =IF(C66="","",VLOOKUP(C66,#REF!,2,FALSE)) -> #REF! | C66: 05.105.033-0 | D66: h | E66: =I66*J66*K66 -> 40 | F66: =IF(C66="","",VLOOKUP(C66,#REF!,2,FALSE)) -> #REF! | G66: =E66*F66 -> #REF! | I66: 40 | J66: 1 | K66: 1
A67: 5.5 | B67: =IF(C67="","",VLOOKUP(C67,#REF!,2,FALSE)) -> #REF! | C67: 05.105.032-0 | D67: h | E67: =I67*J67*K67 -> 160 | F67: =IF(C67="","",VLOOKUP(C67,#REF!,2,FALSE)) -> #REF! | G67: =E67*F67 -> #REF! | I67: 160 | J67: 1 | K67: 1
A68: 5.6 | B68: =IF(C68="","",VLOOKUP(C68,#REF!,2,FALSE)) -> #REF! | C68: 05.105.026-0 | D68: h | E68: =I68*J68*K68 -> 0 | F68: =IF(C68="","",VLOOKUP(C68,#REF!,2,FALSE)) -> #REF! | G68: =E68*F68 -> #REF! | I68: 160 | J68: 1 | K68: 0
A69: 5.7 | B69: =IF(C69="","",VLOOKUP(C69,#REF!,2,FALSE)) -> #REF! | C69: 05.105.035-0 | D69: h | E69: =I69*J69*K69 -> 0 | F69: =IF(C69="","",VLOOKUP(C69,#REF!,2,FALSE)) -> #REF! | G69: =E69*F69 -> #REF! | I69: 160 | J69: 1 | K69: 0
A70: 5.8 | B70: =IF(C70="","",VLOOKUP(C70,#REF!,2,FALSE)) -> #REF! | C70: 05.105.025-0 | D70: h | E70: =I70*J70*K70 -> 0 | F70: =IF(C70="","",VLOOKUP(C70,#REF!,2,FALSE)) -> #REF! | G70: =E70*F70 -> #REF! | I70: 160 | J70: 1 | K70: 0
A71: 6 | B71: Versão Final do Plano (P10) e Banco de Dados (P11) | G71: =SUM(G72:G76) -> #REF! | L71: 1 | M71: P10 | N71: P11
A72: 6.1 | B72: =IF(C72="","",VLOOKUP(C72,#REF!,2,FALSE)) -> #REF! | C72: 05.105.033-0 | D72: h | E72: =I72*J72*K72 -> 40 | F72: =IF(C72="","",VLOOKUP(C72,#REF!,2,FALSE)) -> #REF! | G72: =E72*F72 -> #REF! | I72: 40 | J72: 1 | K72: 1
A73: 6.2 | B73: =IF(C73="","",VLOOKUP(C73,#REF!,2,FALSE)) -> #REF! | C73: 05.105.032-0 | D73: h | E73: =I73*J73*K73 -> 160 | F73: =IF(C73="","",VLOOKUP(C73,#REF!,2,FALSE)) -> #REF! | G73: =E73*F73 -> #REF! | I73: 160 | J73: 1 | K73: 1
A74: 6.3 | B74: =IF(C74="","",VLOOKUP(C74,#REF!,2,FALSE)) -> #REF! | C74: 05.105.026-0 | D74: h | E74: =I74*J74*K74 -> 0 | F74: =IF(C74="","",VLOOKUP(C74,#REF!,2,FALSE)) -> #REF! | G74: =E74*F74 -> #REF! | I74: 160 | J74: 1 | K74: 0
A75: 6.4 | B75: MAO-DE-OBRA DE TÉCNICO DE GEOPROCESSAMENTO | D75: h | E75: =I75*J75*K75 -> 160 | F75: 53.9 | G75: =E75*F75 -> 8624 | I75: 160 | J75: 1 | K75: 1
A76: 6.5 | B76: =IF(C76="","",VLOOKUP(C76,#REF!,2,FALSE)) -> #REF! | C76: 19.004.042-2 | D76: h | E76: =I76*J76*K76 -> 40 | F76: =IF(C76="","",VLOOKUP(C76,#REF!,2,FALSE)) -> #REF! | G76: =E76*F76 -> #REF! | I76: 40 | J76: 1 | K76: 1
A77: Sub total Planos Municipais de Saneamento | G77: =((G17/10)*9)+SUM(G21,G30,G40,#REF!,G51,#REF!,#REF!,G62,G71) -> #REF!
A78: Sub total Planos Municipais de Saneamento (c/ BDI 16%) | G78: =G77*1.16 -> #REF!
L79: =SUM(L21:L78) -> 6 | M79: meses
B80: TOTAL | G80: =SUM(G71,G62,G51,,G40,G30,G21,G17) -> #REF!
B81: BDI (8%) | G81: =G80*0.08 -> #REF!
B82: TOTAL GERAL | G82: =SUM(G80:G81) -> #REF!

Sheet Crono_20-30
A9: CRONOGRAMA FÍSICO-FINANCEIRO
A10: Projeto: ELABORAÇÃO DE PLANO MUNICIPAL DE SANEAMENTO NAS MODALIDADES ÁGUA, ESGOTO E DRENAGEM URBANA, PARA MUNICÍPIOS COM POPULAÇÃO ENTRE 15 E 30 MIL HABITANTES
A12: Atividade | B12: Supervisão/mês | C12: DIAS
C13: 30 | D13: 60 | E13: 90 | F13: 120 | G13: 150 | H13: 180
A15: Plano de Trabalho e Projeto de Comunicação e Mobilização Social (P1+P2) | B15: ='Orç_20-30'!$G$17/6 -> #REF!
C16: =('Orç_20-30'!G21+('Crono_20-30'!B15*1))*1.08 -> #REF!
A17: Caracterização do Município (P3) | B17: ='Orç_20-30'!$G$17/6 -> #REF!
D18: =('Orç_20-30'!G30+('Crono_20-30'!B17*1))*1.08 -> #REF!
A19: Diagnóstico do Serviço de Abastecimento de Água Potável (P4), Esgotamento Sanitário e Drenagem Pluvial Urbana (P5) | B19: ='Orç_20-30'!$G$17/6 -> #REF!
E20: =('Orç_20-30'!G40+('Crono_20-30'!B19*1))*1.08 -> #REF!
A21: Proposição de Arranjos Institucionais, Jurídicos e Econômico-Financeiros (P6), sistemas de Abastecimento de Água (P7), esgotamento sanitário e drenagem pluvial urbana (P8) | B21: ='Orç_20-30'!$G$17/6 -> #REF!
F22: =('Orç_20-30'!G51+('Crono_20-30'!B21*1))*1.08 -> #REF!
A23: Versão Preliminar do PMSB (P9) | B23: ='Orç_20-30'!$G$17/6 -> #REF!
G24: =('Orç_20-30'!G62+('Crono_20-30'!B23*1))*1.08 -> #REF!
A25: Banco de Dados (P10) e Versão Final do Plano (P11) | B25: ='Orç_20-30'!$G$17/6 -> #REF!
H26: =('Orç_20-30'!G71+('Crono_20-30'!B25*1))*1.08 -> #REF!
A27: Total | C27: =SUM(C15:C26) -> #REF! | D27: =SUM(D15:D26) -> #REF! | E27: =SUM(E15:E26) -> #REF! | F27: =SUM(F15:F26) -> #REF! | G27: =SUM(G15:G26) -> #REF! | H27: =SUM(H15:H26) -> #REF!
A28: Total Acumulado | C28: =SUM(C27) -> #REF! | D28: =SUM(C27:D27) -> #REF! | E28: =SUM(C27:E27) -> #REF! | F28: =SUM(C27:F27) -> #REF! | G28: =SUM(C27:G27) -> #REF! | H28: =SUM(C27:H27) -> #REF!
A29: Total (%) | C29: =(C27/$H$28)*100 -> #REF! | D29: =(D27/$H$28)*100 -> #REF! | E29: =(E27/$H$28)*100 -> #REF! | F29: =(F27/$H$28)*100 -> #REF! | G29: =(G27/$H$28)*100 -> #REF! | H29: =(H27/$H$28)*100 -> #REF!
A30: Total Acumulado (%) | C30: =(C28/$H$28)*100 -> #REF! | D30: =(D28/$H$28)*100 -> #REF! | E30: =(E28/$H$28)*100 -> #REF! | F30: =(F28/$H$28)*100 -> #REF! | G30: =(G28/$H$28)*100 -> #REF! | H30: =(H28/$H$28)*100 -> #REF!

Sheet Definições
D1: DEFINIÇÕES GERAIS
A7: ENCARGOS SOCIAIS | C7: Encargos Sociais e Benefícios aos Trabalhadores – encargos incidentes sobre a folha de pagamento, encargos demissionais, benefícios pagos ao trabalhador e demais custos que deverão ser pagos ou apropriados para quitação quando devidos, tais como: férias e abono de férias, 13° salário, auxílio refeição, auxílio transporte, plano de saúde, seguro de vida, abonos legais etc.
A15: DESPESAS INDIRETAS | C15: Despesas não apropriadas diretamente nos custos do contrato, como por exemplo: funcionários administrativos, assessoria jurídica, assessoria contábil, telefonia, água e luz, aluguel e manutenção de sede, atestados, certidões, cartórios etc., tarifas bancárias, segurança, manutenção de equipamentos, licenças de usos e atualização de software, hardware, seguros, impostos e taxas não vinculados com o faturamento, papelaria, mercado, livros, jornais e revistas, despesas comerciais etc.
A25: DESPESAS LEGAIS TRIBUTOS | C25: Impostos e contribuições incidentes sobre o faturamento ou o resultado da empresa: PIS, COFINS e Imposto sobre Serviço.
A29: SERVIÇOS DE APOIO TÉCNICO | C29: São serviços complementares, executados por profissionais ou empresas subcontratados, e que são necessários para o desenvolvimento dos trabalhos de arquitetura e engenharia consultiva. Diferenciam-se das despesas diretas por serem atividades e serviços vinculados à responsabilidade técnica inerente ao trabalho da consultoria. Dentre estes serviços pode-se destacar: levantamentos topográficos e cadastrais, sondagens, ensaios geotécnicos, ensaios e análises laboratoriais (biológicos e físico-químicos), ensaios em cimento, agregados, aço, concreto, solo, pavimento etc.
A40: DESPESAS DIRETAS | C40: As despesas diretas são gastos decorrentes diretamente da execução do contrato, relacionados com materiais, serviços e equipamentos, alocados exclusivamente para o cumprimento do contrato em questão. Como exemplo destas despesas pode-se citar: impressão de desenhos, cópias Reprográficas, encadernações, fotografias, mídias, locação de veículo, diárias, refeições, passagens aéreas etc.

Sheet Dados Básicos do município
A1: =Capa!A19 -> ORÇAMENTO PARA ELABORAÇÃO DE PROJETOS DE SISTEMA DE ESGOTAMENTO SANITÁRIO
A4: Dados primários para quantificação de projetos de esgotamento sanitário | G4: Data: | H4: =Capa!C51 -> 46139
A5: Comitê: | B5: =Capa!B25 -> CBH-SANTO ANTÔNIO
A6: Município: | B6: =Capa!B30 -> Açucena/MG
A8: DISCRIMINAÇÃO | C8: VALORES | D8: UNIDADE | E8: FONTE | G8: LEGENDA:
A9: Localidade | C9: Açucena | H9: Dados inseridos
A10: Cronograma do projeto estimado | C10: 8 | D10: meses | E10: Estimado
A11: Distância da cidade até Governador Valadares/MG | C11: 99.1 | D11: km | E11: Google MAPS | H11: Calculado
A12: População Total | C12: 8943 | D12: habitantes | E12: IBGE 2022
A13: População urbana Total | C13: 6000 | D13: habitantes | E13: Prefeitura Municipal ou IBGE
A14: População urbana das áreas de abrangência do projeto | C14: 6000 | D14: habitantes | E14: Prefeitura Municipal ou IBGE
A15: Área de abrangência do projeto | C15: 2.59 | D15: km² | E15: Calculado - Google Earth
A16: Consumo Per Capta | C16: 136.62 | D16: L/hab.dia | E16: SNIS - Água
A17: Número de domicílios da área de abrangência do projeto | C17: 2305 | D17: unidades | E17: Prefeitura Municipal ou IBGE
A18: Percentual de domicílios urbanos com saneamento adequado | C18: 0.438 | D18: % | E18: Prefeitura Municipal ou IBGE
A19: Extensão da rede por ligação | C19: 12.04 | D19: m/lig | E19: SNIS - Água
A20: Vazão estimada de Esgoto | C20: =((C16*C14*1.2*1.5)/86400)*0.8 -> 13.662 | D20: L/s | E20: Calculado
A21: Extensão estimada total da rede | C21: =C19*C17*0.8 -> 22201.76 | D21: m | E21: Calculado (Considerado uma ligação/domicílio)
A22: Extensão de rede em condições adequadas | C22: =C21*C18 -> 9724.3709 | E22: Calculado
A23: Número Estimados de Poços de Visita (PVs)* | C23: =ROUNDUP(C21/120,0) -> 186 | D23: unidades | E23: Calculado
A24: Estimativa rede de esgoto a ser cadastrada | C24: =C22/1000 -> 9.7243709 | D24: km | E24: Calculado
A25: Estimativa rede de esgoto a ser projetada | C25: =C21/1000 -> 22.20176 | D25: km | E25: Calculado
A26: *Adotou-se o valor de 0,80m como Distância entre Poços de Visita (PVs) adotada, considerando que a SABESP recomenda que esta seja a distância máxima adotada para elaborar projetos de Sistema de Esgotamento Sanitário, devido aos equipamentos de manutenção. (Norma Técnica SABESP NTS 25/2020)

Sheet Dias trabalhados
A1: =Capa!A19 -> ORÇAMENTO PARA ELABORAÇÃO DE PROJETOS DE SISTEMA DE ESGOTAMENTO SANITÁRIO
A4: Dias trabalhados - 2024 | G4: Data: | H4: ='Dados Básicos do município'!H4 -> 46139
A5: Comitê: | B5: ='Dados Básicos do município'!B5 -> CBH-SANTO ANTÔNIO
A6: Município: | B6: ='Dados Básicos do município'!B6 -> Açucena/MG
A8: Nº | B8: ESPECIFICAÇÃO | C8: DADOS | D8: UNIDADE | E8: OBSERVAÇÃO
A10: 1 | B10: NÚMERO MÉDIO DE DIAS IMPRODUTIVOS | C10: =C17 -> 116.57143
A11: 1.1 | B11: Número de dias no ano: | C11: 366 | D11: dias | E11: Definido
A12: 1.2 | B12: Número de dias na semana: | C12: 7 | D12: dias | E12: Definido
A13: 1.3 | B13: Número de sábado e domingo na semana: | C13: 2 | D13: dias | E13: Definido
A14: 1.4 | B14: Número de semanas no ano: | C14: =C11/C12 -> 52.285714 | D14: semanas | E14: Calculado | F14: (1.1/1.2)
A15: 1.5 | B15: Número de sábados e domingos no ano: | C15: =C14*2 -> 104.57143 | D15: dias | E15: Calculado | F15: (1.3 x 1.4)
A16: 1.6 | B16: Número de feriados em dias úteis: | C16: 12 | D16: dias
A17: 1.7 | B17: Dias improdutivos no ano: | C17: =C15+C16 -> 116.57143 | D17: dias | E17: Calculado | F17: (1.5 + 1.6)
A19: 2 | B19: NÚMERO DE HORAS TRABALHADAS PELA EMPRESA | C19: =C24 -> 166.28571
A20: 2.1 | B20: Total de dias trabalhados por ano: | C20: =C11-C17 -> 249.42857 | D20: dias | E20: Calculado | F20: (1.1 - 1.7)
A21: 2.2 | B21: Jornada diária de trabalho: | C21: 8 | D21: horas | E21: Definido | F21: Acordo coletivo
A22: 2.3 | B22: Número de horas trabalhadas por ano: | C22: =C20*C21 -> 1995.4286 | D22: horas | E22: Calculado | F22: (2.1 x 2.2)
A23: 2.4 | B23: Número de meses no ano: | C23: 12 | D23: meses | E23: Definido
A24: 2.5 | B24: Número médio de horas trabalhadas pela empresa no mês | C24: =C22/C23 -> 166.28571 | D24: horas | E24: Calculado | F24: (2.3 / 2.4)
A26: 3 | B26: NÚMERO DE HORAS IMPRODUTIVAS DO EMPREGADO | C26: =C27+C29+C31+C35+C40 -> 202.53115 | D26: horas/ano | F26: (3.1 + 3.2 + 3.3 + 3.4 + 3.5)
A27: 3.1 | B27: Número de horas - Férias | C27: =C21*(C28-((C28/C12)+(C28/C12)+(C28*(C16/C11)))) -> 163.55972 | D27: horas | E27: Calculado
A28: 3.1.1 | B28: Número de dias de férias | C28: 30 | D28: dias | E28: Definido
A29: 3.2 | B29: Número de horas - Faltas justificadas | C29: =C30*C21 -> 24 | D29: horas | E29: Calculado | F29: (3.2.1 x 2.2)
A30: 3.2.1 | B30: Número de dias de faltas justificadas por ano: | C30: 3 | D30: dias | E30: Definido
A31: 3.3 | B31: Número de horas - Auxílio enfermidade | C31: =C21*(C33-C34)*(C32/100) -> 8.5714286 | D31: horas | E31: Calculado | F31: ((2.2 x (3.3.2 - 3.3.3)) x (3.3.1 / 100)
A32: 3.3.1 | B32: % de funcionários que recorrem ao auxílio enfermidade: | C32: 10 | D32: % | E32: Definido
A33: 3.3.2 | B33: Número de dias no auxílio enfermidade: | C33: 15 | D33: dias | E33: Definido | F33: Prazo concedido 15 dias - auxílo enfermidade
A34: 3.3.3 | B34: Número de sábados e domingos no auxílio enfermidade: | C34: =(C33/C12)*C13 -> 4.2857143 | D34: dias | E34: Calculado | F34: ((3.3.1 / 1.2) x 1.3))
A35: 3.4 | B35: Número de horas - Aviso prévio | C35: =C36*C21*(C38/100)*(C39/100)*(C23/C37) -> 3.2 | D35: horas | E35: Calculado | F35: 3.4.1 x 2.2 x (3.4.3/100) x (3.4.4/100) x (3.4.2/2.4)
A36: 3.4.1 | B36: Dias úteis dispensado do aviso prévio trabalhado: | C36: =C12-C13 -> 5 | D36: dias | E36: Calculado | F36: (1.2 - 1.3) | G36: (trabalha 1 semana a menos)
A37: 3.4.2 | B37: Permanência média dos funcionários na empresa: | C37: 24 | D37: meses | E37: Definido
A38: 3.4.3 | B38: % de empregados que são demitidos: | C38: 80 | D38: % | E38: Definido
A39: 3.4.4 | B39: % de empregados que cumprem o aviso prévio: | C39: 20 | D39: % | E39: Definido
A40: 3.5 | B40: Número de horas - Licença Paternidade | C40: =C41*C21*(C42/100)*(C43/100) -> 3.2 | D40: horas | E40: Calculado | F40: (3.5.1 x 2.2 x (3.5.2/100) x (3.5.3/100)
A41: 3.5.1 | B41: Dias de licença paternidade: | C41: 5 | D41: dias | E41: Definido
A42: 3.5.2 | B42: % de empregados do sexo masculino: | C42: 80 | D42: % | E42: Definido
A43: 3.5.3 | B43: % dos empregados que recorrem a licença: | C43: 10 | D43: % | E43: Definido
A45: 4 | B45: NÚMERO DE HORAS DE CURSOS | C45: 5 | D45: horas/ano | E45: Definido
A47: THIA | B47: NÚMERO TOTAL DE HORAS IMPRODUTIVAS: | C47: =C26+C45 -> 207.53115 | D47: horas/ano | E47: Calculado | F47: (3 + 4)
A48: THTA | B48: NÚMERO TOTAL DE HORAS TRABALHADAS PELO EMPREGADO: | C48: =C22-C47 -> 1787.8974 | D48: horas/ano | E48: Calculado | F48: (2.3 - THIA)
A49: THTM | B49: NÚMERO DE HORAS PRODUTIVAS DO CONSULTOR POR MÊS: | C49: =C48/C23 -> 148.99145 | D49: horas/mês | E49: Calculado | F49: (THTA/2.4)
J50: Feriados Nacionais, Estaduais e Municipais de Goovernador Valadares de 2021
J51: NACIONAL | K51: EST/MUN | L51: Data | M51: Dia da Semana | N51: Feriado
J52: 1 | L52: 44197 | M52: sexta-feira | N52: Confraternização Universal
K53: 1 | L53: 44226 | M53: Sábado | N53: Aniversário de Governador Valadares/MG
J54: 1 | L54: 44242 | M54: segunda-feira | N54: Carnaval
J55: 1 | L55: 44243 | M55: terça-feira | N55: Carnaval
J56: 1 | L56: 44288 | M56: sexta-feira | N56: Paixão de Cristo
J57: 1 | L57: 44307 | M57: quarta-feira | N57: Tiradentes
J58: 1 | L58: 43952 | M58: sábado | N58: Dia do Trabalho
J59: 1 | L59: 44350 | M59: quinta-feira | N59: Corpus Christi
K60: 1 | L60: 44360 | M60: domingo | N60: Dia de Santo Antônio
J61: 1 | L61: 44446 | M61: terça-feira | N61: Independência do Brasil
J62: 1 | L62: 44481 | M62: terça-feira | N62: Nossa Sr.a Aparecida - Padroeira do Brasil
J63: 1 | L63: 44502 | M63: terça-feira | N63: Finados
J64: 1 | L64: 44515 | M64: segunda-feira | N64: Proclamação da República
J65: 1 | L65: 44555 | M65: sábado | N65: Natal

Sheet Reajuste
A1: COLUNA 39 – CONSULTORIA (SUPERVISÃO E PROJETOS) | J1: Data: | K1: =Capa!C51 -> 46139
A2: Custo nacional da construção civil e obras públicas apurado pela Fundação Getúlio Vargas (FGV)
A3: Base: Dez/2020 = 98
A5: Mês/ano | B5: 2012 | C5: 2013 | D5: 2014 | E5: 2015 | F5: 2016 | G5: 2017 | H5: 2018 | I5: 2019 | J5: 2020 | K5: 2021 | L5: 2022 | M5: 2023 | N5: 2024
A6: Jan | B6: 178.829 | C6: 185.325 | D6: 192.333 | E6: 199.928 | F6: 206.784 | G6: 213.434 | H6: 220.124 | I6: 226.409 | J6: 239.086 | K6: 245.714 | L6: 258.009 | M6: 276.133 | N6: 290.267
A7: Fev | B7: 178.456 | C7: 185.474 | D7: 192.614 | E7: 200.415 | F7: 206.103 | G7: 214.391 | H7: 220.741 | I7: 226.117 | J7: 239.69 | K7: 245.836 | L7: 259.05 | M7: 277.437 | N7: 288.772
A8: Mar | B8: 178.73 | C8: 185.974 | D8: 192.918 | E8: 200.952 | F8: 206.392 | G8: 213.959 | H8: 221.529 | I8: 225.755 | J8: 239.613 | K8: 276.133 | L8: 259.785 | M8: 277.093 | N8: 289.857
A9: Abr | B9: 178.987 | C9: 186.157 | D9: 193.488 | E9: 201.065 | F9: 206.336 | G9: 215.335 | H9: 222.09 | I9: 226.119 | J9: 239.055 | K9: 247.326 | L9: 259.913 | M9: 277.972 | N9: 289.583
A10: Mai | B10: 180.119 | C10: 186.467 | D10: 194.132 | E10: 201.46 | F10: 206.788 | G10: 215.284 | H10: 222.637 | I10: 227.136 | J10: 239.395 | K10: 247.645 | L10: 260.548 | M10: 277.437 | N10: 290.572
A11: Jun | B11: 181.558 | C11: 187.994 | D11: 195.116 | E11: 201.894 | F11: 208.638 | G11: 216.176 | H11: 223.109 | I11: 229.966 | J11: 240.003 | K11: 249.937 | L11: 263.502 | M11: 282.935 | N11: 293.836
A12: Jul | B12: 184.512 | C12: 189.395 | D12: 195.944 | E12: 203.065 | F12: 209.867 | G12: 216.619 | H12: 223.233 | I12: 230.827 | J12: 240.929 | K12: 277.437 | L12: 266.491 | M12: 287.46 | N12: 295.845
A13: Ago | B13: 184.675 | C13: 190.325 | D13: 197.363 | E13: 204.333 | F13: 210.212 | G13: 216.648 | H13: 223.328 | I13: 230.783 | J13: 242.103 | K13: 251.964 | L13: 269.72 | M13: 289.599 | N13: 297.481
A14: Set | B14: 184.971 | C14: 190.298 | D14: 198.271 | E14: 204.68 | F14: 210.386 | G14: 216.929 | H14: 223.666 | I14: 231.019 | J14: 243.718 | K14: 252.425 | L14: 270.288 | M14: 289.838
A15: Out | B15: 184.592 | C15: 190.54 | D15: 198.648 | E15: 204.737 | F15: 211.327 | G15: 217.651 | H15: 224.273 | I15: 231.095 | J15: 244.381 | K15: 255.766 | L15: 271.372 | M15: 291.498
A16: Nov | B16: 184.671 | C16: 190.872 | D16: 199.037 | E16: 205.263 | F16: 211.325 | G16: 218.058 | H16: 225.13 | I16: 234.647 | J16: 244.838 | K16: 256.725 | L16: 273.773 | M16: 290.486
A17: Dez | B17: 185.184 | C17: 191.598 | D17: 199.559 | E17: 205.534 | F17: 212.132 | G17: 218.489 | H17: 225.392 | I17: 236.55 | J17: 245.291 | K17: 257.148 | L17: 273.676 | M17: 290.189
H19: 45383 | I19: =N9 -> 289.583 | J19: Índice | K19: =I20/I19 -> 1.0272737
H20: 45505 | I20: =N13 -> 297.481
H21: DNIT

Sheet Deslocamento
A1: ORÇAMENTO PARA ELABORAÇÃO DE PROJETOS DE SISTEMA DE ESGOTAMENTO SANITÁRIO
A4: Critérios para definição da estimativa de deslocamento | E4: Data: | F4: ='Dados Básicos do município'!H4 -> 46139
A5: Comitê: | B5: ='Dados Básicos do município'!B5 -> CBH-SANTO ANTÔNIO
A6: Município: | B6: ='Dados Básicos do município'!B6 -> Açucena/MG
A7: Nº | B7: Município | C7: Estado | D7: Distância até Governador Valadares | E7: Distância média | F7: Tempo de visita | G7: Custo Automóvel | H7: Combustível | I7: Pedágio (ida e volta) | J7: Outros custos | K7: Total | L7: R$/dia
D8: km | E8: km | F8: dias | G8: R$ | H8: R$ | I8: R$ | J8: R$ | K8: R$ | L8: R$
A9: 1 | B9: =Capa!B30 -> Açucena/MG | C9: MG | D9: ='Dados Básicos do município'!C11 -> 99.1 | E9: =($D$9*2)+($C$25*F9) -> 218.2 | F9: 1 | G9: =$K$20/30 -> 83.057 | H9: =(E9/$C$26)*$C$27 -> 136.1568 | I9: 0 | J9: =(G9+H9+I9)*$C$28 -> 10.96069 | K9: =G9+H9+I9+J9 -> 230.17449 | L9: =K9/F9 -> 230.17449
C10: MG | E10: =($D$9*2)+($C$25*F10) -> 238.2 | F10: 2 | G10: =$K$20/30 -> 83.057 | H10: =(E10/$C$26)*$C$27 -> 148.6368 | I10: 0 | J10: =(G10+H10+I10)*$C$28 -> 11.58469 | K10: =G10+H10+I10+J10 -> 243.27849 | L10: =K10/F10 -> 121.63925
C11: MG | E11: =($D$9*2)+($C$25*F11) -> 258.2 | F11: 3 | G11: =$K$20/30 -> 83.057 | H11: =(E11/$C$26)*$C$27 -> 161.1168 | I11: 0 | J11: =(G11+H11+I11)*$C$28 -> 12.20869 | K11: =G11+H11+I11+J11 -> 256.38249 | L11: =K11/F11 -> 85.46083
C12: MG | E12: =($D$9*2)+($C$25*F12) -> 278.2 | F12: 4 | G12: =$K$20/30 -> 83.057 | H12: =(E12/$C$26)*$C$27 -> 173.5968 | I12: 0 | J12: =(G12+H12+I12)*$C$28 -> 12.83269 | K12: =G12+H12+I12+J12 -> 269.48649 | L12: =K12/F12 -> 67.371623
C13: MG | E13: =($D$9*2)+($C$25*F13) -> 298.2 | F13: 5 | G13: =$K$20/30 -> 83.057 | H13: =(E13/$C$26)*$C$27 -> 186.0768 | I13: 0 | J13: =(G13+H13+I13)*$C$28 -> 13.45669 | K13: =G13+H13+I13+J13 -> 282.59049 | L13: =K13/F13 -> 56.518098
C14: MG | E14: =($D$9*2)+($C$25*F14) -> 318.2 | F14: 6 | G14: =$K$20/30 -> 83.057 | H14: =(E14/$C$26)*$C$27 -> 198.5568 | I14: 0 | J14: =(G14+H14+I14)*$C$28 -> 14.08069 | K14: =G14+H14+I14+J14 -> 295.69449 | L14: =K14/F14 -> 49.282415
C15: MG | E15: =($D$9*2)+($C$25*F15) -> 338.2 | F15: 7 | G15: =$K$20/30 -> 83.057 | H15: =(E15/$C$26)*$C$27 -> 211.0368 | I15: 0 | J15: =(G15+H15+I15)*$C$28 -> 14.70469 | K15: =G15+H15+I15+J15 -> 308.79849 | L15: =K15/F15 -> 44.11407
C16: MG | E16: =($D$9*2)+($C$25*F16) -> 358.2 | F16: 8 | G16: =$K$20/30 -> 83.057 | H16: =(E16/$C$26)*$C$27 -> 223.5168 | I16: 0 | J16: =(G16+H16+I16)*$C$28 -> 15.32869 | K16: =G16+H16+I16+J16 -> 321.90249 | L16: =K16/F16 -> 40.237811
C17: MG | E17: =($D$9*2)+($C$25*F17) -> 378.2 | F17: 9 | G17: =$K$20/30 -> 83.057 | H17: =(E17/$C$26)*$C$27 -> 235.9968 | I17: 0 | J17: =(G17+H17+I17)*$C$28 -> 15.95269 | K17: =G17+H17+I17+J17 -> 335.00649 | L17: =K17/F17 -> 37.222943
C18: MG | E18: =($D$9*2)+($C$25*F18) -> 398.2 | F18: 10 | G18: =$K$20/30 -> 83.057 | H18: =(E18/$C$26)*$C$27 -> 248.4768 | I18: 0 | J18: =(G18+H18+I18)*$C$28 -> 16.57669 | K18: =G18+H18+I18+J18 -> 348.11049 | L18: =K18/F18 -> 34.811049
A19: 4 | B19: Valor médio | C19: MG | D19: =SUM(D9:D18)/10 -> 9.91 | E19: =AVERAGE(E9:E18) -> 308.2 | F19: =AVERAGE(F9:F18) -> 5.5 | G19: =AVERAGE(G9:G18) -> 83.057 | H19: =AVERAGE(H9:H18) -> 192.3168 | I19: =AVERAGE(I9:I18) -> 0 | J19: =AVERAGE(J9:J18) -> 13.76869 | K19: =AVERAGE(K9:K18) -> 289.14249 | L19: =AVERAGE(L9:L18) -> 76.683257
A20: Observações | I20: Custo/mês - Out23 | K20: 2491.71
A21: 1 - | B21: O Custo do Automóvel se refere ao custo do item PICK UP, MOTOR A GASOLINA 67 CV (EXCLUSIVE MOTORISTA), código 65001001, unidade = Mês, | I21: Custo/km | K21: =K19/E19 -> 0.93816512
B22: do banco de preços da Copasa, data = set/2024, acessado em: https://wwwapp.copasa.com.br/servicos/RDC/Rdc/BancoDePrecos | I22: R$/dia - média | K22: =L19 -> 76.683257
A23: 2 - | B23: A distância do município até Governador Valadares (Sede do CBH Doce) e a verificação de pedágios foi obtida no site https://www.mapeia.com.br/
A24: 3 - | B24: Distância média: | C24: ida e volta + deslocamento interno
A25: 4 - | B25: Deslocamento Interno | C25: 20 | D25: km
A26: 5 - | B26: Consumo de combustível: | C26: 10 | D26: km/l
A27: 6 - | B27: Valor de combustível: | C27: 6.24 | D27: R$/litro | E27: Referência: https://www.gov.br/anp/pt-br/assuntos/precos-e-defesa-da-concorrencia/precos/levantamento-de-precos-de-combustiveis-ultimas-semanas-pesquisadas, data de consulta: 04/11/2023
A28: 7 - | B28: Outros custos: | C28: 0.05 | D28: (manutenção, troca de óleo e outros)

Sheet Veículo
B1: =Capa!A19 -> ORÇAMENTO PARA ELABORAÇÃO DE PROJETOS DE SISTEMA DE ESGOTAMENTO SANITÁRIO
A4: Critérios para definição da estimativa de deslocamento | F4: Data: | G4: ='Dados Básicos do município'!H4 -> 46139
A5: Comitê: | B5: ='Dados Básicos do município'!B5 -> CBH-SANTO ANTÔNIO
A6: Município: | B6: ='Dados Básicos do município'!B6 -> Açucena/MG
D7: População beneficiada
A8: Despesas diretas | C8: UNIDADE | D8: 1 - 10.000 | E8: 10.001 - 25.000 | F8: 25.001 - 50.000 | G8: 50.000 - 100.000
A9: =[1]Custos!B49 -> Veículo tipo pick-up 4X4 | C9: mês | D9: 1 | E9: 2 | F9: 3 | G9: 4

Sheet Topografia e Cadastro
B1: =Veículo!B1 -> ORÇAMENTO PARA ELABORAÇÃO DE PROJETOS DE SISTEMA DE ESGOTAMENTO SANITÁRIO
A4: Critérios para definição dos serviços técnicos - topografia e cadastro técnico | F4: Data: | G4: ='Dados Básicos do município'!H4 -> 46139
A5: Comitê: | B5: ='Dados Básicos do município'!B5 -> CBH-SANTO ANTÔNIO
A6: Município: | B6: ='Dados Básicos do município'!B6 -> Açucena/MG
A8: Atividade | D8: Coef. Produção | F8: Top. Campo | G8: Top. Escritório
D9: Eq. Campo | E9: Eq. Escritório | F9: Mês | G9: Mês
A10: Levantamento planialmtimétrico semicadastral (km²) | D10: 0.72118 | E10: =D10*2 -> 1.44236 | F10: =('Dados Básicos do município'!C15/D10)/20 -> 0.17956682 | G10: =('Dados Básicos do município'!C15/E10)/20 -> 0.089783411
A11: Cadastro de Rede Coletora de Esgoto (RCE) (km) | D11: 0.019853 | E11: 0.001806 | F11: =D11*('Dados Básicos do município'!C24) -> 0.19305794 | G11: =E11*('Dados Básicos do município'!C24) -> 0.017562214
A12: Cadastro de poços de visita (Um) + 25% unidades isoladas | D12: =(D11/4)*1.25 -> 0.0062040625 | E12: =(E11/4)*1.25 -> 0.000564375 | F12: =D12*'Dados Básicos do município'!C23 -> 1.1539556 | G12: =E12*'Dados Básicos do município'!C23 -> 0.10497375
D14: Total mês - Topografia | F14: Campo | G14: =F10 -> 0.17956682
F15: Escritório | G15: =G10 -> 0.089783411
D17: Total cadastro | F17: Campo | G17: =SUM(F11:F11) -> 0.19305794
F18: Escritório | G18: =SUM(G11:G11) -> 0.017562214
D19: Total de Meses | G19: =SUM(G14:G18) -> 0.47997038

Sheet Custos
A1: =Capa!A19 -> ORÇAMENTO PARA ELABORAÇÃO DE PROJETOS DE SISTEMA DE ESGOTAMENTO SANITÁRIO
A3: Custos de referência | I3: Data: | J3: ='Dados Básicos do município'!H4 -> 46139
A4: Comitê: | C4: ='Dados Básicos do município'!B5 -> CBH-SANTO ANTÔNIO
A5: Município: | C5: ='Dados Básicos do município'!B6 -> Açucena/MG
A7: ITEM | B7: ESPECIFICAÇÃO | D7: FONTE | E7: CÓDIGO | F7: HORAS | G7: DATA BASE | H7: UNIDADE | I7: CUSTO (R$)
F8: MÊS | I8: MENSAL | J8: UNITÁRIO
A10: 1 | B10: EQUIPE TÉCNICA PERMANENTE | L10: DNIT
A12: 1.1 | B12: PERMANENTE | L12: 45383 | M12: corrigido
A13: a) | B13: Engenheiro Coordenador | D13: DNIT | E13: P8061 | F13: ='Dias trabalhados'!$C$49 -> 148.99145 | G13: abr/2024 | H13: hora | I13: =M13 -> 18353.981 | J13: =ROUND(I13/F13,2) -> 123.19 | L13: 17866.69 | M13: =L13*Reajuste!$K$19 -> 18353.981
A14: b) | B14: Engenheiro de Projetos Pleno | D14: DNIT | E14: P8066 | F14: ='Dias trabalhados'!$C$49 -> 148.99145 | G14: abr/2024 | H14: hora | I14: =M14 -> 12717.607 | J14: =ROUND(I14/F14,2) -> 85.36 | L14: 12379.96 | M14: =L14*Reajuste!$K$19 -> 12717.607
A15: c) | B15: Engenheiro de Projetos Júnior | D15: DNIT | E15: P8065 | F15: ='Dias trabalhados'!$C$49 -> 148.99145 | G15: abr/2024 | H15: hora | I15: =M15 -> 12329.339 | J15: =ROUND(I15/F15,2) -> 82.75 | L15: 12002 | M15: =L15*Reajuste!$K$19 -> 12329.339
A16: d) | B16: Técnico cadista | D16: DNIT | E16: P8155 | F16: ='Dias trabalhados'!$C$49 -> 148.99145 | G16: abr/2024 | H16: hora | I16: =M16 -> 2877.8559 | J16: =ROUND(I16/F16,2) -> 19.32 | L16: 2801.45 | M16: =L16*Reajuste!$K$19 -> 2877.8559
A17: e) | B17: Auxiliar Administrativo | D17: DNIT | E17: P8026 | F17: ='Dias trabalhados'!$C$49 -> 148.99145 | G17: abr/2024 | H17: hora | I17: =M17 -> 1892.608 | J17: =ROUND(I17/F17,2) -> 12.7 | L17: 1842.36 | M17: =L17*Reajuste!$K$19 -> 1892.608
A19: 2 | B19: EQUIPE DE CONSULTORES
A21: 2.1 | B21: CONSULTORES
A22: a) | B22: Advogado sênior | D22: DNIT | E22: P8003 | F22: ='Dias trabalhados'!$C$49 -> 148.99145 | G22: abr/2024 | H22: hora | I22: =M22 -> 11454.256 | J22: =ROUND(I22/F22,2) -> 76.88 | L22: 11150.15 | M22: =L22*Reajuste!$K$19 -> 11454.256
A23: b) | B23: Engenheiro de Projetos (Elétrico) | D23: DNIT | E23: P8067 | F23: ='Dias trabalhados'!$C$49 -> 148.99145 | G23: abr/2024 | H23: hora | I23: =M23 -> 15989.043 | J23: =ROUND(I23/F23,2) -> 107.32 | L23: 15564.54 | M23: =L23*Reajuste!$K$19 -> 15989.043
A24: c) | B24: Engenheiro de Projeto (Calculista) | D24: DNIT | E24: P8067 | F24: ='Dias trabalhados'!$C$49 -> 148.99145 | G24: abr/2024 | H24: hora | I24: =M24 -> 15989.043 | J24: =ROUND(I24/F24,2) -> 107.32 | L24: 15564.54 | M24: =L24*Reajuste!$K$19 -> 15989.043
A25: d) | B25: Engenheiro de Projetos (Mecânico) | D25: DNIT | E25: P8067 | F25: ='Dias trabalhados'!$C$49 -> 148.99145 | G25: abr/2024 | H25: hora | I25: =M25 -> 15989.043 | J25: =ROUND(I25/F25,2) -> 107.32 | L25: 15564.54 | M25: =L25*Reajuste!$K$19 -> 15989.043
A26: e) | B26: Engenheiro ambiental | D26: DNIT | E26: P8059 | F26: ='Dias trabalhados'!$C$49 -> 148.99145 | G26: abr/2024 | H26: hora | I26: =M26 -> 15035.979 | J26: =ROUND(I26/F26,2) -> 100.92 | L26: 14636.78 | M26: =L26*Reajuste!$K$19 -> 15035.979
A27: f) | B27: Técnico em geoprocessamento | D27: DNIT | E27: P8155 | F27: ='Dias trabalhados'!$C$49 -> 148.99145 | G27: abr/2024 | H27: hora | I27: =M27 -> 2138.2188 | J27: =ROUND(I27/F27,2) -> 14.35 | L27: 2081.45 | M27: =L27*Reajuste!$K$19 -> 2138.2188
A29: 3 | B29: SERVIÇOS DE APOIO TÉCNICO | L29: COPASA
A31: 3.1 | B31: SERVIÇO DE SONDAGEM
A32: a) | B32: Sondagem a percussao - mobilizacao e desmobilizacao | D32: COPASA | E32: 65001207 | F32: 65001207 | G32: set/2024 | H32: unidade | I32: - | J32: 1316.83
A33: b) | B33: Sondagem a percussao - adicional de mobilizacao e desmobilizacao | D33: COPASA | E33: 65001208 | F33: 65001208 | G33: set/2024 | H33: km | I33: - | J33: 9.32
A34: c) | B34: Sondagem a percussao - instalacao por furo | D34: COPASA | E34: 65001209 | F34: 65001209 | G34: set/2024 | H34: unidade | I34: - | J34: 482.46
A35: d) | B35: Sondagem a percussao ø2.1/2" - perfuracao e retirada de amostras | D35: COPASA | E35: 65001210 | F35: 65001210 | G35: set/2024 | H35: m | I35: - | J35: 145.2
A37: 3.2 | B37: SERVIÇOS DE TOPOGRAFIA
A38: a) | B38: Mobilização e desmobilização de equipe de topografia | D38: COPASA | E38: 65003710 | F38: 65003710 | G38: set/2024 | H38: km | I38: - | J38: 4.62
A39: b) | B39: Equipe de topografia de campo | D39: COPASA | E39: 65001667 | F39: 65001667 | G39: set/2024 | H39: mês | I39: - | J39: 50814.45
A40: c) | B40: Equipe de topografia de escritório | D40: COPASA | E40: 65001668 | F40: 65001668 | G40: set/2024 | H40: mês | I40: - | J40: 26804.01
A42: 3.3 | B42: CADASTRO TÉCNICO
A43: a) | B43: Equipe de topografia de campo | D43: COPASA | E43: 65001667 | F43: 65001667 | G43: set/2024 | H43: mês | I43: - | J43: 50814.45
A44: b) | B44: Equipe de topografia de escritório | D44: COPASA | E44: 65001668 | F44: 65001668 | G44: set/2024 | H44: mês | I44: - | J44: 26804.01
A46: 4 | B46: OUTRAS DESPESAS
A48: 4.1 | B48: ANÁLISE DE ÁGUA
A49: a) | B49: Análise fisico-química da água | D49: COPASA | E49: 65001114 | F49: 65001114 | G49: set/2024 | H49: unidade | I49: - | J49: 371.18
A50: b) | B50: Analise bactereologica da água | D50: COPASA | E50: 65001115 | F50: 65001115 | G50: set/2024 | H50: unidade | I50: - | J50: 120.28
A51: 4.1 | B51: OUTRAS DESPESAS
A52: a) | B52: Veículo tipo pick-up 4X4 | D52: Composição | E52: - | F52: - | G52: out/2024 | H52: mês | I52: - | J52: =Deslocamento!K20 -> 2491.71
A53: b) | B53: Refeições | D53: AGEVAP | E53: - | F53: - | G53: out/2024 | H53: unidade | I53: - | J53: 25.61
A54: c) | B54: Diárias | D54: AGEVAP | E54: - | F54: - | G54: out/2024 | H54: unidade | I54: - | J54: 335
A55: FONTE DOS CUSTOS:
A56: Item 1.1 e 1.2: | B56: Tabela 01 - Consolidação dos custos de mão de obra da engenharia consultiva, Relatório de Consolidação de Mão de Obra - DNIT, data-base: abr/2024.
A57: Item 3 | B57: Banco de Preços de Serviços da COPASA - BASE NORDESTE, data-base:set/2024. Disponível em: https://wwwapp.copasa.com.br/servicos/RDC/Rdc/BancoDePrecos
B58: a) Compreende a distância de até 100 km (cem quilômetros), considerado o percurso de ida e volta ao local de prestação de serviços.
A59: Item 4 | B59: a) O custo do veículo é composto pelo custo do veículo, gasolina, pedágio e manutenção, conforme consta na aba "Deslocamento"
B60: b) Valor em vigor adotado pela AGEVAP na concessão do benefício a seus empregados
B61: c) Valor em vigor adotado pela AGEVAP na concessão do benefício a seus empregados já descontado o valor referente a refeição, considerando a normativa interna nº 1634/2021/AGEVAP.

Sheet Horas trabalhadas
A1: =Custos!A1 -> ORÇAMENTO PARA ELABORAÇÃO DE PROJETOS DE SISTEMA DE ESGOTAMENTO SANITÁRIO
A4: Número de horas trabalhadas | K4: Data: | L4: ='Dados Básicos do município'!H4 -> 46139
A5: Comitê: | B5: ='Dados Básicos do município'!B5 -> CBH-SANTO ANTÔNIO | K5: Horas no mês | L5: ='Dias trabalhados'!C49 -> 148.99145
A6: Município: | B6: ='Dados Básicos do município'!B6 -> Açucena/MG | K6: Cronograma | L6: ='Dados Básicos do município'!C10 -> 8
A7: ETAPA | C7: 1 | D7: 2 | E7: 3 | F7: 4 | G7: 5 | H7: 6 | I7: 7.1 | J7: 7.2 | K7: 8 | L7: TOTAL (horas) | M7: Prazo do cronograma
A8: PRODUTO | C8: Plano de Trabalho | D8: Estudos Topográficos | E8: Cadastro Técnico | F8: Estudo de Concepção | G8: Projeto Básico | H8: Estudos Geotécnicos | I8: Estudos Ambientais Preliminares | J8: Estudos Ambientais Consolidados | K8: Projeto Executivo | M8: =MAX(M9:M19) -> 8
A9: EQUIPE TÉCNICA PERMANENTE | B9: Coordenador Geral | C9: =IF(B39="","",B39*$B$38*$L$5) -> 25.541392 | D9: =IF(C39="","",C39*$C$38*$L$5) -> 8.5137973 | E9: =IF(D39="","",D39*$D$38*$L$5) -> 8.5137973 | F9: =IF(E39="","",E39*$E$38*$L$5) -> 51.082784 | G9: =IF(F39="","",F39*$F$38*$L$5) -> 68.110378 | H9: =IF(G39="","",G39*$G$38*$L$5) -> 8.5137973 | I9: =IF(H39="","",H39*$H$38*$L$5) -> 4.2568986 | J9: =IF(I39="","",I39*$I$38*$L$5) -> 8.5137973 | K9: =IF(J39="","",J39*$J$38*$L$5) -> 25.541392 | L9: =SUM(C9:K9) -> 208.58803 | M9: =L9/$L$5 -> 1.4
B10: Engenheiro Pleno | C10: =IF(B40="","",B40*$B$38*$L$5) -> 17.027595 | D10: =IF(C40="","",C40*$C$38*$L$5) -> 25.541392 | E10: =IF(D40="","",D40*$D$38*$L$5) -> 25.541392 | F10: =IF(E40="","",E40*$E$38*$L$5) -> 51.082784 | G10: =IF(F40="","",F40*$F$38*$L$5) -> 136.22076 | H10: =IF(G40="","",G40*$G$38*$L$5) -> 0 | I10: =IF(H40="","",H40*$H$38*$L$5) -> 0 | J10: =IF(I40="","",I40*$I$38*$L$5) -> 0 | K10: =IF(J40="","",J40*$J$38*$L$5) -> 25.541392 | L10: =SUM(C10:K10) -> 280.95531 | M10: =L10/$L$5 -> 1.8857143
B11: Engenheiro Junior | C11: =IF(B41="","",B41*$B$38*$L$5) -> 0 | D11: =IF(C41="","",C41*$C$38*$L$5) -> 25.541392 | E11: =IF(D41="","",D41*$D$38*$L$5) -> 25.541392 | F11: =IF(E41="","",E41*$E$38*$L$5) -> 51.082784 | G11: =IF(F41="","",F41*$F$38*$L$5) -> 136.22076 | H11: =IF(G41="","",G41*$G$38*$L$5) -> 0 | I11: =IF(H41="","",H41*$H$38*$L$5) -> 0 | J11: =IF(I41="","",I41*$I$38*$L$5) -> 0 | K11: =IF(J41="","",J41*$J$38*$L$5) -> 25.541392 | L11: =SUM(C11:K11) -> 263.92771 | M11: =L11/$L$5 -> 1.7714286
B12: Técnico cadista | C12: =IF(B42="","",B42*$B$38*$L$5) -> 0 | D12: =IF(C42="","",C42*$C$38*$L$5) -> 0 | E12: =IF(D42="","",D42*$D$38*$L$5) -> 0 | F12: =IF(E42="","",E42*$E$38*$L$5) -> 0 | G12: =IF(F42="","",F42*$F$38*$L$5) -> 340.55189 | H12: =IF(G42="","",G42*$G$38*$L$5) -> 0 | I12: =IF(H42="","",H42*$H$38*$L$5) -> 0 | J12: =IF(I42="","",I42*$I$38*$L$5) -> 0 | K12: =IF(J42="","",J42*$J$38*$L$5) -> 255.41392 | L12: =SUM(C12:K12) -> 595.96581 | M12: =L12/$L$5 -> 4
B13: Auxiliar de Escritório | C13: =IF(B43="","",B43*$B$38*$L$5) -> 42.568986 | D13: =IF(C43="","",C43*$C$38*$L$5) -> 85.137973 | E13: =IF(D43="","",D43*$D$38*$L$5) -> 85.137973 | F13: =IF(E43="","",E43*$E$38*$L$5) -> 170.27595 | G13: =IF(F43="","",F43*$F$38*$L$5) -> 340.55189 | H13: =IF(G43="","",G43*$G$38*$L$5) -> 85.137973 | I13: =IF(H43="","",H43*$H$38*$L$5) -> 42.568986 | J13: =IF(I43="","",I43*$I$38*$L$5) -> 85.137973 | K13: =IF(J43="","",J43*$J$38*$L$5) -> 255.41392 | L13: =SUM(C13:K13) -> 1191.9316 | M13: =L13/$L$5 -> 8
A14: EQUIPE TÉCNICA DE CONSULTORES | B14: Advogado | C14: =IF(B44="","",B44*$B$38*$L$5) -> 0 | D14: =IF(C44="","",C44*$C$38*$L$5) -> 0 | E14: =IF(D44="","",D44*$D$38*$L$5) -> 0 | F14: =IF(E44="","",E44*$E$38*$L$5) -> 85.137973 | G14: =IF(F44="","",F44*$F$38*$L$5) -> 0 | H14: =IF(G44="","",G44*$G$38*$L$5) -> 0 | I14: =IF(H44="","",H44*$H$38*$L$5) -> 0 | J14: =IF(I44="","",I44*$I$38*$L$5) -> 0 | K14: =IF(J44="","",J44*$J$38*$L$5) -> 0 | L14: =SUM(C14:K14) -> 85.137973 | M14: =L14/$L$5 -> 0.57142857
B15: Engenheiro elétrico | C15: =IF(B45="","",B45*$B$38*$L$5) -> 0 | D15: =IF(C45="","",C45*$C$38*$L$5) -> 0 | E15: =IF(D45="","",D45*$D$38*$L$5) -> 0 | F15: =IF(E45="","",E45*$E$38*$L$5) -> 0 | G15: =IF(F45="","",F45*$F$38*$L$5) -> 34.055189 | H15: =IF(G45="","",G45*$G$38*$L$5) -> 0 | I15: =IF(H45="","",H45*$H$38*$L$5) -> 0 | J15: =IF(I45="","",I45*$I$38*$L$5) -> 0 | K15: =IF(J45="","",J45*$J$38*$L$5) -> 114.93626 | L15: =SUM(C15:K15) -> 148.99145 | M15: =L15/$L$5 -> 1
B16: Engenheiro Civil | C16: =IF(B46="","",B46*$B$38*$L$5) -> 0 | D16: =IF(C46="","",C46*$C$38*$L$5) -> 0 | E16: =IF(D46="","",D46*$D$38*$L$5) -> 0 | F16: =IF(E46="","",E46*$E$38*$L$5) -> 0 | G16: =IF(F46="","",F46*$F$38*$L$5) -> 34.055189 | H16: =IF(G46="","",G46*$G$38*$L$5) -> 0 | I16: =IF(H46="","",H46*$H$38*$L$5) -> 0 | J16: =IF(I46="","",I46*$I$38*$L$5) -> 0 | K16: =IF(J46="","",J46*$J$38*$L$5) -> 114.93626 | L16: =SUM(C16:K16) -> 148.99145 | M16: =L16/$L$5 -> 1
B17: Engenheiro Mecânico | C17: =IF(B47="","",B47*$B$38*$L$5) -> 0 | D17: =IF(C47="","",C47*$C$38*$L$5) -> 0 | E17: =IF(D47="","",D47*$D$38*$L$5) -> 0 | F17: =IF(E47="","",E47*$E$38*$L$5) -> 0 | G17: =IF(F47="","",F47*$F$38*$L$5) -> 34.055189 | H17: =IF(G47="","",G47*$G$38*$L$5) -> 0 | I17: =IF(H47="","",H47*$H$38*$L$5) -> 0 | J17: =IF(I47="","",I47*$I$38*$L$5) -> 0 | K17: =IF(J47="","",J47*$J$38*$L$5) -> 114.93626 | L17: =SUM(C17:K17) -> 148.99145 | M17: =L17/$L$5 -> 1
B18: Engenheiro ambiental | C18: =IF(B48="","",B48*$B$38*$L$5) -> 0 | D18: =IF(C48="","",C48*$C$38*$L$5) -> 0 | E18: =IF(D48="","",D48*$D$38*$L$5) -> 0 | F18: =IF(E48="","",E48*$E$38*$L$5) -> 0 | G18: =IF(F48="","",F48*$F$38*$L$5) -> 0 | H18: =IF(G48="","",G48*$G$38*$L$5) -> 0 | I18: =IF(H48="","",H48*$H$38*$L$5) -> 42.568986 | J18: =IF(I48="","",I48*$I$38*$L$5) -> 85.137973 | K18: =IF(J48="","",J48*$J$38*$L$5) -> 0 | L18: =SUM(C18:K18) -> 127.70696 | M18: =L18/$L$5 -> 0.85714286
B19: Técnico em Geoprocessamento | C19: =IF(B49="","",B49*$B$38*$L$5) -> 0 | D19: =IF(C49="","",C49*$C$38*$L$5) -> 85.137973 | E19: =IF(D49="","",D49*$D$38*$L$5) -> 85.137973 | F19: =IF(E49="","",E49*$E$38*$L$5) -> 0 | G19: =IF(F49="","",F49*$F$38*$L$5) -> 0 | H19: =IF(G49="","",G49*$G$38*$L$5) -> 0 | I19: =IF(H49="","",H49*$H$38*$L$5) -> 0 | J19: =IF(I49="","",I49*$I$38*$L$5) -> 0 | K19: =IF(J49="","",J49*$J$38*$L$5) -> 0 | L19: =SUM(C19:K19) -> 170.27595 | M19: =L19/$L$5 -> 1.1428571
A22: Equipe: | B22: Atuação | K22: Duração por produto estimada p/ 8 meses
B23: P1 | C23: P2 | D23: P3 | E23: P4 | F23: P5 | G23: P6 | H23: P7.1 | I23: P7.2 | J23: P8 | K23: Produto | L23: T estimado | M23: incidência
A24: Coordenador (C) | B24: S | C24: S | D24: S | E24: S | F24: S | G24: S | H24: S | I24: S | J24: S | K24: P1 | L24: 0.25 | M24: =L24/$L$33 -> 0.035714286
A25: Eng. Pleno (EP) | B25: S | C25: S | D25: S | E25: S | F25: S | J25: S | K25: P2 | L25: 0.5 | M25: =L25/$L$33 -> 0.071428571
A26: Eng. Júnior (EJ) | C26: S | D26: S | E26: S | F26: S | J26: S | K26: P3 | L26: 0.5 | M26: =L26/$L$33 -> 0.071428571
A27: Cadista (TC) | F27: S | J27: S | K27: P4 | L27: 1 | M27: =L27/$L$33 -> 0.14285714
A28: Aux. Escritório (AE) | B28: S | C28: S | D28: S | E28: S | F28: S | G28: S | H28: S | I28: S | J28: S | K28: P5 | L28: 2 | M28: =L28/$L$33 -> 0.28571429
A29: Advogado (A) | E29: S | K29: P6 | L29: 0.5 | M29: =L29/$L$33 -> 0.071428571
A30: Eng. Elétrico (EE) | F30: S | J30: S | K30: P7.1 | L30: 0.25 | M30: =L30/$L$33 -> 0.035714286
A31: Eng. Civil (ECV) | F31: S | J31: S | K31: P7.2 | L31: 0.5 | M31: =L31/$L$33 -> 0.071428571
A32: Eng. Mecânico (EM) | F32: S | J32: S | K32: P8 | L32: 1.5 | M32: =L32/$L$33 -> 0.21428571
A33: Eng. Ambiental (EA) | H33: S | I33: S | L33: =SUM(L24:L32) -> 7
A34: Téc. Geo (TG) | C34: S | D34: S
A37: Produto | B37: P1 | C37: P2 | D37: P3 | E37: P4 | F37: P5 | G37: P6 | H37: P7.1 | I37: P7.2 | J37: P8
A38: Duração (mês) | B38: =M24*L6 -> 0.28571429 | C38: =M25*L6 -> 0.57142857 | D38: =M26*L6 -> 0.57142857 | E38: =M27*L6 -> 1.1428571 | F38: =M28*L6 -> 2.2857143 | G38: =M29*L6 -> 0.57142857 | H38: =M30*L6 -> 0.28571429 | I38: =M31*L6 -> 0.57142857 | J38: =M32*L6 -> 1.7142857
A39: Coordenador (C) | B39: =IF(B24="",0,0.6) -> 0.6 | C39: =IF(C24="",0,0.1) -> 0.1 | D39: =IF(D24="",0,0.1) -> 0.1 | E39: =IF(E24="",0,0.3) -> 0.3 | F39: =IF(F24="",0,0.2) -> 0.2 | G39: =IF(G24="",0,0.1) -> 0.1 | H39: =IF(H24="",0,0.1) -> 0.1 | I39: =IF(I24="",0,0.1) -> 0.1 | J39: =IF(J24="",0,0.1) -> 0.1
A40: Eng. Pleno (EP) | B40: =IF(B25="",0,0.4) -> 0.4 | C40: =IF(C25="",0,0.3) -> 0.3 | D40: =IF(D25="",0,0.3) -> 0.3 | E40: =IF(E25="",0,0.3) -> 0.3 | F40: =IF(F25="",0,0.4) -> 0.4 | G40: =IF(G25="",0,0.1) -> 0 | H40: =IF(H25="",0,0) -> 0 | I40: =IF(I25="",0,0) -> 0 | J40: =IF(J25="",0,0.1) -> 0.1
A41: Eng. Júnior (EJ) | B41: =IF(B26="",0,0) -> 0 | C41: =IF(C26="",0,0.3) -> 0.3 | D41: =IF(D26="",0,0.3) -> 0.3 | E41: =IF(E26="",0,0.3) -> 0.3 | F41: =IF(F26="",0,0.4) -> 0.4 | G41: =IF(G26="",0,0.1) -> 0 | H41: =IF(H26="",0,0) -> 0 | I41: =IF(I26="",0,0) -> 0 | J41: =IF(J26="",0,0.1) -> 0.1
A42: Cadista (TC) | B42: =IF(B27="",0,0) -> 0 | C42: =IF(C27="",0,0) -> 0 | D42: =IF(D27="",0,0) -> 0 | E42: =IF(E27="",0,0) -> 0 | F42: =IF(F27="",0,1) -> 1 | G42: =IF(G27="",0,0.1) -> 0 | H42: =IF(H27="",0,0) -> 0 | I42: =IF(I27="",0,0) -> 0 | J42: =IF(J27="",0,1) -> 1
A43: Aux. Escritório (AE) | B43: =IF(B28="",0,1) -> 1 | C43: =IF(C28="",0,1) -> 1 | D43: =IF(D28="",0,1) -> 1 | E43: =IF(E28="",0,1) -> 1 | F43: =IF(F28="",0,1) -> 1 | G43: =IF(G28="",0,1) -> 1 | H43: =IF(H28="",0,1) -> 1 | I43: =IF(I28="",0,1) -> 1 | J43: =IF(J28="",0,1) -> 1
A44: Advogado (A) | B44: =IF(B29="",0,0) -> 0 | C44: =IF(C29="",0,0) -> 0 | D44: =IF(D29="",0,0) -> 0 | E44: =IF(E29="",0,0.5) -> 0.5 | F44: =IF(F29="",0,0) -> 0 | G44: =IF(G29="",0,0) -> 0 | H44: =IF(H29="",0,0) -> 0 | I44: =IF(I29="",0,0) -> 0 | J44: =IF(J29="",0,0) -> 0
A45: Eng. Elétrico (EE) | B45: =IF(B30="",0,0) -> 0 | C45: =IF(C30="",0,0) -> 0 | D45: =IF(D30="",0,0) -> 0 | E45: =IF(E30="",0,0) -> 0 | F45: =IF(F30="",0,0.1) -> 0.1 | G45: =IF(G30="",0,0) -> 0 | H45: =IF(H30="",0,0) -> 0 | I45: =IF(I30="",0,0) -> 0 | J45: =IF(J30="",0,0.45) -> 0.45
A46: Eng. Civil (ECV) | B46: =IF(B31="",0,0) -> 0 | C46: =IF(C31="",0,0) -> 0 | D46: =IF(D31="",0,0) -> 0 | E46: =IF(E31="",0,0) -> 0 | F46: =IF(F31="",0,0.1) -> 0.1 | G46: =IF(G31="",0,0) -> 0 | H46: =IF(H31="",0,0) -> 0 | I46: =IF(I31="",0,0) -> 0 | J46: =IF(J31="",0,0.45) -> 0.45
A47: Eng. Mecânico (EM) | B47: =IF(B32="",0,0) -> 0 | C47: =IF(C32="",0,0) -> 0 | D47: =IF(D32="",0,0) -> 0 | E47: =IF(E32="",0,0) -> 0 | F47: =IF(F32="",0,0.1) -> 0.1 | G47: =IF(G32="",0,0) -> 0 | H47: =IF(H32="",0,0) -> 0 | I47: =IF(I32="",0,0) -> 0 | J47: =IF(J32="",0,0.45) -> 0.45
A48: Eng. Ambiental (EA) | B48: =IF(B33="",0,0) -> 0 | C48: =IF(C33="",0,0) -> 0 | D48: =IF(D33="",0,0) -> 0 | E48: =IF(E33="",0,0) -> 0 | F48: =IF(F33="",0,0) -> 0 | G48: =IF(G33="",0,0) -> 0 | H48: =IF(H33="",0,1) -> 1 | I48: =IF(I33="",0,1) -> 1 | J48: =IF(J33="",0,0) -> 0
A49: Téc. Geo (TG) | B49: =IF(B34="",0,1) -> 0 | C49: =IF(C34="",0,1) -> 1 | D49: =IF(D34="",0,1) -> 1 | E49: =IF(E34="",0,0) -> 0 | F49: =IF(F34="",0,0) -> 0 | G49: =IF(G34="",0,0) -> 0 | H49: =IF(H34="",0,0) -> 0 | I49: =IF(I34="",0,0) -> 0 | J49: =IF(J34="",0,0) -> 0

Sheet DNIT04.23
A1: P8001 | B1: Advogado júnior | C1: mês | D1: 4222.14
A2: P8002 | B2: Advogado pleno | C2: mês | D2: 5629.52
A3: P8003 | B3: Advogado sênior | C3: mês | D3: 9740.87
A4: P8007 | B4: Analista de desenvolvimento de sistemas júnior | C4: mês | D4: 3731.91
A5: P8008 | B5: Analista de desenvolvimento de sistemas pleno | C5: mês | D5: 4975.88
A6: P8009 | B6: Analista de desenvolvimento de sistemas sênior | C6: mês | D6: 8853.75
A7: P8013 | B7: Arquiteto júnior | C7: mês | D7: 11067
A8: P8014 | B8: Arquiteto pleno | C8: mês | D8: 11492.2
A9: P8015 | B9: Arquiteto sênior | C9: mês | D9: 14185.72
A10: P8019 | B10: Assistente social júnior | C10: mês | D10: 2867.66
A11: P8020 | B11: Assistente social pleno | C11: mês | D11: 3823.55
A12: P8021 | B12: Assistente social sênior | C12: mês | D12: 6517.04
... A98: P8200 | B98: Sociólogo sênior | C98: mês | D98: 7915.13

Sheet K
A1: =Capa!A19 -> ORÇAMENTO PARA ELABORAÇÃO DE PROJETOS DE SISTEMA DE ESGOTAMENTO SANITÁRIO
A4: Detalhamento do Fator K | F4: Data: | G4: ='Dados Básicos do município'!H4 -> 46139
A5: Comitê: | B5: ='Dados Básicos do município'!B5 -> CBH-SANTO ANTÔNIO
A6: Município: | B6: ='Dados Básicos do município'!B6 -> Açucena/MG
A8: Os K's foram calculados através de fórmulas estabelecidas pelo Acórdão 1787/2011. Os parâmetros utilizados foram estabelecidos pela Nota Técnica Conjunta nº 01/2012/SIP/SAF da Agência Nacional de Águas.
A11: DETALHAMENTO DO FATOR K
A12: ES - ENCARGOS SOCIAIS* | G12: 0.8179
A13: ESA - ENCARGOS SOCIAIS SOBRE RPA | G13: 0.2
A14: ARDF - ADMINISTRAÇÃO, RISCO E DESPESAS FINANCEIRAS | G14: 0.1729
A15: L - LUCRO | G15: 0.0876
A16: DFL - DESPESAS FISCAIS LEGAIS | G16: =(1/(1-(E18+E19+E20))-1) -> 0.16618076
A17: DFL=(PIS+COFINS+ISS)/(1-PIS+COFINS+ISS)
A18: PIS | E18: 0.0165
A19: COFINS | E19: 0.076
A20: ISS** | E20: 0.05
A22: K1 | B22: Permanente | C22: K1 = [(1+ES+ARDF)*(1+L)*(1+DFL)] | G22: =(1+G12+G14)*(1+G15)*(1+G16) -> 2.5250077
A23: K2 | B23: Consultores | C23: K2 = [(1+ESA+ARDF)*(1+L)*(1+DFL)] | G23: =(1+G13+G14)*(1+G15)*(1+G16) -> 1.7413015
A24: K3 | B24: Serviço de Apoio Técnico | C24: K3 = [(1+ARDF)*(1+L)*(1+DFL)] | G24: =(1+G14)*(1+G15)*(1+G16) -> 1.4876339
A25: K4 | B25: Despesas diretas | C25: K4 = (1+L)*(1+DFL) | G25: =(1+G15)*(1+G16) -> 1.2683382
A26: * Valor adotado conforme Portaria nº 363/2021 da Agência Nacional de Águas e Saneamento Básico ** Valor adotado conforme constante no Art. 265 da Lei Complementar nº 745/2010 do município de Jaguaraçu, que dispõe sobre o Sistema Tributário do Município de Antônio Dias, Estado de Minas Gerais e dá outras providências

Sheet Serviços
A1: =K!A1 -> ORÇAMENTO PARA ELABORAÇÃO DE PROJETOS DE SISTEMA DE ESGOTAMENTO SANITÁRIO
A3: Serviços contratados | K3: Data: | L3: ='Dados Básicos do município'!H4 -> 46139
A4: Comitê: | B4: ='Dados Básicos do município'!B5 -> CBH-SANTO ANTÔNIO
A5: Município: | B5: ='Dados Básicos do município'!B6 -> Açucena/MG
A7: ETAPA | C7: 1 | D7: 2 | E7: 3 | F7: 4 | G7: 5 | H7: 6 | I7: 7 | J7: 8 | K7: TOTAL | L7: UNIDADE
A8: PRODUTO | C8: Plano de Trabalho | D8: Cadastro Técnico | E8: Estudos Topográficos | F8: Estudo de Concepção | G8: Projeto Básico | H8: Estudos Geotécnicos | I8: Estudo Ambiental | J8: Projeto Executivo
A9: SERVIÇOS DE TOPOGRAFIA | B9: =Custos!B38 -> Mobilização e desmobilização de equipe de topografia | E9: =Deslocamento!E19 -> 308.2 | K9: =SUM(C9:J9) -> 308.2 | L9: =Custos!H38 -> km
B10: =Custos!B39 -> Equipe de topografia de campo | E10: ='Topografia e Cadastro'!G14 -> 0.17956682 | K10: =SUM(C10:J10) -> 0.17956682 | L10: =Custos!H39 -> mês
B11: =Custos!B40 -> Equipe de topografia de escritório | E11: ='Topografia e Cadastro'!G15 -> 0.089783411 | K11: =SUM(C11:J11) -> 0.089783411 | L11: =Custos!H40 -> mês
A12: CADASTRO TÉCNICO | B12: =Custos!B43 -> Equipe de topografia de campo | D12: ='Topografia e Cadastro'!G17 -> 0.19305794 | K12: =SUM(C12:J12) -> 0.19305794 | L12: =Custos!H43 -> mês
B13: =Custos!B44 -> Equipe de topografia de escritório | D13: ='Topografia e Cadastro'!G18 -> 0.017562214 | K13: =SUM(C13:J13) -> 0.017562214 | L13: =Custos!H44 -> mês
A14: SERVIÇOS DE SONDAGEM | B14: =Custos!B32 -> Sondagem a percussao - mobilizacao e desmobilizacao | H14: 1 | K14: =SUM(C14:J14) -> 1 | L14: =Custos!H32 -> unidade
B15: =Custos!B33 -> Sondagem a percussao - adicional de mobilizacao e desmobilizacao | H15: =Deslocamento!E19 -> 308.2 | K15: =SUM(C15:J15) -> 308.2 | L15: =Custos!H33 -> km
B16: =Custos!B34 -> Sondagem a percussao - instalacao por furo | H16: =(10+('Dados Básicos do município'!C25/1000)/2) -> 10.011101 | K16: =SUM(C16:J16) -> 10.011101 | L16: =Custos!H34 -> unidade
B17: =Custos!B35 -> Sondagem a percussao ø2.1/2" - perfuracao e retirada de amostras | H17: =(10+('Dados Básicos do município'!C25/1000)/2)*10 -> 100.11101 | K17: =SUM(C17:J17) -> 100.11101 | L17: =Custos!H35 -> m | O17: 2 FUROS ETE + 1 FUROS ELEVATÓRIA + 1FUROS/2KM DE REDE COM 10M DE PROFUNDIDADE
A18: ANÁLISE DE ÁGUA | B18: =[2]Custos!B47 -> Análise bacteriológica de água | F18: 1 | K18: =SUM(C18:J18) -> 1 | L18: unidade
B19: =[2]Custos!B48 -> Análise fisíco-química | F19: 1 | K19: =SUM(C19:J19) -> 1 | L19: Unidade
A20: OUTRAS | B20: =Custos!B52 -> Veículo tipo pick-up 4X4 | D20: =O20/2 -> 0.5 | F20: =O20/2 -> 0.5 | K20: =SUM(C20:J20) -> 1 | L20: mês | O20: =IF('Dados Básicos do município'!C14<=10000,1,IF(AND('Dados Básicos do município'!C14>10000,'Dados Básicos do município'!C14<=25000),2,IF(AND('Dados Básicos do município'!C14>25000,'Dados Básicos do município'!C14<=50000),3,4))) -> 1
B21: Refeições | D21: =IF($O$20=1,2,IF($O$20=2,4,IF($O$20=3,6,8))) -> 2 | F21: =IF($O$20=1,2,IF($O$20=2,4,IF($O$20=3,6,8))) -> 2 | K21: =SUM(C21:J21) -> 4 | L21: unidade
B22: Diárias | D22: =IF($O$20=1,2,IF($O$20=2,4,IF($O$20=3,6,8))) -> 2 | F22: =IF($O$20=1,2,IF($O$20=2,4,IF($O$20=3,6,8))) -> 2 | K22: =SUM(C22:J22) -> 4 | L22: unidade

Sheet P1
D1: =Serviços!A1 -> ORÇAMENTO PARA ELABORAÇÃO DE PROJETOS DE SISTEMA DE ESGOTAMENTO SANITÁRIO
A2: Produto 1: | C2: ='Horas trabalhadas'!C8 -> Plano de Trabalho | J2: Data: | K2: ='Dados Básicos do município'!H4 -> 46139
A3: Comitê: | C3: ='Dados Básicos do município'!B5 -> CBH-SANTO ANTÔNIO
A4: Município: | C4: ='Dados Básicos do município'!B6 -> Açucena/MG
A6: Item | B6: Código | C6: Data-Base | D6: Órgão | E6: Descrição | F6: Custo unitário (R$) | H6: Quantitativo | I6: Custo total (R$) | J6: Custo total com K (R$) | K6: Peso (%)
A7: 1 | B7: EQUIPE TÉCNICA | J7: =J9 -> 8951.2399 | K7: =J7/$J$53 -> 0.99999999
A9: 1.1 | B9: PERMANENTE | J9: =SUM(J10:J14) -> 8951.2399 | K9: =SUM(K10:K14) -> 0.99999999
A10: a) | B10: =Custos!E13 -> P8061 | C10: =Custos!G13 -> abr/2024 | D10: =Custos!$D$13 -> DNIT | E10: =Custos!B13 -> Engenheiro Coordenador | F10: =Custos!J13 -> 123.19 | G10: hora | H10: ='Horas trabalhadas'!C9 -> 25.541392 | I10: =H10*F10 -> 3146.4441 | J10: =I10*K!$G$23 -> 5478.9078 | K10: =J10/$J$53 -> 0.61208366
A11: b) | B11: =Custos!E14 -> P8066 | C11: =Custos!G14 -> abr/2024 | D11: =Custos!D14 -> DNIT | E11: =Custos!B14 -> Engenheiro de Projetos Pleno | F11: =Custos!J14 -> 85.36 | G11: hora | H11: ='Horas trabalhadas'!C10 -> 17.027595 | I11: =H11*F11 -> 1453.4755 | J11: =I11*K!$G$23 -> 2530.939 | K11: =J11/$J$53 -> 0.28274731
A12: c) | B12: =Custos!E15 -> P8065 | C12: =Custos!G15 -> abr/2024 | D12: =Custos!D15 -> DNIT | E12: =Custos!B15 -> Engenheiro de Projetos Júnior | F12: =Custos!J15 -> 82.75 | G12: hora | H12: ='Horas trabalhadas'!C11 -> 0 | I12: =H12*F12 -> 0 | J12: =I12*K!$G$23 -> 0 | K12: =J12/$J$53 -> 0
A13: d) | B13: =Custos!E16 -> P8155 | C13: jul/2021 | D13: =Custos!D16 -> DNIT | E13: =Custos!B16 -> Técnico cadista | F13: =Custos!J16 -> 19.32 | G13: hora | H13: ='Horas trabalhadas'!C12 -> 0 | I13: =H13*F13 -> 0 | J13: =I13*K!$G$23 -> 0 | K13: =J13/$J$53 -> 0
A14: e) | B14: =Custos!E17 -> P8026 | C14: =Custos!G17 -> abr/2024 | D14: =Custos!D17 -> DNIT | E14: =Custos!B17 -> Auxiliar Administrativo | F14: =Custos!J17 -> 12.7 | G14: hora | H14: ='Horas trabalhadas'!C13 -> 42.568986 | I14: =H14*F14 -> 540.62613 | J14: =I14*K!$G$23 -> 941.39309 | K14: =J14/$J$53 -> 0.10516901
A16: 2 | B16: CONSULTORES | J16: =J18 -> 0 | K16: =J16/$J$53 -> 0
A18: 2.1 | B18: CONSULTORES | J18: =SUM(J19:J24) -> 0 | K18: =SUM(K19:K24) -> 0
A19: a) | B19: =Custos!E22 -> P8003 | C19: =Custos!G22 -> abr/2024 | D19: =Custos!D22 -> DNIT | E19: =Custos!B22 -> Advogado sênior | F19: =Custos!J22 -> 76.88 | G19: hora | H19: ='Horas trabalhadas'!C14 -> 0 | I19: =H19*F19 -> 0 | J19: =(I19*K!$G$23) -> 0 | K19: =J19/$J$53 -> 0
A20: b) | B20: =Custos!E23 -> P8067 | C20: =Custos!G23 -> abr/2024 | D20: =Custos!D23 -> DNIT | E20: =Custos!B23 -> Engenheiro de Projetos (Elétrico) | F20: =Custos!J23 -> 107.32 | G20: hora | H20: ='Horas trabalhadas'!C15 -> 0 | I20: =H20*F20 -> 0 | J20: =(I20*K!$G$23) -> 0 | K20: =J20/$J$53 -> 0
A21: c) | B21: =Custos!E24 -> P8067 | C21: =Custos!G24 -> abr/2024 | D21: =Custos!D24 -> DNIT | E21: =Custos!B24 -> Engenheiro de Projeto (Calculista) | F21: =Custos!J24 -> 107.32 | G21: hora | H21: ='Horas trabalhadas'!C16 -> 0 | I21: =H21*F21 -> 0 | J21: =(I21*K!$G$23) -> 0 | K21: =J21/$J$53 -> 0
A22: d) | B22: =Custos!E25 -> P8067 | C22: =Custos!G25 -> abr/2024 | D22: =Custos!D25 -> DNIT | E22: =Custos!B25 -> Engenheiro de Projetos (Mecânico) | F22: =Custos!J25 -> 107.32 | G22: hora | H22: ='Horas trabalhadas'!C17 -> 0 | I22: =H22*F22 -> 0 | J22: =(I22*K!$G$23) -> 0 | K22: =J22/$J$53 -> 0
A23: e) | B23: =Custos!E26 -> P8059 | C23: =Custos!G26 -> abr/2024 | D23: =Custos!D27 -> DNIT | E23: =Custos!B26 -> Engenheiro ambiental | F23: =Custos!J26 -> 100.92 | G23: hora | H23: ='Horas trabalhadas'!C18 -> 0 | I23: =H23*F23 -> 0 | J23: =(I23*K!$G$23) -> 0 | K23: =J23/$J$53 -> 0
A24: f) | B24: =Custos!E27 -> P8155 | C24: =Custos!G27 -> abr/2024 | D24: =Custos!D27 -> DNIT | E24: =Custos!B27 -> Técnico em geoprocessamento | F24: =Custos!J27 -> 14.35 | G24: hora | H24: ='Horas trabalhadas'!C19 -> 0 | I24: =H24*F24 -> 0 | J24: =(I24*K!$G$23) -> 0 | K24: =J24/$J$53 -> 0
A26: 3 | B26: SERVIÇOS DE APOIO TÉCNICO | J26: =J28+J33+J39+J43 -> 0 | K26: =J26/$J$53 -> 0
A28: 3.1 | B28: SERVIÇOS DE TOPOGRAFIA | J28: =SUM(J29:J31) -> 0 | K28: =SUM(K29:K31) -> 0
A29: a) | B29: =Custos!E38 -> 65003710 | C29: =Custos!G38 -> set/2024 | D29: =Custos!D38 -> COPASA | E29: =Custos!B38 -> Mobilização e desmobilização de equipe de topografia | F29: =Custos!J38 -> 4.62 | G29: =Custos!H38 -> km | H29: 0 | I29: =H29*F29 -> 0 | J29: =(I29*K!$G$24) -> 0 | K29: =J29/$J$53 -> 0
A30: b) | B30: =Custos!E39 -> 65001667 | C30: =Custos!G39 -> set/2024 | D30: =Custos!D39 -> COPASA | E30: =Custos!B39 -> Equipe de topografia de campo | F30: =Custos!J39 -> 50814.45 | G30: =Custos!H39 -> mês | H30: 0 | I30: =H30*F30 -> 0 | J30: =(I30*K!$G$24) -> 0 | K30: =J30/$J$53 -> 0
A31: c) | B31: =Custos!E40 -> 65001668 | C31: =Custos!G40 -> set/2024 | D31: =Custos!D40 -> COPASA | E31: =Custos!B40 -> Equipe de topografia de escritório | F31: =Custos!J40 -> 26804.01 | G31: =Custos!H40 -> mês | H31: 0 | I31: =H31*F31 -> 0 | J31: =(I31*K!$G$24) -> 0 | K31: =J31/$J$53 -> 0
A33: 3.2 | B33: SERVIÇOS DE SONDAGEM | J33: =SUM(J35:J37) -> 0 | K33: =SUM(K35:K37) -> 0
A34: a) | B34: =Custos!E32 -> 65001207 | C34: =Custos!G32 -> set/2024 | D34: =Custos!D32 -> COPASA | E34: =Custos!B32 -> Sondagem a percussao - mobilizacao e desmobilizacao | F34: =Custos!J32 -> 1316.83 | G34: =Custos!H32 -> unidade | H34: 0 | I34: =H34*F34 -> 0 | J34: =(I34*K!$G$24) -> 0 | K34: =J34/$J$53 -> 0
A35: b) | B35: =Custos!E33 -> 65001208 | C35: =Custos!G33 -> set/2024 | D35: =Custos!D33 -> COPASA | E35: =Custos!B33 -> Sondagem a percussao - adicional de mobilizacao e desmobilizacao | F35: =Custos!J33 -> 9.32 | G35: =Custos!H33 -> km | H35: 0 | I35: =H35*F35 -> 0 | J35: =(I35*K!$G$24) -> 0 | K35: =J35/$J$53 -> 0
A36: c) | B36: =Custos!E34 -> 65001209 | C36: =Custos!G34 -> set/2024 | D36: =Custos!D34 -> COPASA | E36: =Custos!B34 -> Sondagem a percussao - instalacao por furo | F36: =Custos!J34 -> 482.46 | G36: =Custos!H34 -> unidade | H36: 0 | I36: =H36*F36 -> 0 | J36: =(I36*K!$G$24) -> 0 | K36: =J36/$J$53 -> 0
A37: d) | B37: =Custos!E35 -> 65001210 | C37: =Custos!G35 -> set/2024 | D37: =Custos!D35 -> COPASA | E37: =Custos!B35 -> Sondagem a percussao ø2.1/2" - perfuracao e retirada de amostras | F37: =Custos!J35 -> 145.2 | G37: =Custos!H35 -> m | H37: 0 | I37: =H37*F37 -> 0 | J37: =(I37*K!$G$24) -> 0 | K37: =J37/$J$53 -> 0
A39: 3.3 | B39: CADASTRO TÉCNICO | J39: =SUM(J40:J41) -> 0 | K39: =SUM(K40:K41) -> 0
A40: a) | B40: =Custos!E43 -> 65001667 | C40: =Custos!G43 -> set/2024 | D40: =Custos!D43 -> COPASA | E40: =Custos!B43 -> Equipe de topografia de campo | F40: =Custos!J43 -> 50814.45 | G40: =Custos!H43 -> mês | H40: 0 | I40: =H40*F40 -> 0 | J40: =(I40*K!$G$24) -> 0 | K40: =J40/$J$53 -> 0
A41: b) | B41: =Custos!E44 -> 65001668 | C41: =Custos!G44 -> set/2024 | D41: =Custos!D44 -> COPASA | E41: =Custos!B44 -> Equipe de topografia de escritório | F41: =Custos!J44 -> 26804.01 | G41: =Custos!H44 -> mês | H41: 0 | I41: =H41*F41 -> 0 | J41: =(I41*K!$G$24) -> 0 | K41: =J41/$J$53 -> 0
A43: 3.4 | B43: ANÁLISE DE ÁGUA | J43: =SUM(J44:J45) -> 0 | K43: =SUM(K44:K45) -> 0
A44: a) | B44: =Custos!E49 -> 65001114 | C44: =Custos!G49 -> set/2024 | D44: =Custos!D49 -> COPASA | E44: =Custos!B49 -> Análise fisico-química da água | F44: =Custos!J49 -> 371.18 | G44: =Custos!H49 -> unidade | H44: =Serviços!C18 -> 0 | I44: =H44*F44 -> 0 | J44: =(I44*K!$G$24) -> 0 | K44: =J44/$J$53 -> 0
A45: b) | B45: =Custos!E50 -> 65001115 | C45: =Custos!G50 -> set/2024 | D45: =Custos!D50 -> COPASA | E45: =Custos!B50 -> Analise bactereologica da água | F45: =Custos!J50 -> 120.28 | G45: =Custos!H50 -> unidade | H45: =Serviços!C19 -> 0 | I45: =H45*F45 -> 0 | J45: =(I45*K!$G$24) -> 0 | K45: =J45/$J$53 -> 0
A46: 4. | B46: DESPESAS DIVERSAS | J46: =J48 -> 0 | K46: =J46/$J$53 -> 0
A48: 4.1 | B48: OUTRAS DESPESAS | J48: =SUM(J49:J51) -> 0 | K48: =SUM(K49:K51) -> 0
A49: a) | B49: =Custos!F52 -> - | C49: =Custos!G52 -> out/2024 | D49: =Custos!D52 -> Composição | E49: =Custos!B52 -> Veículo tipo pick-up 4X4 | F49: ='Produto Consolidado'!F49 -> 2491.71 | G49: R$/dia | H49: 0 | I49: =H49*F49 -> 0 | J49: =(I49*K!$G$25) -> 0 | K49: =J49/$J$53 -> 0
A50: b) | B50: =Custos!F53 -> - | C50: =Custos!G53 -> out/2024 | D50: =Custos!D53 -> AGEVAP | E50: =Custos!B53 -> Refeições | F50: =Custos!J53 -> 25.61 | G50: =Custos!H53 -> unidade | H50: 0 | I50: =H50*F50 -> 0 | J50: =(I50*K!$G$25) -> 0 | K50: =J50/$J$53 -> 0
A51: c) | B51: =Custos!F54 -> - | C51: =Custos!G54 -> out/2024 | D51: =Custos!D54 -> AGEVAP | E51: =Custos!B54 -> Diárias | F51: =Custos!J54 -> 335 | G51: =Custos!H54 -> unidade | H51: 0 | I51: =H51*F51 -> 0 | J51: =(I51*K!$G$25) -> 0 | K51: =J51/$J$53 -> 0
A53: VALOR TOTAL - Inclusos K's | I53: R$ | J53: =ROUND((J7+J16+J26+J46),2) -> 8951.24 | K53: =K7+K16+K26+K46 -> 0.99999999
A55: Observações:
A56: 1- | B56: Os K's foram calculados através de fórmulas estabelecidas pelo Acórdão 1787/2011. Os parâmetros utilizados foram estabelecidos pela Nota Técnica Conjunta nº 01/2012/SIP/SAF da Agência Nacional de Águas.
A57: 2- | B57: A remuneração horária é determinada dividindo-se o valor da remuneração mensal pela carga horária efetivamente trabalhada.
A58: 3- | B58: No valor do veículo já estão inclusos os valores de locação, gasolina, manutenção e pedágio.
A60: Adriano Ferreira Batista | F60: Alex Cardoso Pereira
A61: Técnico Pleno - Escola de Projetos | F61: Assessor
A62: AGEDOCE | F62: AGEDOCE
A64: André Luis de Paula Marques
A65: Diretor Presidente
A66: AGEDOCE

Sheet P2
D1: ='P3'!D1 -> ORÇAMENTO PARA ELABORAÇÃO DE PROJETOS DE SISTEMA DE ESGOTAMENTO SANITÁRIO
A2: Produto 2: | C2: ='Horas trabalhadas'!E8 -> Cadastro Técnico | J2: Data: | K2: ='Dados Básicos do município'!H4 -> 46139
A3: Comitê: | C3: ='Dados Básicos do município'!B5 -> CBH-SANTO ANTÔNIO
A4: Município: | C4: ='Dados Básicos do município'!B6 -> Açucena/MG
A6: Item | B6: Código | C6: Data-Base | D6: Órgão | E6: Descrição | F6: Custo unitário (R$) | H6: Quantitativo | I6: Custo total (R$) | J6: Custo total com K (R$) | K6: Peso (%)
A7: 1 | B7: EQUIPE TÉCNICA | J7: =J9 -> 11185.825 | K7: =J7/$J$53 -> 0.35964613
A9: 1.1 | B9: PERMANENTE | J9: =SUM(J10:J14) -> 11185.825 | K9: =SUM(K10:K14) -> 0.35964613
A10: a) | B10: ='P1'!B10 -> P8061 | C10: =Custos!G13 -> abr/2024 | D10: =Custos!$D$13 -> DNIT | E10: =Custos!B13 -> Engenheiro Coordenador | F10: =Custos!J13 -> 123.19 | G10: hora | H10: ='Horas trabalhadas'!E9 -> 8.5137973 | I10: =H10*F10 -> 1048.8147 | J10: =(I10*K!$G$23) -> 1826.3026 | K10: =J10/$J$53 -> 0.058719194
A11: b) | B11: ='P1'!B11 -> P8066 | C11: =Custos!G14 -> abr/2024 | D11: =Custos!D14 -> DNIT | E11: =Custos!B14 -> Engenheiro de Projetos Pleno | F11: =Custos!J14 -> 85.36 | G11: hora | H11: ='Horas trabalhadas'!E10 -> 25.541392 | I11: =H11*F11 -> 2180.2132 | J11: =(I11*K!$G$23) -> 3796.4085 | K11: =J11/$J$53 -> 0.12206195
A12: c) | B12: ='P1'!B12 -> P8065 | C12: =Custos!G15 -> abr/2024 | D12: =Custos!D15 -> DNIT | E12: =Custos!B15 -> Engenheiro de Projetos Júnior | F12: =Custos!J15 -> 82.75 | G12: hora | H12: ='Horas trabalhadas'!E11 -> 25.541392 | I12: =H12*F12 -> 2113.5502 | J12: =(I12*K!$G$23) -> 3680.3281 | K12: =J12/$J$53 -> 0.11832973
A13: d) | B13: ='P1'!B13 -> P8155 | C13: =Custos!G16 -> abr/2024 | D13: =Custos!D16 -> DNIT | E13: =Custos!B16 -> Técnico cadista | F13: =Custos!J16 -> 19.32 | G13: hora | H13: ='Horas trabalhadas'!E12 -> 0 | I13: =H13*F13 -> 0 | J13: =(I13*K!$G$23) -> 0 | K13: =J13/$J$53 -> 0
A14: e) | B14: ='P1'!B14 -> P8026 | C14: =Custos!G17 -> abr/2024 | D14: =Custos!D17 -> DNIT | E14: =Custos!B17 -> Auxiliar Administrativo | F14: =Custos!J17 -> 12.7 | G14: hora | H14: ='Horas trabalhadas'!E13 -> 85.137973 | I14: =H14*F14 -> 1081.2523 | J14: =(I14*K!$G$23) -> 1882.7862 | K14: =J14/$J$53 -> 0.060535252
A16: 2 | B16: CONSULTORES | J16: =J18 -> 2127.4001 | K16: =J16/$J$53 -> 0.068400068
A18: 2.1 | B18: CONSULTORES | J18: =SUM(J19:J24) -> 2127.4001 | K18: =SUM(K19:K24) -> 0.068400068
A19: a) | B19: ='P1'!B19 -> P8003 | C19: =Custos!G22 -> abr/2024 | D19: =Custos!D22 -> DNIT | E19: =Custos!B22 -> Advogado sênior | F19: =Custos!J22 -> 76.88 | G19: hora | H19: ='Horas trabalhadas'!E14 -> 0 | I19: =H19*F19 -> 0 | J19: =(I19*K!$G$23) -> 0 | K19: =J19/$J$53 -> 0
A20: b) | B20: ='P1'!B20 -> P8067 | C20: =Custos!G23 -> abr/2024 | D20: =Custos!D23 -> DNIT | E20: =Custos!B23 -> Engenheiro de Projetos (Elétrico) | F20: =Custos!J23 -> 107.32 | G20: hora | H20: ='Horas trabalhadas'!E15 -> 0 | I20: =H20*F20 -> 0 | J20: =(I20*K!$G$23) -> 0 | K20: =J20/$J$53 -> 0
A21: c) | B21: ='P1'!B21 -> P8067 | C21: =Custos!G24 -> abr/2024 | D21: =Custos!D24 -> DNIT | E21: =Custos!B24 -> Engenheiro de Projeto (Calculista) | F21: =Custos!J24 -> 107.32 | G21: hora | H21: ='Horas trabalhadas'!E16 -> 0 | I21: =H21*F21 -> 0 | J21: =(I21*K!$G$23) -> 0 | K21: =J21/$J$53 -> 0
A22: d) | B22: ='P1'!B22 -> P8067 | C22: =Custos!G25 -> abr/2024 | D22: =Custos!D25 -> DNIT | E22: =Custos!B25 -> Engenheiro de Projetos (Mecânico) | F22: =Custos!J25 -> 107.32 | G22: hora | H22: ='Horas trabalhadas'!E17 -> 0 | I22: =H22*F22 -> 0 | J22: =(I22*K!$G$23) -> 0 | K22: =J22/$J$53 -> 0
A23: e) | B23: ='P1'!B23 -> P8059 | C23: =Custos!G26 -> abr/2024 | D23: =Custos!D27 -> DNIT | E23: =Custos!B26 -> Engenheiro ambiental | F23: =Custos!J26 -> 100.92 | G23: hora | H23: ='Horas trabalhadas'!E18 -> 0 | I23: =H23*F23 -> 0 | J23: =(I23*K!$G$23) -> 0 | K23: =J23/$J$53 -> 0
A24: f) | B24: ='P1'!B24 -> P8155 | C24: =Custos!G27 -> abr/2024 | D24: =Custos!D27 -> DNIT | E24: =Custos!B27 -> Técnico em geoprocessamento | F24: =Custos!J27 -> 14.35 | G24: hora | H24: ='Horas trabalhadas'!E19 -> 85.137973 | I24: =H24*F24 -> 1221.7299 | J24: =(I24*K!$G$23) -> 2127.4001 | K24: =J24/$J$53 -> 0.068400068
A26: 3 | B26: SERVIÇOS DE APOIO TÉCNICO | J26: =J28+J33+J39+J43 -> 15294.171 | K26: =J26/$J$53 -> 0.49173747
A28: 3.1 | B28: SERVIÇOS DE TOPOGRAFIA | J28: =SUM(J29:J31) -> 0 | K28: =SUM(K29:K31) -> 0
A29: a) | B29: ='P1'!B29 -> 65003710 | C29: =Custos!G38 -> set/2024 | D29: =Custos!D38 -> COPASA | E29: =Custos!B38 -> Mobilização e desmobilização de equipe de topografia | F29: =Custos!J38 -> 4.62 | G29: =Custos!H38 -> km | H29: =Serviços!D9 -> 0 | I29: =H29*F29 -> 0 | J29: =(I29*K!$G$24) -> 0 | K29: =J29/$J$53 -> 0
A30: b) | B30: ='P1'!B30 -> 65001667 | C30: =Custos!G39 -> set/2024 | D30: =Custos!D39 -> COPASA | E30: =Custos!B39 -> Equipe de topografia de campo | F30: =Custos!J39 -> 50814.45 | G30: =Custos!H39 -> mês | H30: =Serviços!D10 -> 0 | I30: =H30*F30 -> 0 | J30: =(I30*K!$G$24) -> 0 | K30: =J30/$J$53 -> 0
A31: c) | B31: ='P1'!B31 -> 65001668 | C31: =Custos!G40 -> set/2024 | D31: =Custos!D40 -> COPASA | E31: =Custos!B40 -> Equipe de topografia de escritório | F31: =Custos!J40 -> 26804.01 | G31: =Custos!H40 -> mês | H31: =Serviços!D11 -> 0 | I31: =H31*F31 -> 0 | J31: =(I31*K!$G$24) -> 0 | K31: =J31/$J$53 -> 0
A33: 3.2 | B33: SERVIÇOS DE SONDAGEM | J33: =SUM(J34:J37) -> 0 | K33: =SUM(K35:K36) -> 0
A34: a) | B34: ='P1'!B34 -> 65001207 | C34: =Custos!G32 -> set/2024 | D34: =Custos!D32 -> COPASA | E34: =Custos!B32 -> Sondagem a percussao - mobilizacao e desmobilizacao | F34: =Custos!J32 -> 1316.83 | G34: =Custos!H32 -> unidade | H34: =Serviços!D14 -> 0 | I34: =H34*F34 -> 0 | J34: =(I34*K!$G$24) -> 0 | K34: =J34/$J$53 -> 0
A35: b) | B35: ='P1'!B35 -> 65001208 | C35: =Custos!G33 -> set/2024 | D35: =Custos!D33 -> COPASA | E35: =Custos!B33 -> Sondagem a percussao - adicional de mobilizacao e desmobilizacao | F35: =Custos!J33 -> 9.32 | G35: =Custos!H33 -> km | H35: =Serviços!D15 -> 0 | I35: =H35*F35 -> 0 | J35: =(I35*K!$G$24) -> 0 | K35: =J35/$J$53 -> 0
A36: c) | B36: ='P1'!B36 -> 65001209 | C36: =Custos!G34 -> set/2024 | D36: =Custos!D34 -> COPASA | E36: =Custos!B34 -> Sondagem a percussao - instalacao por furo | F36: =Custos!J34 -> 482.46 | G36: =Custos!H34 -> unidade | H36: =Serviços!D16 -> 0 | I36: =H36*F36 -> 0 | J36: =(I36*K!$G$24) -> 0 | K36: =J36/$J$53 -> 0
A37: d) | B37: ='P1'!B37 -> 65001210 | C37: =Custos!G35 -> set/2024 | D37: =Custos!D35 -> COPASA | E37: =Custos!B35 -> Sondagem a percussao ø2.1/2" - perfuracao e retirada de amostras | F37: =Custos!J35 -> 145.2 | G37: =Custos!H35 -> m | H37: =Serviços!D17 -> 0 | I37: =H37*F37 -> 0 | J37: =(I37*K!$G$24) -> 0 | K37: =J37/$J$53 -> 0
A39: 3.3 | B39: CADASTRO TÉCNICO | J39: =SUM(J40:J41) -> 15294.171 | K39: =SUM(K40:K41) -> 0.49173747
A40: a) | B40: ='P1'!B40 -> 65001667 | C40: =Custos!G43 -> set/2024 | D40: =Custos!D43 -> COPASA | E40: =Custos!B43 -> Equipe de topografia de campo | F40: =Custos!J43 -> 50814.45 | G40: =Custos!H43 -> mês | H40: =Serviços!D12 -> 0.19305794 | I40: =H40*F40 -> 9810.1328 | J40: =(I40*K!$G$24) -> 14593.886 | K40: =J40/$J$53 -> 0.46922192
A41: b) | B41: ='P1'!B41 -> 65001668 | C41: =Custos!G44 -> set/2024 | D41: =Custos!D44 -> COPASA | E41: =Custos!B44 -> Equipe de topografia de escritório | F41: =Custos!J44 -> 26804.01 | G41: =Custos!H44 -> mês | H41: =Serviços!D13 -> 0.017562214 | I41: =H41*F41 -> 470.73775 | J41: =(I41*K!$G$24) -> 700.28543 | K41: =J41/$J$53 -> 0.022515544
A43: 3.4 | B43: ANÁLISE DE ÁGUA | J43: =SUM(J44:J45) -> 0 | K43: =SUM(K44:K45) -> 0
A44: a) | B44: =Custos!E49 -> 65001114 | C44: =Custos!G49 -> set/2024 | D44: =Custos!D49 -> COPASA | E44: =Custos!B49 -> Análise fisico-química da água | F44: =Custos!J49 -> 371.18 | G44: =Custos!H49 -> unidade | H44: =Serviços!D18 -> 0 | I44: =H44*F44 -> 0 | J44: =(I44*K!$G$24) -> 0 | K44: =J44/$J$53 -> 0
A45: b) | B45: =Custos!E50 -> 65001115 | C45: =Custos!G50 -> set/2024 | D45: =Custos!D50 -> COPASA | E45: =Custos!B50 -> Analise bactereologica da água | F45: =Custos!J50 -> 120.28 | G45: =Custos!H50 -> unidade | H45: =Serviços!D19 -> 0 | I45: =H45*F45 -> 0 | J45: =(I45*K!$G$24) -> 0 | K45: =J45/$J$51 -> 0
A46: 4. | B46: DESPESAS DIVERSAS | J46: =J48 -> 2494.9163 | K46: =J46/$J$53 -> 0.080216432
A48: 4.1 | B48: OUTRAS DESPESAS | J48: =SUM(J49:J51) -> 2494.9163 | K48: =SUM(K49:K51) -> 0.080216432
A49: a) | B49: =Custos!F52 -> - | C49: =Custos!G52 -> out/2024 | D49: =Custos!D52 -> Composição | E49: =Custos!B52 -> Veículo tipo pick-up 4X4 | F49: =Custos!J52 -> 2491.71 | G49: ='P1'!G49 -> R$/dia | H49: =Serviços!D20 -> 0.5 | I49: =H49*F49 -> 1245.855 | J49: =(I49*K!$G$25) -> 1580.1655 | K49: =J49/$J$53 -> 0.050805406
A50: b) | B50: =Custos!F53 -> - | C50: =Custos!G53 -> out/2024 | D50: =Custos!D53 -> AGEVAP | E50: =Custos!B53 -> Refeições | F50: =Custos!J53 -> 25.61 | G50: ='P1'!G50 -> unidade | H50: =Serviços!D21 -> 2 | I50: =H50*F50 -> 51.22 | J50: =(I50*K!$G$25) -> 64.964282 | K50: =J50/$J$53 -> 0.0020887285
A51: c) | B51: =Custos!F54 -> - | C51: =Custos!G54 -> out/2024 | D51: =Custos!D54 -> AGEVAP | E51: =Custos!B54 -> Diárias | F51: =Custos!J54 -> 335 | G51: ='P1'!G51 -> unidade | H51: =Serviços!D22 -> 2 | I51: =H51*F51 -> 670 | J51: =(I51*K!$G$25) -> 849.78659 | K51: =J51/$J$53 -> 0.027322298
A53: VALOR TOTAL - Inclusos K's | I53: R$ | J53: =ROUND((J7+J16+J26+J46),2) -> 31102.31 | K53: =K7+K16+K26+K46 -> 1.0000001
A55: Observações:
A56: 1- | B56: Os K's foram calculados através de fórmulas estabelecidas pelo Acórdão 1787/2011. Os parâmetros utilizados foram estabelecidos pela Nota Técnica Conjunta nº 01/2012/SIP/SAF da Agência Nacional de Águas.
A57: 2- | B57: A remuneração horária é determinada dividindo-se o valor da remuneração mensal pela carga horária efetivamente trabalhada.
A58: 3- | B58: No valor do veículo já estão inclusos os valores de locação, gasolina, manutenção e pedágio.
A60: Adriano Ferreira Batista | F60: Alex Cardoso Pereira
A61: Técnico Pleno - Escola de Projetos | F61: Assessor
A62: AGEDOCE | F62: AGEDOCE
A64: André Luis de Paula Marques
A65: Diretor Presidente
A66: AGEDOCE

Sheet P3
D1: ='P1'!D1 -> ORÇAMENTO PARA ELABORAÇÃO DE PROJETOS DE SISTEMA DE ESGOTAMENTO SANITÁRIO
A2: Produto 3: | C2: ='Horas trabalhadas'!D8 -> Estudos Topográficos | J2: Data: | K2: ='Dados Básicos do município'!H4 -> 46139
A3: Comitê: | C3: ='Dados Básicos do município'!B5 -> CBH-SANTO ANTÔNIO
A4: Município: | C4: ='Dados Básicos do município'!B6 -> Açucena/MG
A6: Item | B6: Código | C6: Data-Base | D6: Órgão | E6: Descrição | F6: Custo unitário (R$) | H6: Quantitativo | I6: Custo total (R$) | J6: Custo total com K (R$) | K6: Peso (%)
A7: 1 | B7: EQUIPE TÉCNICA | J7: =J9 -> 11185.825 | K7: =J7/$J$53 -> 0.34327553
A9: 1.1 | B9: PERMANENTE | J9: =SUM(J10:J14) -> 11185.825 | K9: =SUM(K10:K14) -> 0.34327553
A10: a) | B10: ='P1'!B10 -> P8061 | C10: =Custos!G13 -> abr/2024 | D10: =Custos!$D$13 -> DNIT | E10: =Custos!B13 -> Engenheiro Coordenador | F10: =Custos!J13 -> 123.19 | G10: hora | H10: ='Horas trabalhadas'!D9 -> 8.5137973 | I10: =H10*F10 -> 1048.8147 | J10: =(I10*K!$G$23) -> 1826.3026 | K10: =J10/$J$53 -> 0.056046377
A11: b) | B11: ='P1'!B11 -> P8066 | C11: =Custos!G14 -> abr/2024 | D11: =Custos!D14 -> DNIT | E11: =Custos!B14 -> Engenheiro de Projetos Pleno | F11: =Custos!J14 -> 85.36 | G11: hora | H11: ='Horas trabalhadas'!D10 -> 25.541392 | I11: =H11*F11 -> 2180.2132 | J11: =(I11*K!$G$23) -> 3796.4085 | K11: =J11/$J$53 -> 0.11650585
A12: c) | B12: ='P1'!B12 -> P8065 | C12: =Custos!G15 -> abr/2024 | D12: =Custos!D15 -> DNIT | E12: =Custos!B15 -> Engenheiro de Projetos Júnior | F12: =Custos!J15 -> 82.75 | G12: hora | H12: ='Horas trabalhadas'!D11 -> 25.541392 | I12: =H12*F12 -> 2113.5502 | J12: =(I12*K!$G$23) -> 3680.3281 | K12: =J12/$J$53 -> 0.11294353
A13: d) | B13: ='P1'!B13 -> P8155 | C13: =Custos!G16 -> abr/2024 | D13: =Custos!D16 -> DNIT | E13: =Custos!B16 -> Técnico cadista | F13: =Custos!J16 -> 19.32 | G13: hora | H13: ='Horas trabalhadas'!D12 -> 0 | I13: =H13*F13 -> 0 | J13: =(I13*K!$G$23) -> 0 | K13: =J13/$J$53 -> 0
A14: e) | B14: ='P1'!B14 -> P8026 | C14: =Custos!G17 -> abr/2024 | D14: =Custos!D17 -> DNIT | E14: =Custos!B17 -> Auxiliar Administrativo | F14: =Custos!J17 -> 12.7 | G14: hora | H14: ='Horas trabalhadas'!D13 -> 85.137973 | I14: =H14*F14 -> 1081.2523 | J14: =(I14*K!$G$23) -> 1882.7862 | K14: =J14/$J$53 -> 0.05777977
A16: 2 | B16: CONSULTORES | J16: =J18 -> 2127.4001 | K16: =J16/$J$53 -> 0.065286591
A18: 2.1 | B18: CONSULTORES | J18: =SUM(J19:J24) -> 2127.4001 | K18: =SUM(K19:K24) -> 0.065286591
A19: a) | B19: ='P1'!B19 -> P8003 | C19: =Custos!G22 -> abr/2024 | D19: =Custos!D22 -> DNIT | E19: =Custos!B22 -> Advogado sênior | F19: =Custos!J22 -> 76.88 | G19: hora | H19: ='Horas trabalhadas'!E14 -> 0 | I19: =H19*F19 -> 0 | J19: =(I19*K!$G$23) -> 0 | K19: =J19/$J$53 -> 0
A20: b) | B20: ='P1'!B20 -> P8067 | C20: =Custos!G23 -> abr/2024 | D20: =Custos!D23 -> DNIT | E20: =Custos!B23 -> Engenheiro de Projetos (Elétrico) | F20: =Custos!J23 -> 107.32 | G20: hora | H20: ='Horas trabalhadas'!E15 -> 0 | I20: =H20*F20 -> 0 | J20: =(I20*K!$G$23) -> 0 | K20: =J20/$J$53 -> 0
A21: c) | B21: ='P1'!B21 -> P8067 | C21: =Custos!G24 -> abr/2024 | D21: =Custos!D24 -> DNIT | E21: =Custos!B24 -> Engenheiro de Projeto (Calculista) | F21: =Custos!J24 -> 107.32 | G21: hora | H21: ='Horas trabalhadas'!E16 -> 0 | I21: =H21*F21 -> 0 | J21: =(I21*K!$G$23) -> 0 | K21: =J21/$J$53 -> 0
A22: d) | B22: ='P1'!B22 -> P8067 | C22: =Custos!G25 -> abr/2024 | D22: =Custos!D25 -> DNIT | E22: =Custos!B25 -> Engenheiro de Projetos (Mecânico) | F22: =Custos!J25 -> 107.32 | G22: hora | H22: ='Horas trabalhadas'!E17 -> 0 | I22: =H22*F22 -> 0 | J22: =(I22*K!$G$23) -> 0 | K22: =J22/$J$53 -> 0
A23: e) | B23: ='P1'!B23 -> P8059 | C23: =Custos!G26 -> abr/2024 | D23: =Custos!D27 -> DNIT | E23: =Custos!B26 -> Engenheiro ambiental | F23: =Custos!J26 -> 100.92 | G23: hora | H23: ='Horas trabalhadas'!E18 -> 0 | I23: =H23*F23 -> 0 | J23: =(I23*K!$G$23) -> 0 | K23: =J23/$J$53 -> 0
A24: f) | B24: ='P1'!B24 -> P8155 | C24: =Custos!G27 -> abr/2024 | D24: =Custos!D27 -> DNIT | E24: =Custos!B27 -> Técnico em geoprocessamento | F24: =Custos!J27 -> 14.35 | G24: hora | H24: ='Horas trabalhadas'!E19 -> 85.137973 | I24: =H24*F24 -> 1221.7299 | J24: =(I24*K!$G$23) -> 2127.4001 | K24: =J24/$J$53 -> 0.065286591
A26: 3 | B26: SERVIÇOS DE APOIO TÉCNICO | J26: =J28+J33+J39+J43 -> 19272.339 | K26: =J26/$J$53 -> 0.59143803
A28: 3.1 | B28: SERVIÇOS DE TOPOGRAFIA | J28: =SUM(J29:J31) -> 19272.339 | K28: =SUM(K29:K31) -> 0.59143803
A29: a) | B29: ='P1'!B29 -> 65003710 | C29: =Custos!G38 -> set/2024 | D29: =Custos!D38 -> COPASA | E29: =Custos!B38 -> Mobilização e desmobilização de equipe de topografia | F29: =Custos!J38 -> 4.62 | G29: =Custos!H38 -> km | H29: =Serviços!E9 -> 308.2 | I29: =H29*F29 -> 1423.884 | J29: =(I29*K!$G$24) -> 2118.2181 | K29: =J29/$J$53 -> 0.065004808
A30: b) | B30: ='P1'!B30 -> 65001667 | C30: =Custos!G39 -> set/2024 | D30: =Custos!D39 -> COPASA | E30: =Custos!B39 -> Equipe de topografia de campo | F30: =Custos!J39 -> 50814.45 | G30: =Custos!H39 -> mês | H30: =Serviços!E10 -> 0.17956682 | I30: =H30*F30 -> 9124.5892 | J30: =(I30*K!$G$24) -> 13574.048 | K30: =J30/$J$53 -> 0.41656636
A31: c) | B31: ='P1'!B31 -> 65001668 | C31: =Custos!G40 -> set/2024 | D31: =Custos!D40 -> COPASA | E31: =Custos!B40 -> Equipe de topografia de escritório | F31: =Custos!J40 -> 26804.01 | G31: =Custos!H40 -> mês | H31: =Serviços!E11 -> 0.089783411 | I31: =H31*F31 -> 2406.5554 | J31: =(I31*K!$G$24) -> 3580.0734 | K31: =J31/$J$53 -> 0.10986687
A33: 3.2 | B33: SERVIÇOS DE SONDAGEM | J33: =SUM(J35:J36) -> 0 | K33: =SUM(K35:K36) -> 0
A34: a) | B34: ='P1'!B34 -> 65001207 | C34: =Custos!G32 -> set/2024 | D34: =Custos!D32 -> COPASA | E34: =Custos!B32 -> Sondagem a percussao - mobilizacao e desmobilizacao | F34: =Custos!J32 -> 1316.83 | G34: =Custos!H32 -> unidade | H34: =Serviços!E14 -> 0 | I34: =H34*F34 -> 0 | J34: =(I34*K!$G$24) -> 0 | K34: =J34/$J$53 -> 0
A35: b) | B35: ='P1'!B35 -> 65001208 | C35: =Custos!G33 -> set/2024 | D35: =Custos!D33 -> COPASA | E35: =Custos!B33 -> Sondagem a percussao - adicional de mobilizacao e desmobilizacao | F35: =Custos!J33 -> 9.32 | G35: =Custos!H33 -> km | H35: =Serviços!E15 -> 0 | I35: =H35*F35 -> 0 | J35: =(I35*K!$G$24) -> 0 | K35: =J35/$J$53 -> 0
A36: c) | B36: ='P1'!B36 -> 65001209 | C36: =Custos!G34 -> set/2024 | D36: =Custos!D34 -> COPASA | E36: =Custos!B34 -> Sondagem a percussao - instalacao por furo | F36: =Custos!J34 -> 482.46 | G36: =Custos!H34 -> unidade | H36: =Serviços!E16 -> 0 | I36: =H36*F36 -> 0 | J36: =(I36*K!$G$24) -> 0 | K36: =J36/$J$53 -> 0
A37: d) | B37: ='P1'!B37 -> 65001210 | C37: =Custos!G35 -> set/2024 | D37: =Custos!D35 -> COPASA | E37: =Custos!B35 -> Sondagem a percussao ø2.1/2" - perfuracao e retirada de amostras | F37: =Custos!J35 -> 145.2 | G37: =Custos!H35 -> m | H37: =Serviços!E17 -> 0 | I37: =H37*F37 -> 0 | J37: =(I37*K!$G$24) -> 0 | K37: =J37/$J$53 -> 0
A39: 3.3 | B39: CADASTRO TÉCNICO | J39: =SUM(J40:J41) -> 0 | K39: =SUM(K40:K41) -> 0
A40: a) | B40: ='P1'!B40 -> 65001667 | C40: =Custos!G43 -> set/2024 | D40: =Custos!D43 -> COPASA | E40: =Custos!B43 -> Equipe de topografia de campo | F40: =Custos!J43 -> 50814.45 | G40: =Custos!H43 -> mês | H40: =Serviços!E12 -> 0 | I40: =H40*F40 -> 0 | J40: =(I40*K!$G$24) -> 0 | K40: =J40/$J$53 -> 0
A41: b) | B41: ='P1'!B41 -> 65001668 | C41: =Custos!G44 -> set/2024 | D41: =Custos!D44 -> COPASA | E41: =Custos!B44 -> Equipe de topografia de escritório | F41: =Custos!J44 -> 26804.01 | G41: =Custos!H44 -> mês | H41: =Serviços!E13 -> 0 | I41: =H41*F41 -> 0 | J41: =(I41*K!$G$24) -> 0 | K41: =J41/$J$53 -> 0
A43: 3.4 | B43: ANÁLISE DE ÁGUA | J43: =SUM(J44:J45) -> 0 | K43: =SUM(K44:K45) -> 0
A44: a) | B44: =Custos!E49 -> 65001114 | C44: =Custos!G49 -> set/2024 | D44: =Custos!D49 -> COPASA | E44: =Custos!B49 -> Análise fisico-química da água | F44: =Custos!J49 -> 371.18 | G44: =Custos!H49 -> unidade | H44: =Serviços!E18 -> 0 | I44: =H44*F44 -> 0 | J44: =(I44*K!$G$24) -> 0 | K44: =J44/$J$53 -> 0
A45: b) | B45: =Custos!E50 -> 65001115 | C45: =Custos!G50 -> set/2024 | D45: =Custos!D50 -> COPASA | E45: =Custos!B50 -> Analise bactereologica da água | F45: =Custos!J50 -> 120.28 | G45: =Custos!H50 -> unidade | H45: =Serviços!E19 -> 0 | I45: =H45*F45 -> 0 | J45: =(I45*K!$G$24) -> 0 | K45: =J45/$J$53 -> 0
A46: 4. | B46: DESPESAS DIVERSAS | J46: =J48 -> 0 | K46: =J46/$J$53 -> 0
A48: 4.1 | B48: OUTRAS DESPESAS | J48: =SUM(J49:J51) -> 0 | K48: =SUM(K49:K51) -> 0
A49: a) | B49: =Custos!F52 -> - | C49: =Custos!G52 -> out/2024 | D49: =Custos!D52 -> Composição | E49: =Custos!B52 -> Veículo tipo pick-up 4X4 | F49: ='P1'!F49 -> 2491.71 | G49: ='P1'!G49 -> R$/dia | H49: =Serviços!E20 -> 0 | I49: =H49*F49 -> 0 | J49: =(I49*K!$G$25) -> 0 | K49: =J49/$J$53 -> 0
A50: b) | B50: =Custos!F53 -> - | C50: =Custos!G53 -> out/2024 | D50: =Custos!D53 -> AGEVAP | E50: =Custos!B53 -> Refeições | F50: ='P1'!F50 -> 25.61 | G50: ='P1'!G50 -> unidade | H50: =Serviços!E21 -> 0 | I50: =H50*F50 -> 0 | J50: =(I50*K!$G$25) -> 0 | K50: =J50/$J$53 -> 0
A51: c) | B51: =Custos!F54 -> - | C51: =Custos!G54 -> out/2024 | D51: =Custos!D54 -> AGEVAP | E51: =Custos!B54 -> Diárias | F51: ='P1'!F51 -> 335 | G51: ='P1'!G51 -> unidade | H51: =Serviços!E22 -> 0 | I51: =H51*F51 -> 0 | J51: =(I51*K!$G$25) -> 0 | K51: =J51/$J$53 -> 0
A53: VALOR TOTAL - Inclusos K's | I53: R$ | J53: =ROUND((J7+J16+J26+J46),2) -> 32585.56 | K53: =K7+K16+K26+K46 -> 1.0000002
A55: Observações:
A56: 1- | B56: Os K's foram calculados através de fórmulas estabelecidas pelo Acórdão 1787/2011. Os parâmetros utilizados foram estabelecidos pela Nota Técnica Conjunta nº 01/2012/SIP/SAF da Agência Nacional de Águas.
A57: 2- | B57: A remuneração horária é determinada dividindo-se o valor da remuneração mensal pela carga horária efetivamente trabalhada.
A58: 3- | B58: No valor do veículo já estão inclusos os valores de locação, gasolina, manutenção e pedágio.
A60: Adriano Ferreira Batista | F60: Alex Cardoso Pereira
A61: Técnico Pleno - Escola de Projetos | F61: Assessor
A62: AGEDOCE | F62: AGEDOCE
A64: André Luis de Paula Marques
A65: Diretor Presidente
A66: AGEDOCE

Sheet P4
D1: ='P2'!D1 -> ORÇAMENTO PARA ELABORAÇÃO DE PROJETOS DE SISTEMA DE ESGOTAMENTO SANITÁRIO
A2: Produto 4: | C2: ='Horas trabalhadas'!F8 -> Estudo de Concepção | J2: Data: | K2: ='Dados Básicos do município'!H4 -> 46139
A3: Comitê: | C3: ='Dados Básicos do município'!B5 -> CBH-SANTO ANTÔNIO
A4: Município: | C4: ='Dados Básicos do município'!B6 -> Açucena/MG
A6: Item | B6: Código | C6: Data-Base | D6: Órgão | E6: Descrição | F6: Custo unitário (R$) | H6: Quantitativo | I6: Custo total (R$) | J6: Custo total com K (R$) | K6: Peso (%)
A7: 1 | B7: EQUIPE TÉCNICA | J7: =J9 -> 29676.861 | K7: =J7/$J$53 -> 0.66990022
A9: 1.1 | B9: PERMANENTE | J9: =SUM(J10:J14) -> 29676.861 | K9: =SUM(K10:K14) -> 0.66990022
A10: a) | B10: ='P1'!B10 -> P8061 | C10: =Custos!G13 -> abr/2024 | D10: =Custos!$D$13 -> DNIT | E10: =Custos!B13 -> Engenheiro Coordenador | F10: =Custos!J13 -> 123.19 | G10: hora | H10: ='Horas trabalhadas'!F9 -> 51.082784 | I10: =H10*F10 -> 6292.8881 | J10: =(I10*K!$G$23) -> 10957.816 | K10: =J10/$J$53 -> 0.24735241
A11: b) | B11: ='P1'!B11 -> P8066 | C11: =Custos!G14 -> abr/2024 | D11: =Custos!D14 -> DNIT | E11: =Custos!B14 -> Engenheiro de Projetos Pleno | F11: =Custos!J14 -> 85.36 | G11: hora | H11: ='Horas trabalhadas'!F10 -> 51.082784 | I11: =H11*F11 -> 4360.4264 | J11: =(I11*K!$G$23) -> 7592.8171 | K11: =J11/$J$53 -> 0.17139379
A12: c) | B12: ='P1'!B12 -> P8065 | C12: =Custos!G15 -> abr/2024 | D12: =Custos!D15 -> DNIT | E12: =Custos!B15 -> Engenheiro de Projetos Júnior | F12: =Custos!J15 -> 82.75 | G12: hora | H12: ='Horas trabalhadas'!F11 -> 51.082784 | I12: =H12*F12 -> 4227.1003 | J12: =(I12*K!$G$23) -> 7360.6562 | K12: =J12/$J$53 -> 0.16615319
A13: d) | B13: ='P1'!B13 -> P8155 | C13: =Custos!G16 -> abr/2024 | D13: =Custos!D16 -> DNIT | E13: =Custos!B16 -> Técnico cadista | F13: =Custos!J16 -> 19.32 | G13: hora | H13: ='Horas trabalhadas'!F12 -> 0 | I13: =H13*F13 -> 0 | J13: =(I13*K!$G$23) -> 0 | K13: =J13/$J$53 -> 0
A14: e) | B14: ='P1'!B13 -> P8155 | C14: =Custos!G17 -> abr/2024 | D14: =Custos!D17 -> DNIT | E14: =Custos!B17 -> Auxiliar Administrativo | F14: =Custos!J17 -> 12.7 | G14: hora | H14: ='Horas trabalhadas'!F13 -> 170.27595 | I14: =H14*F14 -> 2162.5045 | J14: =(I14*K!$G$23) -> 3765.5723 | K14: =J14/$J$53 -> 0.085000827
A16: 2 | B16: CONSULTORES | J16: =J18 -> 11397.528 | K16: =J16/$J$53 -> 0.25727809
A18: 2.1 | B18: CONSULTORES | J18: =SUM(J19:J24) -> 11397.528 | K18: =SUM(K19:K24) -> 0.25727809
A19: a) | B19: ='P1'!B19 -> P8003 | C19: =Custos!G22 -> abr/2024 | D19: =Custos!D22 -> DNIT | E19: =Custos!B22 -> Advogado sênior | F19: =Custos!J22 -> 76.88 | G19: hora | H19: ='Horas trabalhadas'!F14 -> 85.137973 | I19: =H19*F19 -> 6545.4073 | J19: =(I19*K!$G$23) -> 11397.528 | K19: =J19/$J$53 -> 0.25727809
A20: b) | B20: ='P1'!B20 -> P8067 | C20: =Custos!G23 -> abr/2024 | D20: =Custos!D23 -> DNIT | E20: =Custos!B23 -> Engenheiro de Projetos (Elétrico) | F20: =Custos!J23 -> 107.32 | G20: hora | H20: ='Horas trabalhadas'!F15 -> 0 | I20: =H20*F20 -> 0 | J20: =(I20*K!$G$23) -> 0 | K20: =J20/$J$53 -> 0
A21: c) | B21: ='P1'!B21 -> P8067 | C21: =Custos!G24 -> abr/2024 | D21: =Custos!D24 -> DNIT | E21: =Custos!B24 -> Engenheiro de Projeto (Calculista) | F21: =Custos!J24 -> 107.32 | G21: hora | H21: ='Horas trabalhadas'!F16 -> 0 | I21: =H21*F21 -> 0 | J21: =(I21*K!$G$23) -> 0 | K21: =J21/$J$53 -> 0
A22: d) | B22: ='P1'!B22 -> P8067 | C22: =Custos!G25 -> abr/2024 | D22: =Custos!D25 -> DNIT | E22: =Custos!B25 -> Engenheiro de Projetos (Mecânico) | F22: =Custos!J25 -> 107.32 | G22: hora | H22: ='Horas trabalhadas'!F17 -> 0 | I22: =H22*F22 -> 0 | J22: =(I22*K!$G$23) -> 0 | K22: =J22/$J$53 -> 0
A23: e) | B23: ='P1'!B23 -> P8059 | C23: =Custos!G26 -> abr/2024 | D23: =Custos!D27 -> DNIT | E23: =Custos!B26 -> Engenheiro ambiental | F23: =Custos!J26 -> 100.92 | G23: hora | H23: ='Horas trabalhadas'!F18 -> 0 | I23: =H23*F23 -> 0 | J23: =(I23*K!$G$23) -> 0 | K23: =J23/$J$53 -> 0
A24: f) | B24: ='P1'!B24 -> P8155 | C24: =Custos!G27 -> abr/2024 | D24: =Custos!D27 -> DNIT | E24: =Custos!B27 -> Técnico em geoprocessamento | F24: =Custos!J27 -> 14.35 | G24: hora | H24: ='Horas trabalhadas'!F19 -> 0 | I24: =H24*F24 -> 0 | J24: =(I24*K!$G$23) -> 0 | K24: =J24/$J$53 -> 0
A26: 3 | B26: SERVIÇOS DE APOIO TÉCNICO | J26: =J28+J33+J39+J43 -> 731.11254 | K26: =J26/$J$53 -> 0.016503513
A28: 3.1 | B28: SERVIÇOS DE TOPOGRAFIA | J28: =SUM(J29:J31) -> 0 | K28: =SUM(K29:K31) -> 0
A29: a) | B29: ='P1'!B29 -> 65003710 | C29: =Custos!G38 -> set/2024 | D29: =Custos!D38 -> COPASA | E29: =Custos!B38 -> Mobilização e desmobilização de equipe de topografia | F29: =Custos!J38 -> 4.62 | G29: =Custos!H38 -> km | H29: =Serviços!F9 -> 0 | I29: =H29*F29 -> 0 | J29: =(I29*K!$G$24) -> 0 | K29: =J29/$J$53 -> 0
A30: b) | B30: ='P1'!B30 -> 65001667 | C30: =Custos!G39 -> set/2024 | D30: =Custos!D39 -> COPASA | E30: =Custos!B39 -> Equipe de topografia de campo | F30: =Custos!J39 -> 50814.45 | G30: =Custos!H39 -> mês | H30: =Serviços!F10 -> 0 | I30: =H30*F30 -> 0 | J30: =(I30*K!$G$24) -> 0 | K30: =J30/$J$53 -> 0
A31: c) | B31: ='P1'!B31 -> 65001668 | C31: =Custos!G40 -> set/2024 | D31: =Custos!D40 -> COPASA | E31: =Custos!B40 -> Equipe de topografia de escritório | F31: =Custos!J40 -> 26804.01 | G31: =Custos!H40 -> mês | H31: =Serviços!F11 -> 0 | I31: =H31*F31 -> 0 | J31: =(I31*K!$G$24) -> 0 | K31: =J31/$J$53 -> 0
A33: 3.2 | B33: SERVIÇOS DE SONDAGEM | J33: =SUM(J34:J37) -> 0 | K33: =SUM(K34:K37) -> 0
A34: a) | B34: ='P1'!B34 -> 65001207 | C34: =Custos!G32 -> set/2024 | D34: =Custos!D32 -> COPASA | E34: =Custos!B32 -> Sondagem a percussao - mobilizacao e desmobilizacao | F34: =Custos!J32 -> 1316.83 | G34: =Custos!H32 -> unidade | H34: =Serviços!F14 -> 0 | I34: =H34*F34 -> 0 | J34: =(I34*K!$G$24) -> 0 | K34: =J34/$J$53 -> 0
A35: b) | B35: ='P1'!B35 -> 65001208 | C35: =Custos!G33 -> set/2024 | D35: =Custos!D33 -> COPASA | E35: =Custos!B33 -> Sondagem a percussao - adicional de mobilizacao e desmobilizacao | F35: =Custos!J33 -> 9.32 | G35: =Custos!H33 -> km | H35: =Serviços!F15 -> 0 | I35: =H35*F35 -> 0 | J35: =(I35*K!$G$24) -> 0 | K35: =J35/$J$53 -> 0
A36: c) | B36: ='P1'!B36 -> 65001209 | C36: =Custos!G34 -> set/2024 | D36: =Custos!D34 -> COPASA | E36: =Custos!B34 -> Sondagem a percussao - instalacao por furo | F36: =Custos!J34 -> 482.46 | G36: =Custos!H34 -> unidade | H36: =Serviços!F16 -> 0 | I36: =H36*F36 -> 0 | J36: =(I36*K!$G$24) -> 0 | K36: =J36/$J$53 -> 0
A37: d) | B37: ='P1'!B37 -> 65001210 | C37: =Custos!G35 -> set/2024 | D37: =Custos!D35 -> COPASA | E37: =Custos!B35 -> Sondagem a percussao ø2.1/2" - perfuracao e retirada de amostras | F37: =Custos!J35 -> 145.2 | G37: =Custos!H35 -> m | H37: =Serviços!F17 -> 0 | I37: =H37*F37 -> 0 | J37: =(I37*K!$G$24) -> 0 | K37: =J37/$J$53 -> 0
A39: 3.3 | B39: CADASTRO TÉCNICO | J39: =SUM(J40:J41) -> 0 | K39: =SUM(K40:K41) -> 0
A40: a) | B40: ='P1'!B40 -> 65001667 | C40: =Custos!G43 -> set/2024 | D40: =Custos!D43 -> COPASA | E40: =Custos!B43 -> Equipe de topografia de campo | F40: =Custos!J43 -> 50814.45 | G40: =Custos!H43 -> mês | H40: =Serviços!F12 -> 0 | I40: =H40*F40 -> 0 | J40: =(I40*K!$G$24) -> 0 | K40: =J40/$J$53 -> 0
A41: b) | B41: ='P1'!B41 -> 65001668 | C41: =Custos!G44 -> set/2024 | D41: =Custos!D44 -> COPASA | E41: =Custos!B44 -> Equipe de topografia de escritório | F41: =Custos!J44 -> 26804.01 | G41: =Custos!H44 -> mês | H41: =Serviços!F13 -> 0 | I41: =H41*F41 -> 0 | J41: =(I41*K!$G$24) -> 0 | K41: =J41/$J$53 -> 0
A43: 3.4 | B43: ANÁLISE DE ÁGUA | J43: =SUM(J44:J45) -> 731.11254 | K43: =SUM(K44:K45) -> 0.016503513
A44: a) | B44: =Custos!E49 -> 65001114 | C44: =Custos!G49 -> set/2024 | D44: =Custos!D49 -> COPASA | E44: =Custos!B49 -> Análise fisico-química da água | F44: =Custos!J49 -> 371.18 | G44: =Custos!H49 -> unidade | H44: =Serviços!F18 -> 1 | I44: =H44*F44 -> 371.18 | J44: =(I44*K!$G$24) -> 552.17994 | K44: =J44/$J$53 -> 0.01246444
A45: b) | B45: =Custos!E50 -> 65001115 | C45: =Custos!G50 -> set/2024 | D45: =Custos!D50 -> COPASA | E45: =Custos!B50 -> Analise bactereologica da água | F45: =Custos!J50 -> 120.28 | G45: =Custos!H50 -> unidade | H45: =Serviços!F19 -> 1 | I45: =H45*F45 -> 120.28 | J45: =(I45*K!$G$24) -> 178.9326 | K45: =J45/$J$53 -> 0.0040390723
A46: 4. | B46: DESPESAS DIVERSAS | J46: =J48 -> 2494.9163 | K46: =J46/$J$53 -> 0.05631812
A48: 4.1 | B48: OUTRAS DESPESAS | J48: =SUM(J49:J51) -> 2494.9163 | K48: =SUM(K49:K51) -> 0.05631812
A49: c) | B49: =Custos!F52 -> - | C49: =Custos!G52 -> out/2024 | D49: =Custos!D52 -> Composição | E49: =Custos!B52 -> Veículo tipo pick-up 4X4 | F49: =Custos!J52 -> 2491.71 | G49: ='P1'!G49 -> R$/dia | H49: =Serviços!F20 -> 0.5 | I49: =H49*F49 -> 1245.855 | J49: =(I49*K!$G$25) -> 1580.1655 | K49: =J49/$J$53 -> 0.035669311
A50: d) | B50: =Custos!F53 -> - | C50: =Custos!G53 -> out/2024 | D50: =Custos!D53 -> AGEVAP | E50: =Custos!B53 -> Refeições | F50: =Custos!J53 -> 25.61 | G50: ='P1'!G50 -> unidade | H50: =Serviços!F21 -> 2 | I50: =H50*F50 -> 51.22 | J50: =(I50*K!$G$25) -> 64.964282 | K50: =J50/$J$53 -> 0.0014664484
A51: e) | B51: =Custos!F54 -> - | C51: =Custos!G54 -> out/2024 | D51: =Custos!D54 -> AGEVAP | E51: =Custos!B54 -> Diárias | F51: =Custos!J54 -> 335 | G51: ='P1'!G51 -> unidade | H51: =Serviços!F22 -> 2 | I51: =H51*F51 -> 670 | J51: =(I51*K!$G$25) -> 849.78659 | K51: =J51/$J$53 -> 0.01918236
A53: VALOR TOTAL - Inclusos K's | I53: R$ | J53: =ROUND((J7+J16+J26+J46),2) -> 44300.42 | K53: =K7+K16+K26+K46 -> 0.99999995
A55: Observações:
A56: 1- | B56: Os K's foram calculados através de fórmulas estabelecidas pelo Acórdão 1787/2011. Os parâmetros utilizados foram estabelecidos pela Nota Técnica Conjunta nº 01/2012/SIP/SAF da Agência Nacional de Águas.
A57: 2- | B57: A remuneração horária é determinada dividindo-se o valor da remuneração mensal pela carga horária efetivamente trabalhada.
A58: 3- | B58: No valor do veículo já estão inclusos os valores de locação, gasolina, manutenção e pedágio.
A60: Adriano Ferreira Batista | F60: Alex Cardoso Pereira
A61: Técnico Pleno - Escola de Projetos | F61: Assessor
A62: AGEDOCE | F62: AGEDOCE
A64: André Luis de Paula Marques
A65: Diretor Presidente
A66: AGEDOCE

Sheet P5
D1: ='P4'!D1 -> ORÇAMENTO PARA ELABORAÇÃO DE PROJETOS DE SISTEMA DE ESGOTAMENTO SANITÁRIO
A2: Produto 5: | C2: ='Horas trabalhadas'!G8 -> Projeto Básico | J2: Data: | K2: ='Dados Básicos do município'!H4 -> 46139
A3: Comitê: | C3: ='Dados Básicos do município'!B5 -> CBH-SANTO ANTÔNIO
A4: Município: | C4: ='Dados Básicos do município'!B6 -> Açucena/MG
A6: Item | B6: Código | C6: Data-Base | D6: Órgão | E6: Descrição | F6: Custo unitário (R$) | H6: Quantitativo | I6: Custo total (R$) | J6: Custo total com K (R$) | K6: Peso (%)
A7: 1 | B7: EQUIPE TÉCNICA | J7: =J9 -> 73474.322 | K7: =J7/$J$53 -> 0.79374498
A9: 1.1 | B9: PERMANENTE | J9: =SUM(J10:J14) -> 73474.322 | K9: =SUM(K10:K14) -> 0.79374498
A10: a) | B10: ='P1'!B10 -> P8061 | C10: =Custos!G13 -> abr/2024 | D10: =Custos!$D$13 -> DNIT | E10: =Custos!B13 -> Engenheiro Coordenador | F10: =Custos!J13 -> 123.19 | G10: hora | H10: ='Horas trabalhadas'!G9 -> 68.110378 | I10: =H10*F10 -> 8390.5175 | J10: =(I10*K!$G$23) -> 14610.421 | K10: =J10/$J$53 -> 0.15783675
A11: b) | B11: ='P1'!B11 -> P8066 | C11: =Custos!G14 -> abr/2024 | D11: =Custos!D14 -> DNIT | E11: =Custos!B14 -> Engenheiro de Projetos Pleno | F11: =Custos!J14 -> 85.36 | G11: hora | H11: ='Horas trabalhadas'!G10 -> 136.22076 | I11: =H11*F11 -> 11627.804 | J11: =(I11*K!$G$23) -> 20247.512 | K11: =J11/$J$53 -> 0.21873439
A12: c) | B12: ='P1'!B12 -> P8065 | C12: =Custos!G15 -> abr/2024 | D12: =Custos!D15 -> DNIT | E12: =Custos!B15 -> Engenheiro de Projetos Júnior | F12: =Custos!J15 -> 82.75 | G12: hora | H12: ='Horas trabalhadas'!G11 -> 136.22076 | I12: =H12*F12 -> 11272.268 | J12: =(I12*K!$G$23) -> 19628.416 | K12: =J12/$J$53 -> 0.21204629
A13: d) | B13: ='P1'!B13 -> P8155 | C13: =Custos!G16 -> abr/2024 | D13: =Custos!D16 -> DNIT | E13: =Custos!B16 -> Técnico cadista | F13: =Custos!J16 -> 19.32 | G13: hora | H13: ='Horas trabalhadas'!G12 -> 340.55189 | I13: =H13*F13 -> 6579.4625 | J13: =(I13*K!$G$23) -> 11456.828 | K13: =J13/$J$53 -> 0.12376841
A14: e) | B14: ='P1'!B14 -> P8026 | C14: =Custos!G17 -> abr/2024 | D14: =Custos!D17 -> DNIT | E14: =Custos!B17 -> Auxiliar Administrativo | F14: =Custos!J17 -> 12.7 | G14: hora | H14: ='Horas trabalhadas'!G13 -> 340.55189 | I14: =H14*F14 -> 4325.009 | J14: =(I14*K!$G$23) -> 7531.1447 | K14: =J14/$J$53 -> 0.081359149
A16: 2 | B16: CONSULTORES | J16: =J18 -> 19092.341 | K16: =J16/$J$53 -> 0.20625505
A18: 2.1 | B18: CONSULTORES | J18: =SUM(J19:J24) -> 19092.341 | K18: =SUM(K19:K24) -> 0.20625505
A19: a) | B19: ='P1'!B19 -> P8003 | C19: =Custos!G22 -> abr/2024 | D19: =Custos!D22 -> DNIT | E19: =Custos!B22 -> Advogado sênior | F19: =Custos!J22 -> 76.88 | G19: hora | H19: ='Horas trabalhadas'!G14 -> 0 | I19: =H19*F19 -> 0 | J19: =(I19*K!$G$23) -> 0 | K19: =J19/$J$53 -> 0
A20: b) | B20: ='P1'!B20 -> P8067 | C20: =Custos!G23 -> abr/2024 | D20: =Custos!D23 -> DNIT | E20: =Custos!B23 -> Engenheiro de Projetos (Elétrico) | F20: =Custos!J23 -> 107.32 | G20: hora | H20: ='Horas trabalhadas'!G15 -> 34.055189 | I20: =H20*F20 -> 3654.8029 | J20: =(I20*K!$G$23) -> 6364.1138 | K20: =J20/$J$53 -> 0.068751684
A21: c) | B21: ='P1'!B21 -> P8067 | C21: =Custos!G24 -> abr/2024 | D21: =Custos!D24 -> DNIT | E21: =Custos!B24 -> Engenheiro de Projeto (Calculista) | F21: =Custos!J24 -> 107.32 | G21: hora | H21: ='Horas trabalhadas'!G16 -> 34.055189 | I21: =H21*F21 -> 3654.8029 | J21: =(I21*K!$G$23) -> 6364.1138 | K21: =J21/$J$53 -> 0.068751684
A22: d) | B22: ='P1'!B22 -> P8067 | C22: =Custos!G25 -> abr/2024 | D22: =Custos!D25 -> DNIT | E22: =Custos!B25 -> Engenheiro de Projetos (Mecânico) | F22: =Custos!J25 -> 107.32 | G22: hora | H22: ='Horas trabalhadas'!G17 -> 34.055189 | I22: =H22*F22 -> 3654.8029 | J22: =(I22*K!$G$23) -> 6364.1138 | K22: =J22/$J$53 -> 0.068751684
A23: e) | B23: ='P1'!B23 -> P8059 | C23: =Custos!G26 -> abr/2024 | D23: =Custos!D26 -> DNIT | E23: =Custos!B26 -> Engenheiro ambiental | F23: =Custos!J26 -> 100.92 | G23: hora | H23: ='Horas trabalhadas'!G18 -> 0 | I23: =H23*F23 -> 0 | J23: =(I23*K!$G$23) -> 0 | K23: =J23/$J$53 -> 0
A24: f) | B24: ='P1'!B24 -> P8155 | C24: =Custos!G27 -> abr/2024 | D24: =Custos!D27 -> DNIT | E24: =Custos!B27 -> Técnico em geoprocessamento | F24: =Custos!J27 -> 14.35 | G24: hora | H24: ='Horas trabalhadas'!G19 -> 0 | I24: =H24*F24 -> 0 | J24: =(I24*K!$G$23) -> 0 | K24: =J24/$J$53 -> 0
A26: 3 | B26: SERVIÇOS DE APOIO TÉCNICO | J26: =J28+J33+J39+J46 -> 0 | K26: =J26/$J$53 -> 0
A28: 3.1 | B28: SERVIÇOS DE TOPOGRAFIA | J28: =SUM(J29:J31) -> 0 | K28: =SUM(K29:K31) -> 0
A29: a) | B29: ='P1'!B29 -> 65003710 | C29: =Custos!G38 -> set/2024 | D29: =Custos!D38 -> COPASA | E29: =Custos!B38 -> Mobilização e desmobilização de equipe de topografia | F29: =Custos!J38 -> 4.62 | G29: =Custos!H38 -> km | H29: =Serviços!G9 -> 0 | I29: =H29*F29 -> 0 | J29: =(I29*K!$G$24) -> 0 | K29: =J29/$J$53 -> 0
A30: b) | B30: ='P1'!B30 -> 65001667 | C30: =Custos!G39 -> set/2024 | D30: =Custos!D39 -> COPASA | E30: =Custos!B39 -> Equipe de topografia de campo | F30: =Custos!J39 -> 50814.45 | G30: =Custos!H39 -> mês | H30: =Serviços!G10 -> 0 | I30: =H30*F30 -> 0 | J30: =(I30*K!$G$24) -> 0 | K30: =J30/$J$53 -> 0
A31: c) | B31: ='P1'!B31 -> 65001668 | C31: =Custos!G40 -> set/2024 | D31: =Custos!D40 -> COPASA | E31: =Custos!B40 -> Equipe de topografia de escritório | F31: =Custos!J40 -> 26804.01 | G31: =Custos!H40 -> mês | H31: =Serviços!G11 -> 0 | I31: =H31*F31 -> 0 | J31: =(I31*K!$G$24) -> 0 | K31: =J31/$J$53 -> 0
A33: 3.2 | B33: SERVIÇOS DE SONDAGEM | J33: =SUM(J34:J37) -> 0 | K33: =SUM(K35:K36) -> 0
A34: a) | B34: ='P1'!B34 -> 65001207 | C34: =Custos!G32 -> set/2024 | D34: =Custos!D32 -> COPASA | E34: =Custos!B32 -> Sondagem a percussao - mobilizacao e desmobilizacao | F34: =Custos!J32 -> 1316.83 | G34: =Custos!H32 -> unidade | H34: =Serviços!G14 -> 0 | I34: =H34*F34 -> 0 | J34: =(I34*K!$G$24) -> 0 | K34: =J34/$J$53 -> 0
A35: b) | B35: ='P1'!B35 -> 65001208 | C35: =Custos!G33 -> set/2024 | D35: =Custos!D33 -> COPASA | E35: =Custos!B33 -> Sondagem a percussao - adicional de mobilizacao e desmobilizacao | F35: =Custos!J33 -> 9.32 | G35: =Custos!H33 -> km | H35: =Serviços!G15 -> 0 | I35: =H35*F35 -> 0 | J35: =(I35*K!$G$24) -> 0 | K35: =J35/$J$53 -> 0
A36: c) | B36: ='P1'!B36 -> 65001209 | C36: =Custos!G34 -> set/2024 | D36: =Custos!D34 -> COPASA | E36: =Custos!B34 -> Sondagem a percussao - instalacao por furo | F36: =Custos!J34 -> 482.46 | G36: =Custos!H34 -> unidade | H36: =Serviços!G16 -> 0 | I36: =H36*F36 -> 0 | J36: =(I36*K!$G$24) -> 0 | K36: =J36/$J$53 -> 0
A37: d) | B37: ='P1'!B37 -> 65001210 | C37: =Custos!G35 -> set/2024 | D37: =Custos!D35 -> COPASA | E37: =Custos!B35 -> Sondagem a percussao ø2.1/2" - perfuracao e retirada de amostras | F37: =Custos!J35 -> 145.2 | G37: =Custos!H35 -> m | H37: =Serviços!G17 -> 0 | I37: =H37*F37 -> 0 | J37: =(I37*K!$G$24) -> 0 | K37: =J37/$J$53 -> 0
A39: 3.3 | B39: CADASTRO TÉCNICO | J39: =SUM(J40:J41) -> 0 | K39: =SUM(K40:K41) -> 0
A40: a) | B40: ='P1'!B40 -> 65001667 | C40: =Custos!G43 -> set/2024 | D40: =Custos!D43 -> COPASA | E40: =Custos!B43 -> Equipe de topografia de campo | F40: =Custos!J43 -> 50814.45 | G40: =Custos!H43 -> mês | H40: =Serviços!G12 -> 0 | I40: =H40*F40 -> 0 | J40: =(I40*K!$G$24) -> 0 | K40: =J40/$J$53 -> 0
A41: b) | B41: ='P1'!B41 -> 65001668 | C41: =Custos!G44 -> set/2024 | D41: =Custos!D44 -> COPASA | E41: =Custos!B44 -> Equipe de topografia de escritório | F41: =Custos!J44 -> 26804.01 | G41: =Custos!H44 -> mês | H41: =Serviços!G13 -> 0 | I41: =H41*F41 -> 0 | J41: =(I41*K!$G$24) -> 0 | K41: =J41/$J$53 -> 0
A43: 3.4 | B43: ANÁLISE DE ÁGUA | J43: =SUM(J44:J45) -> 0 | K43: =SUM(K44:K45) -> 0
A44: a) | B44: =Custos!E49 -> 65001114 | C44: =Custos!G49 -> set/2024 | D44: =Custos!D49 -> COPASA | E44: =Custos!B49 -> Análise fisico-química da água | F44: =Custos!J49 -> 371.18 | G44: =Custos!H49 -> unidade | H44: =Serviços!G18 -> 0 | I44: =H44*F44 -> 0 | J44: =(I44*K!$G$24) -> 0 | K44: =J44/$J$53 -> 0
A45: b) | B45: =Custos!E50 -> 65001115 | C45: =Custos!G50 -> set/2024 | D45: =Custos!D50 -> COPASA | E45: =Custos!B50 -> Analise bactereologica da água | F45: =Custos!J50 -> 120.28 | G45: =Custos!H50 -> unidade | H45: =Serviços!G19 -> 0 | I45: =H45*F45 -> 0 | J45: =(I45*K!$G$24) -> 0 | K45: =J45/$J$53 -> 0
A46: 4. | B46: DESPESAS DIVERSAS | J46: =J48 -> 0 | K46: =J46/$J$53 -> 0
A48: 4.1 | B48: OUTRAS DESPESAS | J48: =SUM(J49:J51) -> 0 | K48: =SUM(K49:K51) -> 0
A49: a) | B49: =Custos!F52 -> - | C49: =Custos!G52 -> out/2024 | D49: =Custos!D52 -> Composição | E49: =Custos!B52 -> Veículo tipo pick-up 4X4 | F49: =Custos!J52 -> 2491.71 | G49: ='P1'!G49 -> R$/dia | H49: =Serviços!G20 -> 0 | I49: =H49*F49 -> 0 | J49: =(I49*K!$G$25) -> 0 | K49: =J49/$J$53 -> 0
A50: b) | B50: =Custos!F53 -> - | C50: =Custos!G53 -> out/2024 | D50: =Custos!D53 -> AGEVAP | E50: =Custos!B53 -> Refeições | F50: ='P1'!F50 -> 25.61 | G50: ='P1'!G50 -> unidade | H50: =Serviços!G21 -> 0 | I50: =H50*F50 -> 0 | J50: =(I50*K!$G$25) -> 0 | K50: =J50/$J$53 -> 0
A51: c) | B51: =Custos!F54 -> - | C51: =Custos!G54 -> out/2024 | D51: =Custos!D54 -> AGEVAP | E51: =Custos!B54 -> Diárias | F51: ='P1'!F51 -> 335 | G51: ='P1'!G51 -> unidade | H51: =Serviços!G22 -> 0 | I51: =H51*F51 -> 0 | J51: =(I51*K!$G$25) -> 0 | K51: =J51/$J$53 -> 0
A53: VALOR TOTAL - Inclusos K's | I53: R$ | J53: =ROUND((J7+J16+J26+J46),2) -> 92566.66 | K53: =K7+K16+K26+K46 -> 1
A55: Observações:
A56: 1- | B56: Os K's foram calculados através de fórmulas estabelecidas pelo Acórdão 1787/2011. Os parâmetros utilizados foram estabelecidos pela Nota Técnica Conjunta nº 01/2012/SIP/SAF da Agência Nacional de Águas.
A57: 2- | B57: A remuneração horária é determinada dividindo-se o valor da remuneração mensal pela carga horária efetivamente trabalhada.
A58: 3- | B58: No valor do veículo já estão inclusos os valores de locação, gasolina, manutenção e pedágio.
A60: Adriano Ferreira Batista | F60: Alex Cardoso Pereira
A61: Técnico Pleno - Escola de Projetos | F61: Assessor
A62: AGEDOCE | F62: AGEDOCE
A64: André Luis de Paula Marques
A65: Diretor Presidente
A66: AGEDOCE

Sheet P6
D1: ORÇAMENTO PARA ELABORAÇÃO DE PROJETO DE SISTEMA DE ESGOTAMENTO SANITÁRIO
A2: Produto 6: | C2: ='Horas trabalhadas'!H8 -> Estudos Geotécnicos | J2: Data: | K2: ='Dados Básicos do município'!H4 -> 46139
A3: Comitê: | C3: ='Dados Básicos do município'!B5 -> CBH-SANTO ANTÔNIO
A4: Município: | C4: ='Dados Básicos do município'!B6 -> Açucena/MG
A6: Item | B6: Código | C6: Data-Base | D6: Órgão | E6: Descrição | F6: Custo unitário (R$) | H6: Quantitativo | I6: Custo total (R$) | J6: Custo total com K (R$) | K6: Peso (%)
A7: 1 | B7: EQUIPE TÉCNICA | J7: =J9 -> 3709.0888 | K7: =J7/$J$53 -> 0.095716468
A9: 1.1 | B9: PERMANENTE | J9: =SUM(J10:J14) -> 3709.0888 | K9: =SUM(K10:K14) -> 0.095716468
A10: a) | B10: ='P1'!B10 -> P8061 | C10: =Custos!G13 -> abr/2024 | D10: =Custos!$D$13 -> DNIT | E10: =Custos!B13 -> Engenheiro Coordenador | F10: =Custos!J13 -> 123.19 | G10: hora | H10: ='Horas trabalhadas'!H9 -> 8.5137973 | I10: =F10*H10 -> 1048.8147 | J10: =(I10*K!$G$23) -> 1826.3026 | K10: =J10/$J$53 -> 0.047129429
A11: b) | B11: ='P1'!B11 -> P8066 | C11: =Custos!G14 -> abr/2024 | D11: =Custos!D14 -> DNIT | E11: =Custos!B14 -> Engenheiro de Projetos Pleno | F11: =Custos!J14 -> 85.36 | G11: hora | H11: ='Horas trabalhadas'!H10 -> 0 | I11: =F11*H11 -> 0 | J11: =(I11*K!$G$23) -> 0 | K11: =J11/$J$53 -> 0
A12: c) | B12: ='P1'!B12 -> P8065 | C12: =Custos!G15 -> abr/2024 | D12: =Custos!D15 -> DNIT | E12: =Custos!B15 -> Engenheiro de Projetos Júnior | F12: =Custos!J15 -> 82.75 | G12: hora | H12: ='Horas trabalhadas'!H11 -> 0 | I12: =F12*H12 -> 0 | J12: =(I12*K!$G$23) -> 0 | K12: =J12/$J$53 -> 0
A13: d) | B13: ='P1'!B13 -> P8155 | C13: =Custos!G16 -> abr/2024 | D13: =Custos!D16 -> DNIT | E13: =Custos!B16 -> Técnico cadista | F13: =Custos!J16 -> 19.32 | G13: hora | H13: ='Horas trabalhadas'!H12 -> 0 | I13: =F13*H13 -> 0 | J13: =(I13*K!$G$23) -> 0 | K13: =J13/$J$53 -> 0
A14: e) | B14: ='P1'!B14 -> P8026 | C14: =Custos!G17 -> abr/2024 | D14: =Custos!D17 -> DNIT | E14: =Custos!B17 -> Auxiliar Administrativo | F14: =Custos!J17 -> 12.7 | G14: hora | H14: ='Horas trabalhadas'!H13 -> 85.137973 | I14: =F14*H14 -> 1081.2523 | J14: =(I14*K!$G$23) -> 1882.7862 | K14: =J14/$J$53 -> 0.04858704
A16: 2 | B16: CONSULTORES | J16: =J18 -> 0 | K16: =J16/$J$53 -> 0
A18: 2.1 | B18: CONSULTORES | J18: =SUM(J19:J24) -> 0 | K18: =SUM(K19:K24) -> 0
A19: a) | B19: ='P1'!B19 -> P8003 | C19: =Custos!G22 -> abr/2024 | D19: =Custos!D22 -> DNIT | E19: =Custos!B22 -> Advogado sênior | F19: =Custos!J22 -> 76.88 | G19: hora | H19: ='Horas trabalhadas'!H14 -> 0 | I19: =F19*H19 -> 0 | J19: =(I19*K!$G$23) -> 0 | K19: =J19/$J$53 -> 0
A20: b) | B20: ='P1'!B20 -> P8067 | C20: =Custos!G23 -> abr/2024 | D20: =Custos!D23 -> DNIT | E20: =Custos!B23 -> Engenheiro de Projetos (Elétrico) | F20: =Custos!J23 -> 107.32 | G20: hora | H20: ='Horas trabalhadas'!H15 -> 0 | I20: =F20*H20 -> 0 | J20: =(I20*K!$G$23) -> 0 | K20: =J20/$J$53 -> 0
A21: c) | B21: ='P1'!B21 -> P8067 | C21: =Custos!G24 -> abr/2024 | D21: =Custos!D24 -> DNIT | E21: =Custos!B24 -> Engenheiro de Projeto (Calculista) | F21: =Custos!J24 -> 107.32 | G21: hora | H21: ='Horas trabalhadas'!H16 -> 0 | I21: =F21*H21 -> 0 | J21: =(I21*K!$G$23) -> 0 | K21: =J21/$J$53 -> 0
A22: d) | B22: ='P1'!B22 -> P8067 | C22: =Custos!G25 -> abr/2024 | D22: =Custos!D25 -> DNIT | E22: =Custos!B25 -> Engenheiro de Projetos (Mecânico) | F22: =Custos!J25 -> 107.32 | G22: hora | H22: ='Horas trabalhadas'!H17 -> 0 | I22: =F22*H22 -> 0 | J22: =(I22*K!$G$23) -> 0 | K22: =J22/$J$53 -> 0
A23: e) | B23: ='P1'!B23 -> P8059 | C23: =Custos!G26 -> abr/2024 | D23: =Custos!D27 -> DNIT | E23: =Custos!B26 -> Engenheiro ambiental | F23: =Custos!J26 -> 100.92 | G23: hora | H23: ='Horas trabalhadas'!H18 -> 0 | I23: =F23*H23 -> 0 | J23: =(I23*K!$G$23) -> 0 | K23: =J23/$J$53 -> 0
A24: f) | B24: ='P1'!B24 -> P8155 | C24: =Custos!G27 -> abr/2024 | D24: =Custos!D27 -> DNIT | E24: =Custos!B27 -> Técnico em geoprocessamento | F24: =Custos!J27 -> 14.35 | G24: hora | H24: ='Horas trabalhadas'!H19 -> 0 | I24: =F24*H24 -> 0 | J24: =(I24*K!$G$23) -> 0 | K24: =J24/$J$53 -> 0
A26: 3 | B26: SERVIÇOS DE APOIO TÉCNICO | J26: =J28+J33+J39+J43 -> 35041.704 | K26: =J26/$J$53 -> 0.9042836
A28: 3.1 | B28: SERVIÇOS DE TOPOGRAFIA | J28: =SUM(J29:J31) -> 0 | K28: =SUM(K29:K31) -> 0
A29: a) | B29: ='P1'!B29 -> 65003710 | C29: =Custos!G38 -> set/2024 | D29: =Custos!D38 -> COPASA | E29: =Custos!B38 -> Mobilização e desmobilização de equipe de topografia | F29: =Custos!J38 -> 4.62 | G29: =Custos!H38 -> km | H29: =Serviços!H9 -> 0 | I29: =F29*H29 -> 0 | J29: =(I29*K!$G$24) -> 0 | K29: =J29/$J$53 -> 0
A30: b) | B30: ='P1'!B30 -> 65001667 | C30: =Custos!G39 -> set/2024 | D30: =Custos!D39 -> COPASA | E30: =Custos!B39 -> Equipe de topografia de campo | F30: =Custos!J39 -> 50814.45 | G30: =Custos!H39 -> mês | H30: =Serviços!H10 -> 0 | I30: =F30*H30 -> 0 | J30: =(I30*K!$G$24) -> 0 | K30: =J30/$J$53 -> 0
A31: c) | B31: ='P1'!B31 -> 65001668 | C31: =Custos!G40 -> set/2024 | D31: =Custos!D40 -> COPASA | E31: =Custos!B40 -> Equipe de topografia de escritório | F31: =Custos!J40 -> 26804.01 | G31: =Custos!H40 -> mês | H31: =Serviços!H11 -> 0 | I31: =F31*H31 -> 0 | J31: =(I31*K!$G$24) -> 0 | K31: =J31/$J$53 -> 0
A33: 3.2 | B33: SERVIÇOS DE SONDAGEM | J33: =SUM(J34:J37) -> 35041.704 | K33: =SUM(K35:K36) -> 0.29569258
A34: a) | B34: ='P1'!B34 -> 65001207 | C34: =Custos!G32 -> set/2024 | D34: =Custos!D32 -> COPASA | E34: =Custos!B32 -> Sondagem a percussao - mobilizacao e desmobilizacao | F34: =Custos!J32 -> 1316.83 | G34: =Custos!H32 -> unidade | H34: =Serviços!H14 -> 1 | I34: =F34*H34 -> 1316.83 | J34: =(I34*K!$G$24) -> 1958.9609 | K34: =J34/$J$53 -> 0.050552799
A35: b) | B35: ='P1'!B35 -> 65001208 | C35: =Custos!G33 -> set/2024 | D35: =Custos!D33 -> COPASA | E35: =Custos!B33 -> Sondagem a percussao - adicional de mobilizacao e desmobilizacao | F35: =Custos!J33 -> 9.32 | G35: =Custos!H33 -> km | H35: =Serviços!H15 -> 308.2 | I35: =F35*H35 -> 2872.424 | J35: =(I35*K!$G$24) -> 4273.1152 | K35: =J35/$J$53 -> 0.11027169
A36: c) | B36: ='P1'!B36 -> 65001209 | C36: =Custos!G34 -> set/2024 | D36: =Custos!D34 -> COPASA | E36: =Custos!B34 -> Sondagem a percussao - instalacao por furo | F36: =Custos!J34 -> 482.46 | G36: =Custos!H34 -> unidade | H36: =Serviços!H16 -> 10.011101 | I36: =F36*H36 -> 4829.9557 | J36: =(I36*K!$G$24) -> 7185.2057 | K36: =J36/$J$53 -> 0.18542088
A37: d) | B37: ='P1'!B37 -> 65001210 | C37: =Custos!G35 -> set/2024 | D37: =Custos!D35 -> COPASA | E37: =Custos!B35 -> Sondagem a percussao ø2.1/2" - perfuracao e retirada de amostras | F37: =Custos!J35 -> 145.2 | G37: =Custos!H35 -> m | H37: =Serviços!H17 -> 100.11101 | I37: =F37*H37 -> 14536.118 | J37: =(I37*K!$G$24) -> 21624.422 | K37: =J37/$J$53 -> 0.55803823
A39: 3.3 | B39: CADASTRO TÉCNICO | J39: =SUM(J40:J41) -> 0 | K39: =SUM(K40:K41) -> 0
A40: a) | B40: ='P1'!B40 -> 65001667 | C40: =Custos!G43 -> set/2024 | D40: =Custos!D43 -> COPASA | E40: =Custos!B43 -> Equipe de topografia de campo | F40: =Custos!J43 -> 50814.45 | G40: =Custos!H43 -> mês | H40: =Serviços!H12 -> 0 | I40: =F40*H40 -> 0 | J40: =(I40*K!$G$24) -> 0 | K40: =J40/$J$53 -> 0
A41: b) | B41: ='P1'!B41 -> 65001668 | C41: =Custos!G44 -> set/2024 | D41: =Custos!D44 -> COPASA | E41: =Custos!B44 -> Equipe de topografia de escritório | F41: =Custos!J44 -> 26804.01 | G41: =Custos!H44 -> mês | H41: =Serviços!H13 -> 0 | I41: =F41*H41 -> 0 | J41: =(I41*K!$G$24) -> 0 | K41: =J41/$J$53 -> 0
A43: 3.4 | B43: ANÁLISE DE ÁGUA | J43: =SUM(J44:J45) -> 0 | K43: =SUM(K44:K45) -> 0
A44: a) | B44: =Custos!E49 -> 65001114 | C44: =Custos!G49 -> set/2024 | D44: =Custos!D49 -> COPASA | E44: =Custos!B49 -> Análise fisico-química da água | F44: =Custos!J49 -> 371.18 | G44: =Custos!H49 -> unidade | H44: =Serviços!H18 -> 0 | I44: =H44*F44 -> 0 | J44: =(I44*K!$G$24) -> 0 | K44: =J44/$J$53 -> 0
A45: b) | B45: =Custos!E50 -> 65001115 | C45: =Custos!G50 -> set/2024 | D45: =Custos!D50 -> COPASA | E45: =Custos!B50 -> Analise bactereologica da água | F45: =Custos!J50 -> 120.28 | G45: =Custos!H50 -> unidade | H45: =Serviços!H19 -> 0 | I45: =H45*F45 -> 0 | J45: =(I45*K!$G$24) -> 0 | K45: =J45/$J$53 -> 0
A46: 4. | B46: DESPESAS DIVERSAS | J46: =J48 -> 0 | K46: =J46/$J$53 -> 0
A48: 4.1 | B48: OUTRAS DESPESAS | J48: =SUM(J49:J51) -> 0 | K48: =SUM(K49:K51) -> 0
A49: a) | B49: =Custos!F52 -> - | C49: =Custos!G52 -> out/2024 | D49: =Custos!D52 -> Composição | E49: =Custos!B52 -> Veículo tipo pick-up 4X4 | F49: =Custos!J52 -> 2491.71 | G49: ='P1'!G49 -> R$/dia | H49: =Serviços!H20 -> 0 | I49: =F49*H49 -> 0 | J49: =(I49*K!$G$24) -> 0 | K49: =J49/$J$53 -> 0
A50: b) | B50: =Custos!F53 -> - | C50: =Custos!G53 -> out/2024 | D50: =Custos!D53 -> AGEVAP | E50: =Custos!B53 -> Refeições | F50: ='P1'!F50 -> 25.61 | G50: ='P1'!G50 -> unidade | H50: =Serviços!H21 -> 0 | I50: =F50*H50 -> 0 | J50: =(I50*K!$G$24) -> 0 | K50: =J50/$J$53 -> 0
A51: c) | B51: =Custos!F54 -> - | C51: =Custos!G54 -> out/2024 | D51: =Custos!D54 -> AGEVAP | E51: =Custos!B54 -> Diárias | F51: ='P1'!F51 -> 335 | G51: ='P1'!G51 -> unidade | H51: =Serviços!H22 -> 0 | I51: =F51*H51 -> 0 | J51: =(I51*K!$G$24) -> 0 | K51: =J51/$J$53 -> 0
A53: VALOR TOTAL - Inclusos K's | I53: R$ | J53: =ROUND((J7+J16+J26+J46),2) -> 38750.79 | K53: =K7+K16+K26+K46 -> 1.0000001
A55: Observações:
A56: 1- | B56: Os K's foram calculados através de fórmulas estabelecidas pelo Acórdão 1787/2011. Os parâmetros utilizados foram estabelecidos pela Nota Técnica Conjunta nº 01/2012/SIP/SAF da Agência Nacional de Águas.
A57: 2- | B57: A remuneração horária é determinada dividindo-se o valor da remuneração mensal pela carga horária efetivamente trabalhada.
A58: 3- | B58: No valor do veículo já estão inclusos os valores de locação, gasolina, manutenção e pedágio.
A60: Adriano Ferreira Batista | F60: Alex Cardoso Pereira
A61: Técnico Pleno - Escola de Projetos | F61: Assessor
A62: AGEDOCE | F62: AGEDOCE
A64: André Luis de Paula Marques
A65: Diretor Presidente
A66: AGEDOCE

Sheet P7.1
D1: ORÇAMENTO PARA ELABORAÇÃO DE PROJETO DE SISTEMA DE ESGOTAMENTO SANITÁRIO
A2: Produto 7.1: | C2: =_xlfn.CONCAT('Horas trabalhadas'!I8) -> Estudos Ambientais Preliminares | J2: Data: | K2: ='Dados Básicos do município'!H4 -> 46139
A3: Comitê: | C3: ='Dados Básicos do município'!B5 -> CBH-SANTO ANTÔNIO
A4: Município: | C4: ='Dados Básicos do município'!B6 -> Açucena/MG
A6: Item | B6: Código | C6: Data-Base | D6: Órgão | E6: Descrição | F6: Custo unitário (R$) | H6: Quantitativo | I6: Custo total (R$) | J6: Custo total com K (R$) | K6: Peso (%)
A7: 1 | B7: EQUIPE TÉCNICA | J7: =J9 -> 1854.5444 | K7: =J7/$J$53 -> 0.19865975
A9: 1.1 | B9: PERMANENTE | J9: =SUM(J10:J14) -> 1854.5444 | K9: =SUM(K10:K14) -> 0.19865975
A10: a) | B10: ='P1'!B10 -> P8061 | C10: =Custos!G13 -> abr/2024 | D10: =Custos!$D$13 -> DNIT | E10: =Custos!B13 -> Engenheiro Coordenador | F10: =Custos!J13 -> 123.19 | G10: hora | H10: ='Horas trabalhadas'!I9 -> 4.2568986 | I10: =H10*F10 -> 524.40734 | J10: =(I10*K!$G$23) -> 913.15129 | K10: =J10/$J$53 -> 0.097817237
A11: b) | B11: ='P1'!B11 -> P8066 | C11: =Custos!G14 -> abr/2024 | D11: =Custos!D14 -> DNIT | E11: =Custos!B14 -> Engenheiro de Projetos Pleno | F11: =Custos!J14 -> 85.36 | G11: hora | H11: ='Horas trabalhadas'!I10 -> 0 | I11: =H11*F11 -> 0 | J11: =(I11*K!$G$23) -> 0 | K11: =J11/$J$53 -> 0
A12: c) | B12: ='P1'!B12 -> P8065 | C12: =Custos!G15 -> abr/2024 | D12: =Custos!D15 -> DNIT | E12: =Custos!B15 -> Engenheiro de Projetos Júnior | F12: =Custos!J15 -> 82.75 | G12: hora | H12: ='Horas trabalhadas'!I11 -> 0 | I12: =H12*F12 -> 0 | J12: =(I12*K!$G$23) -> 0 | K12: =J12/$J$53 -> 0
A13: d) | B13: ='P1'!B13 -> P8155 | C13: =Custos!G16 -> abr/2024 | D13: =Custos!D16 -> DNIT | E13: =Custos!B16 -> Técnico cadista | F13: =Custos!J16 -> 19.32 | G13: hora | H13: ='Horas trabalhadas'!I12 -> 0 | I13: =H13*F13 -> 0 | J13: =(I13*K!$G$23) -> 0 | K13: =J13/$J$53 -> 0
A14: e) | B14: ='P1'!B14 -> P8026 | C14: =Custos!G17 -> abr/2024 | D14: =Custos!D17 -> DNIT | E14: =Custos!B17 -> Auxiliar Administrativo | F14: =Custos!J17 -> 12.7 | G14: hora | H14: ='Horas trabalhadas'!I13 -> 42.568986 | I14: =H14*F14 -> 540.62613 | J14: =(I14*K!$G$23) -> 941.39309 | K14: =J14/$J$53 -> 0.10084251
A16: 2 | B16: CONSULTORES | J16: =J18 -> 7480.7394 | K16: =J16/$J$53 -> 0.80134066
A18: 2.1 | B18: CONSULTORES | J18: =SUM(J19:J24) -> 7480.7394 | K18: =SUM(K19:K24) -> 0.80134066
A19: a) | B19: ='P1'!B19 -> P8003 | C19: =Custos!G22 -> abr/2024 | D19: =Custos!D22 -> DNIT | E19: =Custos!B22 -> Advogado sênior | F19: =Custos!J22 -> 76.88 | G19: hora | H19: ='Horas trabalhadas'!I14 -> 0 | I19: =H19*F19 -> 0 | J19: =(I19*K!$G$23) -> 0 | K19: =J19/$J$53 -> 0
A20: b) | B20: ='P1'!B20 -> P8067 | C20: =Custos!G23 -> abr/2024 | D20: =Custos!D23 -> DNIT | E20: =Custos!B23 -> Engenheiro de Projetos (Elétrico) | F20: =Custos!J23 -> 107.32 | G20: hora | H20: ='Horas trabalhadas'!I15 -> 0 | I20: =H20*F20 -> 0 | J20: =(I20*K!$G$23) -> 0 | K20: =J20/$J$53 -> 0
A21: c) | B21: ='P1'!B21 -> P8067 | C21: =Custos!G24 -> abr/2024 | D21: =Custos!D24 -> DNIT | E21: =Custos!B24 -> Engenheiro de Projeto (Calculista) | F21: =Custos!J24 -> 107.32 | G21: hora | H21: ='Horas trabalhadas'!I16 -> 0 | I21: =H21*F21 -> 0 | J21: =(I21*K!$G$23) -> 0 | K21: =J21/$J$53 -> 0
A22: d) | B22: ='P1'!B22 -> P8067 | C22: =Custos!G25 -> abr/2024 | D22: =Custos!D25 -> DNIT | E22: =Custos!B25 -> Engenheiro de Projetos (Mecânico) | F22: =Custos!J25 -> 107.32 | G22: hora | H22: ='Horas trabalhadas'!I17 -> 0 | I22: =H22*F22 -> 0 | J22: =(I22*K!$G$23) -> 0 | K22: =J22/$J$53 -> 0
A23: e) | B23: ='P1'!B23 -> P8059 | C23: =Custos!G26 -> abr/2024 | D23: =Custos!D27 -> DNIT | E23: =Custos!B26 -> Engenheiro ambiental | F23: =Custos!J26 -> 100.92 | G23: hora | H23: ='Horas trabalhadas'!I18 -> 42.568986 | I23: =H23*F23 -> 4296.0621 | J23: =(I23*K!$G$23) -> 7480.7394 | K23: =J23/$J$53 -> 0.80134066
A24: f) | B24: ='P1'!B24 -> P8155 | C24: =Custos!G27 -> abr/2024 | D24: =Custos!D27 -> DNIT | E24: =Custos!B27 -> Técnico em geoprocessamento | F24: =Custos!J27 -> 14.35 | G24: hora | H24: ='Horas trabalhadas'!I19 -> 0 | I24: =H24*F24 -> 0 | J24: =(I24*K!$G$23) -> 0 | K24: =J24/$J$53 -> 0
A26: 3 | B26: SERVIÇOS DE APOIO TÉCNICO | J26: =J28+J33+J39+J43 -> 0 | K26: =J26/$J$53 -> 0
A28: 3.1 | B28: SERVIÇOS DE TOPOGRAFIA | J28: =SUM(J29:J31) -> 0 | K28: =SUM(K29:K31) -> 0
A29: a) | B29: ='P1'!B29 -> 65003710 | C29: =Custos!G38 -> set/2024 | D29: =Custos!D38 -> COPASA | E29: =Custos!B38 -> Mobilização e desmobilização de equipe de topografia | F29: =Custos!J38 -> 4.62 | G29: =Custos!H38 -> km | H29: 0 | I29: =H29*F29 -> 0 | J29: =(I29*K!$G$24) -> 0 | K29: =J29/$J$53 -> 0
A30: b) | B30: ='P1'!B30 -> 65001667 | C30: =Custos!G39 -> set/2024 | D30: =Custos!D39 -> COPASA | E30: =Custos!B39 -> Equipe de topografia de campo | F30: =Custos!J39 -> 50814.45 | G30: =Custos!H39 -> mês | H30: 0 | I30: =H30*F30 -> 0 | J30: =(I30*K!$G$24) -> 0 | K30: =J30/$J$53 -> 0
A31: c) | B31: ='P1'!B31 -> 65001668 | C31: =Custos!G40 -> set/2024 | D31: =Custos!D40 -> COPASA | E31: =Custos!B40 -> Equipe de topografia de escritório | F31: =Custos!J40 -> 26804.01 | G31: =Custos!H40 -> mês | H31: 0 | I31: =H31*F31 -> 0 | J31: =(I31*K!$G$24) -> 0 | K31: =J31/$J$53 -> 0
A33: 3.2 | B33: SERVIÇOS DE SONDAGEM | J33: =SUM(J35:J36) -> 0 | K33: =SUM(K35:K36) -> 0
A34: a) | B34: ='P1'!B34 -> 65001207 | C34: =Custos!G32 -> set/2024 | D34: =Custos!D32 -> COPASA | E34: =Custos!B32 -> Sondagem a percussao - mobilizacao e desmobilizacao | F34: =Custos!J32 -> 1316.83 | G34: =Custos!H32 -> unidade | H34: 0 | I34: =H34*F34 -> 0 | J34: =(I34*K!$G$24) -> 0 | K34: =J34/$J$53 -> 0
A35: b) | B35: ='P1'!B35 -> 65001208 | C35: =Custos!G33 -> set/2024 | D35: =Custos!D33 -> COPASA | E35: =Custos!B33 -> Sondagem a percussao - adicional de mobilizacao e desmobilizacao | F35: =Custos!J33 -> 9.32 | G35: =Custos!H33 -> km | H35: 0 | I35: =H35*F35 -> 0 | J35: =(I35*K!$G$24) -> 0 | K35: =J35/$J$53 -> 0
A36: c) | B36: ='P1'!B36 -> 65001209 | C36: =Custos!G34 -> set/2024 | D36: =Custos!D34 -> COPASA | E36: =Custos!B34 -> Sondagem a percussao - instalacao por furo | F36: =Custos!J34 -> 482.46 | G36: =Custos!H34 -> unidade | H36: 0 | I36: =H36*F36 -> 0 | J36: =(I36*K!$G$24) -> 0 | K36: =J36/$J$53 -> 0
A37: d) | B37: ='P1'!B37 -> 65001210 | C37: =Custos!G35 -> set/2024 | D37: =Custos!D35 -> COPASA | E37: =Custos!B35 -> Sondagem a percussao ø2.1/2" - perfuracao e retirada de amostras | F37: =Custos!J35 -> 145.2 | G37: =Custos!H35 -> m | H37: 0 | I37: =H37*F37 -> 0 | J37: =(I37*K!$G$24) -> 0 | K37: =J37/$J$53 -> 0
A39: 3.3 | B39: CADASTRO TÉCNICO | J39: =SUM(J40:J41) -> 0 | K39: =SUM(K40:K41) -> 0
A40: a) | B40: ='P1'!B40 -> 65001667 | C40: =Custos!G43 -> set/2024 | D40: =Custos!D43 -> COPASA | E40: =Custos!B43 -> Equipe de topografia de campo | F40: =Custos!J43 -> 50814.45 | G40: =Custos!H43 -> mês | H40: 0 | I40: =H40*F40 -> 0 | J40: =(I40*K!$G$24) -> 0 | K40: =J40/$J$53 -> 0
A41: b) | B41: ='P1'!B41 -> 65001668 | C41: =Custos!G44 -> set/2024 | D41: =Custos!D44 -> COPASA | E41: =Custos!B44 -> Equipe de topografia de escritório | F41: =Custos!J44 -> 26804.01 | G41: =Custos!H44 -> mês | H41: 0 | I41: =H41*F41 -> 0 | J41: =(I41*K!$G$24) -> 0 | K41: =J41/$J$53 -> 0
A43: 3.4 | B43: ANÁLISE DE ÁGUA | J43: =SUM(J44:J45) -> 0 | K43: =SUM(K44:K45) -> 0
A44: a) | B44: =Custos!E49 -> 65001114 | C44: =Custos!G49 -> set/2024 | D44: =Custos!D49 -> COPASA | E44: =Custos!B49 -> Análise fisico-química da água | F44: =Custos!J49 -> 371.18 | G44: =Custos!H49 -> unidade | H44: =Serviços!I18 -> 0 | I44: =H44*F44 -> 0 | J44: =(I44*K!$G$24) -> 0 | K44: =J44/$J$53 -> 0
A45: b) | B45: =Custos!E50 -> 65001115 | C45: =Custos!G50 -> set/2024 | D45: =Custos!D50 -> COPASA | E45: =Custos!B50 -> Analise bactereologica da água | F45: =Custos!J50 -> 120.28 | G45: =Custos!H50 -> unidade | H45: =Serviços!I19 -> 0 | I45: =H45*F45 -> 0 | J45: =(I45*K!$G$24) -> 0 | K45: =J45/$J$53 -> 0
A46: 4. | B46: DESPESAS DIVERSAS | J46: =J48 -> 0 | K46: =J46/$J$53 -> 0
A48: 4.1 | B48: OUTRAS DESPESAS | J48: =SUM(J49:J51) -> 0 | K48: =SUM(K49:K51) -> 0
A49: a) | B49: =Custos!F52 -> - | C49: =Custos!G52 -> out/2024 | D49: =Custos!D52 -> Composição | E49: =Custos!B52 -> Veículo tipo pick-up 4X4 | F49: ='Produto Consolidado'!F49 -> 2491.71 | G49: ='P1'!G49 -> R$/dia | H49: 0 | I49: =H49*F49 -> 0 | J49: =(I49*K!$G$25) -> 0 | K49: =J49/$J$53 -> 0
A50: b) | B50: =Custos!F53 -> - | C50: =Custos!G53 -> out/2024 | D50: =Custos!D53 -> AGEVAP | E50: =Custos!B53 -> Refeições | F50: ='P1'!F50 -> 25.61 | G50: ='P1'!G50 -> unidade | H50: 0 | I50: =H50*F50 -> 0 | J50: =(I50*K!$G$25) -> 0 | K50: =J50/$J$53 -> 0
A51: c) | B51: =Custos!F54 -> - | C51: =Custos!G54 -> out/2024 | D51: =Custos!D54 -> AGEVAP | E51: =Custos!B54 -> Diárias | F51: ='P1'!F51 -> 335 | G51: ='P1'!G51 -> unidade | H51: 0 | I51: =H51*F51 -> 0 | J51: =(I51*K!$G$25) -> 0 | K51: =J51/$J$53 -> 0
A53: VALOR TOTAL - Inclusos K's | I53: R$ | J53: =ROUND((J7+J16+J26+J46),2) -> 9335.28 | K53: =K7+K16+K26+K46 -> 1.0000004
A55: Observações:
A56: 1- | B56: Os K's foram calculados através de fórmulas estabelecidas pelo Acórdão 1787/2011. Os parâmetros utilizados foram estabelecidos pela Nota Técnica Conjunta nº 01/2012/SIP/SAF da Agência Nacional de Águas.
A57: 2- | B57: A remuneração horária é determinada dividindo-se o valor da remuneração mensal pela carga horária efetivamente trabalhada.
A58: 3- | B58: No valor do veículo já estão inclusos os valores de locação, gasolina, manutenção e pedágio.
A60: Adriano Ferreira Batista | F60: Alex Cardoso Pereira
A61: Técnico Pleno - Escola de Projetos | F61: Assessor
A62: AGEDOCE | F62: AGEDOCE
A64: André Luis de Paula Marques
A65: Diretor Presidente
A66: AGEDOCE

Sheet P.7.2
D1: ='P7.1'!D1 -> ORÇAMENTO PARA ELABORAÇÃO DE PROJETO DE SISTEMA DE ESGOTAMENTO SANITÁRIO
A2: Produto 7: | C2: =_xlfn.CONCAT('Horas trabalhadas'!J8) -> Estudos Ambientais Consolidados | J2: Data: | K2: ='Dados Básicos do município'!H4 -> 46139
A3: Comitê: | C3: ='Dados Básicos do município'!B5 -> CBH-SANTO ANTÔNIO
A4: Município: | C4: ='Dados Básicos do município'!B6 -> Açucena/MG
A6: Item | B6: Código | C6: Data-Base | D6: Órgão | E6: Descrição | F6: Custo unitário (R$) | H6: Quantitativo | I6: Custo total (R$) | J6: Custo total com K (R$) | K6: Peso (%)
A7: 1 | B7: EQUIPE TÉCNICA | J7: =J9 -> 3709.0888 | K7: =J7/$J$53 -> 0.19865964
A9: 1.1 | B9: PERMANENTE | J9: =SUM(J10:J14) -> 3709.0888 | K9: =SUM(K10:K14) -> 0.19865964
A10: a) | B10: ='P1'!B10 -> P8061 | C10: =Custos!G13 -> abr/2024 | D10: =Custos!$D$13 -> DNIT | E10: =Custos!B13 -> Engenheiro Coordenador | F10: =Custos!J13 -> 123.19 | G10: hora | H10: ='Horas trabalhadas'!J9 -> 8.5137973 | I10: =H10*F10 -> 1048.8147 | J10: =(I10*K!$G$23) -> 1826.3026 | K10: =J10/$J$53 -> 0.097817184
A11: b) | B11: ='P1'!B11 -> P8066 | C11: =Custos!G14 -> abr/2024 | D11: =Custos!D14 -> DNIT | E11: =Custos!B14 -> Engenheiro de Projetos Pleno | F11: =Custos!J14 -> 85.36 | G11: hora | H11: ='Horas trabalhadas'!J10 -> 0 | I11: =H11*F11 -> 0 | J11: =(I11*K!$G$23) -> 0 | K11: =J11/$J$53 -> 0
A12: c) | B12: ='P1'!B12 -> P8065 | C12: =Custos!G15 -> abr/2024 | D12: =Custos!D15 -> DNIT | E12: =Custos!B15 -> Engenheiro de Projetos Júnior | F12: =Custos!J15 -> 82.75 | G12: hora | H12: ='Horas trabalhadas'!J11 -> 0 | I12: =H12*F12 -> 0 | J12: =(I12*K!$G$23) -> 0 | K12: =J12/$J$53 -> 0
A13: d) | B13: ='P1'!B13 -> P8155 | C13: =Custos!G16 -> abr/2024 | D13: =Custos!D16 -> DNIT | E13: =Custos!B16 -> Técnico cadista | F13: =Custos!J16 -> 19.32 | G13: hora | H13: ='Horas trabalhadas'!J12 -> 0 | I13: =H13*F13 -> 0 | J13: =(I13*K!$G$23) -> 0 | K13: =J13/$J$53 -> 0
A14: e) | B14: ='P1'!B14 -> P8026 | C14: =Custos!G17 -> abr/2024 | D14: =Custos!D17 -> DNIT | E14: =Custos!B17 -> Auxiliar Administrativo | F14: =Custos!J17 -> 12.7 | G14: hora | H14: ='Horas trabalhadas'!J13 -> 85.137973 | I14: =H14*F14 -> 1081.2523 | J14: =(I14*K!$G$23) -> 1882.7862 | K14: =J14/$J$53 -> 0.10084246
A16: 2 | B16: CONSULTORES | J16: =J18 -> 14961.479 | K16: =J16/$J$53 -> 0.80134023
A18: 2.1 | B18: CONSULTORES | J18: =SUM(J19:J24) -> 14961.479 | K18: =SUM(K19:K24) -> 0.80134023
A19: a) | B19: ='P1'!B19 -> P8003 | C19: =Custos!G22 -> abr/2024 | D19: =Custos!D22 -> DNIT | E19: =Custos!B22 -> Advogado sênior | F19: =Custos!J22 -> 76.88 | G19: hora | H19: ='Horas trabalhadas'!J14 -> 0 | I19: =H19*F19 -> 0 | J19: =(I19*K!$G$23) -> 0 | K19: =J19/$J$53 -> 0
A20: b) | B20: ='P1'!B20 -> P8067 | C20: =Custos!G23 -> abr/2024 | D20: =Custos!D23 -> DNIT | E20: =Custos!B23 -> Engenheiro de Projetos (Elétrico) | F20: =Custos!J23 -> 107.32 | G20: hora | H20: ='Horas trabalhadas'!J15 -> 0 | I20: =H20*F20 -> 0 | J20: =(I20*K!$G$23) -> 0 | K20: =J20/$J$53 -> 0
A21: c) | B21: ='P1'!B21 -> P8067 | C21: =Custos!G24 -> abr/2024 | D21: =Custos!D24 -> DNIT | E21: =Custos!B24 -> Engenheiro de Projeto (Calculista) | F21: =Custos!J24 -> 107.32 | G21: hora | H21: ='Horas trabalhadas'!J16 -> 0 | I21: =H21*F21 -> 0 | J21: =(I21*K!$G$23) -> 0 | K21: =J21/$J$53 -> 0
A22: d) | B22: ='P1'!B22 -> P8067 | C22: =Custos!G25 -> abr/2024 | D22: =Custos!D25 -> DNIT | E22: =Custos!B25 -> Engenheiro de Projetos (Mecânico) | F22: =Custos!J25 -> 107.32 | G22: hora | H22: ='Horas trabalhadas'!J17 -> 0 | I22: =H22*F22 -> 0 | J22: =(I22*K!$G$23) -> 0 | K22: =J22/$J$53 -> 0
A23: e) | B23: ='P1'!B23 -> P8059 | C23: =Custos!G26 -> abr/2024 | D23: =Custos!D27 -> DNIT | E23: =Custos!B26 -> Engenheiro ambiental | F23: =Custos!J26 -> 100.92 | G23: hora | H23: ='Horas trabalhadas'!J18 -> 85.137973 | I23: =H23*F23 -> 8592.1242 | J23: =(I23*K!$G$23) -> 14961.479 | K23: =J23/$J$53 -> 0.80134023
A24: f) | B24: ='P1'!B24 -> P8155 | C24: =Custos!G27 -> abr/2024 | D24: =Custos!D27 -> DNIT | E24: =Custos!B27 -> Técnico em geoprocessamento | F24: =Custos!J27 -> 14.35 | G24: hora | H24: ='Horas trabalhadas'!J19 -> 0 | I24: =H24*F24 -> 0 | J24: =(I24*K!$G$23) -> 0 | K24: =J24/$J$53 -> 0
A26: 3 | B26: SERVIÇOS DE APOIO TÉCNICO | J26: =J28+J33+J39+J43 -> 0 | K26: =J26/$J$53 -> 0
A28: 3.1 | B28: SERVIÇOS DE TOPOGRAFIA | J28: =SUM(J29:J31) -> 0 | K28: =SUM(K29:K31) -> 0
A29: a) | B29: ='P1'!B29 -> 65003710 | C29: =Custos!G38 -> set/2024 | D29: =Custos!D38 -> COPASA | E29: =Custos!B38 -> Mobilização e desmobilização de equipe de topografia | F29: =Custos!J38 -> 4.62 | G29: =Custos!H38 -> km | H29: 0 | I29: =H29*F29 -> 0 | J29: =(I29*K!$G$24) -> 0 | K29: =J29/$J$53 -> 0
A30: b) | B30: ='P1'!B30 -> 65001667 | C30: =Custos!G39 -> set/2024 | D30: =Custos!D39 -> COPASA | E30: =Custos!B39 -> Equipe de topografia de campo | F30: =Custos!J39 -> 50814.45 | G30: =Custos!H39 -> mês | H30: 0 | I30: =H30*F30 -> 0 | J30: =(I30*K!$G$24) -> 0 | K30: =J30/$J$53 -> 0
A31: c) | B31: ='P1'!B31 -> 65001668 | C31: =Custos!G40 -> set/2024 | D31: =Custos!D40 -> COPASA | E31: =Custos!B40 -> Equipe de topografia de escritório | F31: =Custos!J40 -> 26804.01 | G31: =Custos!H40 -> mês | H31: 0 | I31: =H31*F31 -> 0 | J31: =(I31*K!$G$24) -> 0 | K31: =J31/$J$53 -> 0
A33: 3.2 | B33: SERVIÇOS DE SONDAGEM | J33: =SUM(J35:J36) -> 0 | K33: =SUM(K35:K36) -> 0
A34: a) | B34: ='P1'!B34 -> 65001207 | C34: =Custos!G32 -> set/2024 | D34: =Custos!D32 -> COPASA | E34: =Custos!B32 -> Sondagem a percussao - mobilizacao e desmobilizacao | F34: =Custos!J32 -> 1316.83 | G34: =Custos!H32 -> unidade | H34: 0 | I34: =H34*F34 -> 0 | J34: =(I34*K!$G$24) -> 0 | K34: =J34/$J$53 -> 0
A35: b) | B35: ='P1'!B35 -> 65001208 | C35: =Custos!G33 -> set/2024 | D35: =Custos!D33 -> COPASA | E35: =Custos!B33 -> Sondagem a percussao - adicional de mobilizacao e desmobilizacao | F35: =Custos!J33 -> 9.32 | G35: =Custos!H33 -> km | H35: 0 | I35: =H35*F35 -> 0 | J35: =(I35*K!$G$24) -> 0 | K35: =J35/$J$53 -> 0
A36: c) | B36: ='P1'!B36 -> 65001209 | C36: =Custos!G34 -> set/2024 | D36: =Custos!D34 -> COPASA | E36: =Custos!B34 -> Sondagem a percussao - instalacao por furo | F36: =Custos!J34 -> 482.46 | G36: =Custos!H34 -> unidade | H36: 0 | I36: =H36*F36 -> 0 | J36: =(I36*K!$G$24) -> 0 | K36: =J36/$J$53 -> 0
A37: d) | B37: ='P1'!B37 -> 65001210 | C37: =Custos!G35 -> set/2024 | D37: =Custos!D35 -> COPASA | E37: =Custos!B35 -> Sondagem a percussao ø2.1/2" - perfuracao e retirada de amostras | F37: =Custos!J35 -> 145.2 | G37: =Custos!H35 -> m | H37: 0 | I37: =H37*F37 -> 0 | J37: =(I37*K!$G$24) -> 0 | K37: =J37/$J$53 -> 0
A39: 3.3 | B39: CADASTRO TÉCNICO | J39: =SUM(J40:J41) -> 0 | K39: =SUM(K40:K41) -> 0
A40: a) | B40: ='P1'!B40 -> 65001667 | C40: =Custos!G43 -> set/2024 | D40: =Custos!D43 -> COPASA | E40: =Custos!B43 -> Equipe de topografia de campo | F40: =Custos!J43 -> 50814.45 | G40: =Custos!H43 -> mês | H40: 0 | I40: =H40*F40 -> 0 | J40: =(I40*K!$G$24) -> 0 | K40: =J40/$J$53 -> 0
A41: b) | B41: ='P1'!B41 -> 65001668 | C41: =Custos!G44 -> set/2024 | D41: =Custos!D44 -> COPASA | E41: =Custos!B44 -> Equipe de topografia de escritório | F41: =Custos!J44 -> 26804.01 | G41: =Custos!H44 -> mês | H41: 0 | I41: =H41*F41 -> 0 | J41: =(I41*K!$G$24) -> 0 | K41: =J41/$J$53 -> 0
A43: 3.4 | B43: ANÁLISE DE ÁGUA | J43: =SUM(J44:J45) -> 0 | K43: =SUM(K44:K45) -> 0
A44: a) | B44: =Custos!E49 -> 65001114 | C44: =Custos!G49 -> set/2024 | D44: =Custos!D49 -> COPASA | E44: =Custos!B49 -> Análise fisico-química da água | F44: =Custos!J49 -> 371.18 | G44: =Custos!H49 -> unidade | H44: =Serviços!I18 -> 0 | I44: =H44*F44 -> 0 | J44: =(I44*K!$G$24) -> 0 | K44: =J44/$J$53 -> 0
A45: b) | B45: =Custos!E50 -> 65001115 | C45: =Custos!G50 -> set/2024 | D45: =Custos!D50 -> COPASA | E45: =Custos!B50 -> Analise bactereologica da água | F45: =Custos!J50 -> 120.28 | G45: =Custos!H50 -> unidade | H45: =Serviços!I19 -> 0 | I45: =H45*F45 -> 0 | J45: =(I45*K!$G$24) -> 0 | K45: =J45/$J$53 -> 0
A46: 4. | B46: DESPESAS DIVERSAS | J46: =J48 -> 0 | K46: =J46/$J$53 -> 0
A48: 4.1 | B48: OUTRAS DESPESAS | J48: =SUM(J49:J51) -> 0 | K48: =SUM(K49:K51) -> 0
A49: a) | B49: =Custos!F52 -> - | C49: =Custos!G52 -> out/2024 | D49: =Custos!D52 -> Composição | E49: =Custos!B52 -> Veículo tipo pick-up 4X4 | F49: =Custos!J52 -> 2491.71 | G49: ='P1'!G49 -> R$/dia | H49: 0 | I49: =H49*F49 -> 0 | J49: =ROUND((I49*K!$G$25),2) -> 0 | K49: =J49/$J$53 -> 0
A50: b) | B50: =Custos!F53 -> - | C50: =Custos!G53 -> out/2024 | D50: =Custos!D53 -> AGEVAP | E50: =Custos!B53 -> Refeições | F50: ='P1'!F50 -> 25.61 | G50: ='P1'!G50 -> unidade | H50: 0 | I50: =H50*F50 -> 0 | J50: =ROUND((I50*K!$G$25),2) -> 0 | K50: =J50/$J$53 -> 0
A51: c) | B51: =Custos!F54 -> - | C51: =Custos!G54 -> out/2024 | D51: =Custos!D54 -> AGEVAP | E51: =Custos!B54 -> Diárias | F51: ='P1'!F51 -> 335 | G51: ='P1'!G51 -> unidade | H51: 0 | I51: =H51*F51 -> 0 | J51: =ROUND((I51*K!$G$25),2) -> 0 | K51: =J51/$J$53 -> 0
A53: VALOR TOTAL - Inclusos K's | I53: R$ | J53: =ROUND((J7+J16+J26+J46),2) -> 18670.57 | K53: =K7+K16+K26+K46 -> 0.99999987
A55: Observações:
A56: 1- | B56: Os K's foram calculados através de fórmulas estabelecidas pelo Acórdão 1787/2011. Os parâmetros utilizados foram estabelecidos pela Nota Técnica Conjunta nº 01/2012/SIP/SAF da Agência Nacional de Águas.
A57: 2- | B57: A remuneração horária é determinada dividindo-se o valor da remuneração mensal pela carga horária efetivamente trabalhada.
A58: 3- | B58: No valor do veículo já estão inclusos os valores de locação, gasolina, manutenção e pedágio.
A60: Adriano Ferreira Batista | F60: Alex Cardoso Pereira
A61: Técnico Pleno - Escola de Projetos | F61: Assessor
A62: AGEDOCE | F62: AGEDOCE
A64: André Luis de Paula Marques
A65: Diretor Presidente
A66: AGEDOCE

Sheet P8
D1: ='P.7.2'!D1 -> ORÇAMENTO PARA ELABORAÇÃO DE PROJETO DE SISTEMA DE ESGOTAMENTO SANITÁRIO
A2: Produto 8: | C2: ='Horas trabalhadas'!K8 -> Projeto Executivo | J2: Data: | K2: ='Dados Básicos do município'!H4 -> 46139
A3: Comitê: | C3: ='Dados Básicos do município'!B5 -> CBH-SANTO ANTÔNIO
A4: Município: | C4: ='Dados Básicos do município'!B6 -> Açucena/MG
A6: Item | B6: Código | C6: Data-Base | D6: Órgão | E6: Descrição | F6: Custo unitário (R$) | H6: Quantitativo | I6: Custo total (R$) | J6: Custo total com K (R$) | K6: Peso (%)
A7: 1 | B7: EQUIPE TÉCNICA | J7: =J9 -> 27196.624 | K7: =J7/$J$53 -> 0.29679854
A9: 1.1 | B9: PERMANENTE | J9: =SUM(J10:J14) -> 27196.624 | K9: =SUM(K10:K14) -> 0.29679854
A10: a) | B10: ='P1'!B10 -> P8061 | C10: =Custos!G13 -> abr/2024 | D10: =Custos!$D$13 -> DNIT | E10: =Custos!B13 -> Engenheiro Coordenador | F10: =Custos!J13 -> 123.19 | G10: hora | H10: ='Horas trabalhadas'!K9 -> 25.541392 | I10: =H10*F10 -> 3146.4441 | J10: =(I10*K!$G$23) -> 5478.9078 | K10: =J10/$J$53 -> 0.05979168
A11: b) | B11: ='P1'!B11 -> P8066 | C11: =Custos!G14 -> abr/2024 | D11: =Custos!D14 -> DNIT | E11: =Custos!B14 -> Engenheiro de Projetos Pleno | F11: =Custos!J14 -> 85.36 | G11: hora | H11: ='Horas trabalhadas'!K10 -> 25.541392 | I11: =H11*F11 -> 2180.2132 | J11: =(I11*K!$G$23) -> 3796.4085 | K11: =J11/$J$53 -> 0.041430455
A12: c) | B12: ='P1'!B12 -> P8065 | C12: =Custos!G15 -> abr/2024 | D12: =Custos!D15 -> DNIT | E12: =Custos!B15 -> Engenheiro de Projetos Júnior | F12: =Custos!J15 -> 82.75 | G12: hora | H12: ='Horas trabalhadas'!K11 -> 25.541392 | I12: =H12*F12 -> 2113.5502 | J12: =(I12*K!$G$23) -> 3680.3281 | K12: =J12/$J$53 -> 0.040163662
A13: d) | B13: ='P1'!B13 -> P8155 | C13: =Custos!G16 -> abr/2024 | D13: =Custos!D16 -> DNIT | E13: =Custos!B16 -> Técnico cadista | F13: =Custos!J16 -> 19.32 | G13: hora | H13: ='Horas trabalhadas'!K12 -> 255.41392 | I13: =H13*F13 -> 4934.5969 | J13: =(I13*K!$G$23) -> 8592.621 | K13: =J13/$J$53 -> 0.093771837
A14: e) | B14: ='P1'!B14 -> P8026 | C14: =Custos!G17 -> abr/2024 | D14: =Custos!D17 -> DNIT | E14: =Custos!B17 -> Auxiliar Administrativo | F14: =Custos!J17 -> 12.7 | G14: hora | H14: ='Horas trabalhadas'!K13 -> 255.41392 | I14: =H14*F14 -> 3243.7568 | J14: =(I14*K!$G$23) -> 5648.3585 | K14: =J14/$J$53 -> 0.061640907
A16: 2 | B16: CONSULTORES | J16: =J18 -> 64436.652 | K16: =J16/$J$53 -> 0.70320141
A18: 2.1 | B18: CONSULTORES | J18: =SUM(J19:J24) -> 64436.652 | K18: =SUM(K19:K24) -> 0.70320141
A19: a) | B19: ='P1'!B19 -> P8003 | C19: =Custos!G22 -> abr/2024 | D19: =Custos!D22 -> DNIT | E19: =Custos!B22 -> Advogado sênior | F19: =Custos!J22 -> 76.88 | G19: hora | H19: ='Horas trabalhadas'!K14 -> 0 | I19: =H19*F19 -> 0 | J19: =(I19*K!$G$23) -> 0 | K19: =J19/$J$53 -> 0
A20: b) | B20: ='P1'!B20 -> P8067 | C20: =Custos!G23 -> abr/2024 | D20: =Custos!D23 -> DNIT | E20: =Custos!B23 -> Engenheiro de Projetos (Elétrico) | F20: =Custos!J23 -> 107.32 | G20: hora | H20: ='Horas trabalhadas'!K15 -> 114.93626 | I20: =H20*F20 -> 12334.96 | J20: =(I20*K!$G$23) -> 21478.884 | K20: =J20/$J$53 -> 0.23440047
A21: c) | B21: ='P1'!B21 -> P8067 | C21: =Custos!G24 -> abr/2024 | D21: =Custos!D24 -> DNIT | E21: =Custos!B24 -> Engenheiro de Projeto (Calculista) | F21: =Custos!J24 -> 107.32 | G21: hora | H21: ='Horas trabalhadas'!K16 -> 114.93626 | I21: =H21*F21 -> 12334.96 | J21: =(I21*K!$G$23) -> 21478.884 | K21: =J21/$J$53 -> 0.23440047
A22: d) | B22: ='P1'!B22 -> P8067 | C22: =Custos!G25 -> abr/2024 | D22: =Custos!D25 -> DNIT | E22: =Custos!B25 -> Engenheiro de Projetos (Mecânico) | F22: =Custos!J25 -> 107.32 | G22: hora | H22: ='Horas trabalhadas'!K17 -> 114.93626 | I22: =H22*F22 -> 12334.96 | J22: =(I22*K!$G$23) -> 21478.884 | K22: =J22/$J$53 -> 0.23440047
A23: e) | B23: ='P1'!B23 -> P8059 | C23: =Custos!G26 -> abr/2024 | D23: =Custos!D26 -> DNIT | E23: =Custos!B26 -> Engenheiro ambiental | F23: =Custos!J26 -> 100.92 | G23: hora | H23: ='Horas trabalhadas'!K18 -> 0 | I23: =H23*F23 -> 0 | J23: =(I23*K!$G$23) -> 0 | K23: =J23/$J$53 -> 0
A24: f) | B24: ='P1'!B24 -> P8155 | C24: =Custos!G27 -> abr/2024 | D24: =Custos!D27 -> DNIT | E24: =Custos!B27 -> Técnico em geoprocessamento | F24: =Custos!J27 -> 14.35 | G24: hora | H24: ='Horas trabalhadas'!K19 -> 0 | I24: =H24*F24 -> 0 | J24: =(I24*K!$G$23) -> 0 | K24: =J24/$J$53 -> 0
A26: 3 | B26: SERVIÇOS DE APOIO TÉCNICO | J26: =J28+J33+J39+J43 -> 0 | K26: =J26/$J$53 -> 0
A28: 3.1 | B28: SERVIÇOS DE TOPOGRAFIA | J28: =SUM(J29:J31) -> 0 | K28: =SUM(K29:K31) -> 0
A29: a) | B29: ='P1'!B29 -> 65003710 | C29: =Custos!G38 -> set/2024 | D29: =Custos!D38 -> COPASA | E29: =Custos!B38 -> Mobilização e desmobilização de equipe de topografia | F29: =Custos!J38 -> 4.62 | G29: =Custos!H38 -> km | H29: 0 | I29: =H29*F29 -> 0 | J29: =(I29*K!$G$24) -> 0 | K29: =J29/$J$53 -> 0
A30: b) | B30: ='P1'!B30 -> 65001667 | C30: =Custos!G39 -> set/2024 | D30: =Custos!D39 -> COPASA | E30: =Custos!B39 -> Equipe de topografia de campo | F30: =Custos!J39 -> 50814.45 | G30: =Custos!H39 -> mês | H30: 0 | I30: =H30*F30 -> 0 | J30: =(I30*K!$G$24) -> 0 | K30: =J30/$J$53 -> 0
A31: c) | B31: ='P1'!B31 -> 65001668 | C31: =Custos!G40 -> set/2024 | D31: =Custos!D40 -> COPASA | E31: =Custos!B40 -> Equipe de topografia de escritório | F31: =Custos!J40 -> 26804.01 | G31: =Custos!H40 -> mês | H31: 0 | I31: =H31*F31 -> 0 | J31: =(I31*K!$G$24) -> 0 | K31: =J31/$J$53 -> 0
A33: 3.2 | B33: SERVIÇOS DE SONDAGEM | J33: =SUM(J35:J36) -> 0 | K33: =SUM(K35:K36) -> 0
A34: a) | B34: ='P1'!B34 -> 65001207 | C34: =Custos!G32 -> set/2024 | D34: =Custos!D32 -> COPASA | E34: =Custos!B32 -> Sondagem a percussao - mobilizacao e desmobilizacao | F34: =Custos!J32 -> 1316.83 | G34: =Custos!H32 -> unidade | H34: 0 | I34: =H34*F34 -> 0 | J34: =(I34*K!$G$24) -> 0 | K34: =J34/$J$53 -> 0
A35: b) | B35: ='P1'!B35 -> 65001208 | C35: =Custos!G33 -> set/2024 | D35: =Custos!D33 -> COPASA | E35: =Custos!B33 -> Sondagem a percussao - adicional de mobilizacao e desmobilizacao | F35: =Custos!J33 -> 9.32 | G35: =Custos!H33 -> km | H35: 0 | I35: =H35*F35 -> 0 | J35: =(I35*K!$G$24) -> 0 | K35: =J35/$J$53 -> 0
A36: c) | B36: ='P1'!B36 -> 65001209 | C36: =Custos!G34 -> set/2024 | D36: =Custos!D34 -> COPASA | E36: =Custos!B34 -> Sondagem a percussao - instalacao por furo | F36: =Custos!J34 -> 482.46 | G36: =Custos!H34 -> unidade | H36: 0 | I36: =H36*F36 -> 0 | J36: =(I36*K!$G$24) -> 0 | K36: =J36/$J$53 -> 0
A37: d) | B37: ='P1'!B37 -> 65001210 | C37: =Custos!G35 -> set/2024 | D37: =Custos!D35 -> COPASA | E37: =Custos!B35 -> Sondagem a percussao ø2.1/2" - perfuracao e retirada de amostras | F37: =Custos!J35 -> 145.2 | G37: =Custos!H35 -> m | H37: 0 | I37: =H37*F37 -> 0 | J37: =(I37*K!$G$24) -> 0 | K37: =J37/$J$53 -> 0
A39: 3.3 | B39: CADASTRO TÉCNICO | J39: =SUM(J40:J41) -> 0 | K39: =SUM(K40:K41) -> 0
A40: a) | B40: ='P1'!B40 -> 65001667 | C40: =Custos!G43 -> set/2024 | D40: =Custos!D43 -> COPASA | E40: =Custos!B43 -> Equipe de topografia de campo | F40: =Custos!J43 -> 50814.45 | G40: =Custos!H43 -> mês | H40: 0 | I40: =H40*F40 -> 0 | J40: =(I40*K!$G$24) -> 0 | K40: =J40/$J$53 -> 0
A41: b) | B41: ='P1'!B41 -> 65001668 | C41: =Custos!G44 -> set/2024 | D41: =Custos!D44 -> COPASA | E41: =Custos!B44 -> Equipe de topografia de escritório | F41: =Custos!J44 -> 26804.01 | G41: =Custos!H44 -> mês | H41: 0 | I41: =H41*F41 -> 0 | J41: =(I41*K!$G$24) -> 0 | K41: =J41/$J$53 -> 0
A43: 3.4 | B43: ANÁLISE DE ÁGUA | J43: =SUM(J44:J45) -> 0 | K43: =SUM(K44:K45) -> 0
A44: a) | B44: =Custos!E49 -> 65001114 | C44: =Custos!G49 -> set/2024 | D44: =Custos!D49 -> COPASA | E44: =Custos!B49 -> Análise fisico-química da água | F44: =Custos!J49 -> 371.18 | G44: =Custos!H49 -> unidade | H44: =Serviços!J18 -> 0 | I44: =H44*F44 -> 0 | J44: =(I44*K!$G$24) -> 0 | K44: =J44/$J$53 -> 0
A45: b) | B45: =Custos!E50 -> 65001115 | C45: =Custos!G50 -> set/2024 | D45: =Custos!D50 -> COPASA | E45: =Custos!B50 -> Analise bactereologica da água | F45: =Custos!J50 -> 120.28 | G45: =Custos!H50 -> unidade | H45: =Serviços!J19 -> 0 | I45: =H45*F45 -> 0 | J45: =(I45*K!$G$24) -> 0 | K45: =J45/$J$53 -> 0
A46: 4. | B46: DESPESAS DIVERSAS | J46: =J48 -> 0 | K46: =J46/$J$53 -> 0
A48: 4.1 | B48: OUTRAS DESPESAS | J48: =SUM(J49:J51) -> 0 | K48: =SUM(K49:K51) -> 0
A49: a) | B49: =Custos!F52 -> - | C49: =Custos!G52 -> out/2024 | D49: =Custos!D52 -> Composição | E49: =Custos!B52 -> Veículo tipo pick-up 4X4 | F49: =Custos!J52 -> 2491.71 | G49: ='P1'!G49 -> R$/dia | H49: 0 | I49: =H49*F49 -> 0 | J49: =(I49*K!$G$25) -> 0 | K49: =J49/$J$53 -> 0
A50: b) | B50: =Custos!F53 -> - | C50: =Custos!G53 -> out/2024 | D50: =Custos!D53 -> AGEVAP | E50: =Custos!B53 -> Refeições | F50: ='P1'!F50 -> 25.61 | G50: ='P1'!G50 -> unidade | H50: 0 | I50: =H50*F50 -> 0 | J50: =(I50*K!$G$25) -> 0 | K50: =J50/$J$53 -> 0
A51: c) | B51: =Custos!F54 -> - | C51: =Custos!G54 -> out/2024 | D51: =Custos!D54 -> AGEVAP | E51: =Custos!B54 -> Diárias | F51: ='P1'!F51 -> 335 | G51: ='P1'!G51 -> unidade | H51: 0 | I51: =H51*F51 -> 0 | J51: =(I51*K!$G$25) -> 0 | K51: =J51/$J$53 -> 0
A53: VALOR TOTAL - Inclusos K's | I53: R$ | J53: =ROUND((J7+J16+J26+J46),2) -> 91633.28 | K53: =K7+K16+K26+K46 -> 0.99999995
A55: Observações:
A56: 1- | B56: Os K's foram calculados através de fórmulas estabelecidas pelo Acórdão 1787/2011. Os parâmetros utilizados foram estabelecidos pela Nota Técnica Conjunta nº 01/2012/SIP/SAF da Agência Nacional de Águas.
A57: 2- | B57: A remuneração horária é determinada dividindo-se o valor da remuneração mensal pela carga horária efetivamente trabalhada.
A58: 3- | B58: No valor do veículo já estão inclusos os valores de locação, gasolina, manutenção e pedágio.
A60: Adriano Ferreira Batista | F60: Alex Cardoso Pereira
A61: Técnico Pleno - Escola de Projetos | F61: Assessor
A62: AGEDOCE | F62: AGEDOCE
A64: André Luis de Paula Marques
A65: Diretor Presidente
A66: AGEDOCE

Sheet Produto Consolidado
D1: ='P1'!D1:K1 -> ORÇAMENTO PARA ELABORAÇÃO DE PROJETOS DE SISTEMA DE ESGOTAMENTO SANITÁRIO
A2: Produto Consolidado | J2: Data: | K2: ='Dados Básicos do município'!H4 -> 46139
A3: Comitê: | C3: ='Dados Básicos do município'!B5 -> CBH-SANTO ANTÔNIO
A4: Município: | C4: ='Dados Básicos do município'!B6 -> Açucena/MG
A6: Item | B6: Código | C6: Data-Base | D6: Órgão | E6: Descrição | F6: Custo unitário (R$) | H6: Quantitativo | I6: Custo total (R$) | J6: Custo total com K (R$) | K6: Peso (%)
A7: 1 | B7: EQUIPE TÉCNICA | J7: =J9 -> 170943.42 | K7: =J7/$J$53 -> 0.46465132
A9: 1.1 | B9: PERMANENTE | J9: =SUM(J10:J14) -> 170943.42 | K9: =SUM(K10:K14) -> 0.46465132
A10: a) | B10: ='P1'!B10 -> P8061 | C10: =Custos!G13 -> abr/2024 | D10: =Custos!$D$13 -> DNIT | E10: =Custos!B13 -> Engenheiro Coordenador | F10: =Custos!J13 -> 123.19 | G10: hora | H10: ='Horas trabalhadas'!L9 -> 208.58803 | I10: =F10*H10 -> 25695.96 | J10: =I10*K!$G$23 -> 44744.413 | K10: =J10/$J$53 -> 0.12162241
A11: b) | B11: ='P1'!B11 -> P8066 | C11: =Custos!G14 -> abr/2024 | D11: =Custos!D14 -> DNIT | E11: =Custos!B14 -> Engenheiro de Projetos Pleno | F11: =Custos!J14 -> 85.36 | G11: hora | H11: ='Horas trabalhadas'!L10 -> 280.95531 | I11: =F11*H11 -> 23982.345 | J11: =I11*K!$G$23 -> 41760.494 | K11: =J11/$J$53 -> 0.11351165
A12: c) | B12: ='P1'!B12 -> P8065 | C12: =Custos!G15 -> abr/2024 | D12: =Custos!D15 -> DNIT | E12: =Custos!B15 -> Engenheiro de Projetos Júnior | F12: =Custos!J15 -> 82.75 | G12: hora | H12: ='Horas trabalhadas'!L11 -> 263.92771 | I12: =F12*H12 -> 21840.018 | J12: =I12*K!$G$23 -> 38030.057 | K12: =J12/$J$53 -> 0.10337173
A13: d) | B13: ='P1'!B13 -> P8155 | C13: =Custos!G16 -> abr/2024 | D13: =Custos!D16 -> DNIT | E13: =Custos!B16 -> Técnico cadista | F13: =Custos!J16 -> 19.32 | G13: hora | H13: ='Horas trabalhadas'!L12 -> 595.96581 | I13: =F13*H13 -> 11514.059 | J13: =I13*K!$G$23 -> 20049.449 | K13: =J13/$J$53 -> 0.054497582
A14: e) | B14: ='P1'!B14 -> P8026 | C14: =Custos!G17 -> abr/2024 | D14: =Custos!D17 -> DNIT | E14: =Custos!B17 -> Auxiliar Administrativo | F14: =Custos!J17 -> 12.7 | G14: hora | H14: ='Horas trabalhadas'!L13 -> 1191.9316 | I14: =F14*H14 -> 15137.532 | J14: =I14*K!$G$23 -> 26359.006 | K14: =J14/$J$53 -> 0.07164796
A16: 2 | B16: CONSULTORES | J16: =J18 -> 121623.54 | K16: =J16/$J$53 -> 0.33059207
A18: 2.1 | B18: CONSULTORES | J18: =SUM(J19:J24) -> 121623.54 | K18: =SUM(K19:K24) -> 0.33059207
A19: a) | B19: ='P1'!B19 -> P8003 | C19: =Custos!G22 -> abr/2024 | D19: =Custos!D22 -> DNIT | E19: =Custos!B22 -> Advogado sênior | F19: =Custos!J22 -> 76.88 | G19: hora | H19: ='Horas trabalhadas'!L14 -> 85.137973 | I19: =F19*H19 -> 6545.4073 | J19: =I19*K!$G$23 -> 11397.528 | K19: =J19/$J$53 -> 0.030980288
A20: b) | B20: ='P1'!B20 -> P8067 | C20: =Custos!G23 -> abr/2024 | D20: =Custos!D23 -> DNIT | E20: =Custos!B23 -> Engenheiro de Projetos (Elétrico) | F20: =Custos!J23 -> 107.32 | G20: hora | H20: ='Horas trabalhadas'!L15 -> 148.99145 | I20: =F20*H20 -> 15989.763 | J20: =I20*K!$G$23 -> 27842.998 | K20: =J20/$J$53 -> 0.075681684
A21: c) | B21: ='P1'!B21 -> P8067 | C21: =Custos!G24 -> abr/2024 | D21: =Custos!D24 -> DNIT | E21: =Custos!B24 -> Engenheiro de Projeto (Calculista) | F21: =Custos!J24 -> 107.32 | G21: hora | H21: ='Horas trabalhadas'!L16 -> 148.99145 | I21: =F21*H21 -> 15989.763 | J21: =I21*K!$G$23 -> 27842.998 | K21: =J21/$J$53 -> 0.075681684
A22: d) | B22: ='P1'!B22 -> P8067 | C22: =Custos!G25 -> abr/2024 | D22: =Custos!D25 -> DNIT | E22: =Custos!B25 -> Engenheiro de Projetos (Mecânico) | F22: =Custos!J25 -> 107.32 | G22: hora | H22: ='Horas trabalhadas'!L17 -> 148.99145 | I22: =F22*H22 -> 15989.763 | J22: =I22*K!$G$23 -> 27842.998 | K22: =J22/$J$53 -> 0.075681684
A23: e) | B23: ='P1'!B23 -> P8059 | C23: =Custos!G26 -> abr/2024 | D23: =Custos!D26 -> DNIT | E23: =Custos!B26 -> Engenheiro ambiental | F23: =Custos!J26 -> 100.92 | G23: hora | H23: ='Horas trabalhadas'!L18 -> 127.70696 | I23: =F23*H23 -> 12888.186 | J23: =I23*K!$G$23 -> 22442.218 | K23: =J23/$J$53 -> 0.061001508
A24: f) | B24: ='P1'!B24 -> P8155 | C24: =Custos!G27 -> abr/2024 | D24: =Custos!D27 -> DNIT | E24: =Custos!B27 -> Técnico em geoprocessamento | F24: =Custos!J27 -> 14.35 | G24: hora | H24: ='Horas trabalhadas'!L19 -> 170.27595 | I24: =F24*H24 -> 2443.4598 | J24: =I24*K!$G$23 -> 4254.8002 | K24: =J24/$J$53 -> 0.011565222
A26: 3 | B26: SERVIÇOS DE APOIO TÉCNICO | J26: =J28+J33+J39+J43 -> 70339.327 | K26: =J26/$J$53 -> 0.19119345
A28: 3.1 | B28: SERVIÇOS DE TOPOGRAFIA | J28: =SUM(J29:J31) -> 19272.339 | K28: =SUM(K29:K31) -> 0.052385275
A29: a) | B29: ='P1'!B29 -> 65003710 | C29: =Custos!G38 -> set/2024 | D29: =Custos!D38 -> COPASA | E29: =Custos!B38 -> Mobilização e desmobilização de equipe de topografia | F29: =Custos!J38 -> 4.62 | G29: =Custos!H38 -> km | H29: =Serviços!E9 -> 308.2 | I29: =H29*F29 -> 1423.884 | J29: =I29*K!$G$24 -> 2118.2181 | K29: =J29/$J$53 -> 0.0057576526
A30: b) | B30: ='P1'!B30 -> 65001667 | C30: =Custos!G39 -> set/2024 | D30: =Custos!D39 -> COPASA | E30: =Custos!B39 -> Equipe de topografia de campo | F30: =Custos!J39 -> 50814.45 | G30: =Custos!H39 -> mês | H30: =Serviços!E10 -> 0.17956682 | I30: =H30*F30 -> 9124.5892 | J30: =I30*K!$G$24 -> 13574.048 | K30: =J30/$J$53 -> 0.036896415
A31: c) | B31: ='P1'!B31 -> 65001668 | C31: =Custos!G40 -> set/2024 | D31: =Custos!D40 -> COPASA | E31: =Custos!B40 -> Equipe de topografia de escritório | F31: =Custos!J40 -> 26804.01 | G31: =Custos!H40 -> mês | H31: =Serviços!E11 -> 0.089783411 | I31: =H31*F31 -> 2406.5554 | J31: =I31*K!$G$24 -> 3580.0734 | K31: =J31/$J$53 -> 0.0097312072
A33: 3.2 | B33: SERVIÇOS DE SONDAGEM | J33: =SUM(J34:J37) -> 35041.704 | K33: =SUM(K34:K37) -> 0.095248909
A34: a) | B34: ='P1'!B34 -> 65001207 | C34: =Custos!G32 -> set/2024 | D34: =Custos!D32 -> COPASA | E34: =Custos!B32 -> Sondagem a percussao - mobilizacao e desmobilizacao | F34: =Custos!J32 -> 1316.83 | G34: =Custos!H32 -> unidade | H34: =Serviços!H14 -> 1 | I34: =H34*F34 -> 1316.83 | J34: =I34*K!$G$24 -> 1958.9609 | K34: =J34/$J$53 -> 0.0053247664
A35: b) | B35: ='P1'!B35 -> 65001208 | C35: =Custos!G33 -> set/2024 | D35: =Custos!D33 -> COPASA | E35: =Custos!B33 -> Sondagem a percussao - adicional de mobilizacao e desmobilizacao | F35: =Custos!J33 -> 9.32 | G35: =Custos!H33 -> km | H35: =Serviços!H15 -> 308.2 | I35: =H35*F35 -> 2872.424 | J35: =I35*K!$G$24 -> 4273.1152 | K35: =J35/$J$53 -> 0.011615005
A36: c) | B36: ='P1'!B36 -> 65001209 | C36: =Custos!G34 -> set/2024 | D36: =Custos!D34 -> COPASA | E36: =Custos!B34 -> Sondagem a percussao - instalacao por furo | F36: =Custos!J34 -> 482.46 | G36: =Custos!H34 -> unidade | H36: =Serviços!H16 -> 10.011101 | I36: =H36*F36 -> 4829.9557 | J36: =I36*K!$G$24 -> 7185.2057 | K36: =J36/$J$53 -> 0.019530529
A37: d) | B37: ='P1'!B37 -> 65001210 | C37: =Custos!G35 -> set/2024 | D37: =Custos!D35 -> COPASA | E37: =Custos!B35 -> Sondagem a percussao ø2.1/2" - perfuracao e retirada de amostras | F37: =Custos!J35 -> 145.2 | G37: =Custos!H35 -> m | H37: =Serviços!H17 -> 100.11101 | I37: =H37*F37 -> 14536.118 | J37: =I37*K!$G$24 -> 21624.422 | K37: =J37/$J$53 -> 0.058778609
A39: 3.3 | B39: CADASTRO TÉCNICO DE REDES DE ESGOTAMENTO SANITÁRIO | J39: =SUM(J40:J41) -> 15294.171 | K39: =SUM(K40:K41) -> 0.041571983
A40: a) | B40: ='P1'!B40 -> 65001667 | C40: =Custos!G43 -> set/2024 | D40: =Custos!D43 -> COPASA | E40: =Custos!B43 -> Equipe de topografia de campo | F40: =Custos!J43 -> 50814.45 | G40: =Custos!H43 -> mês | H40: =Serviços!D12 -> 0.19305794 | I40: =H40*F40 -> 9810.1328 | J40: =I40*K!$G$24 -> 14593.886 | K40: =J40/$J$53 -> 0.039668496
A41: b) | B41: ='P1'!B41 -> 65001668 | C41: =Custos!G44 -> set/2024 | D41: =Custos!D44 -> COPASA | E41: =Custos!B44 -> Equipe de topografia de escritório | F41: =Custos!J44 -> 26804.01 | G41: =Custos!H44 -> mês | H41: =Serviços!D13 -> 0.017562214 | I41: =H41*F41 -> 470.73775 | J41: =I41*K!$G$24 -> 700.28543 | K41: =J41/$J$53 -> 0.0019034868
A43: 3.4 | B43: ANÁLISE DE ÁGUA | J43: =SUM(J44:J45) -> 731.11254 | K43: =SUM(K44:K45) -> 0.0019872798
A44: a) | B44: =Custos!E49 -> 65001114 | C44: =Custos!G49 -> set/2024 | D44: =Custos!D49 -> COPASA | E44: =Custos!B49 -> Análise fisico-química da água | F44: =Custos!J49 -> 371.18 | G44: =Custos!H49 -> unidade | H44: =Serviços!K18 -> 1 | I44: =H44*F44 -> 371.18 | J44: =(I44*K!$G$24) -> 552.17994 | K44: =J44/$J$53 -> 0.0015009126
A45: b) | B45: =Custos!E50 -> 65001115 | C45: =Custos!G50 -> set/2024 | D45: =Custos!D50 -> COPASA | E45: =Custos!B50 -> Analise bactereologica da água | F45: =Custos!J50 -> 120.28 | G45: =Custos!H50 -> unidade | H45: =Serviços!K19 -> 1 | I45: =H45*F45 -> 120.28 | J45: =(I45*K!$G$24) -> 178.9326 | K45: =J45/$J$53 -> 0.00048636719
A46: 4. | B46: DESPESAS DIVERSAS | J46: =J48 -> 4989.8327 | K46: =J46/$J$53 -> 0.013563157
A48: 4.1 | B48: OUTRAS DESPESAS | J48: =SUM(J49:J51) -> 4989.8327 | K48: =SUM(K49:K51) -> 0.013563157
A49: a) | B49: =Custos!F52 -> - | C49: =Custos!G52 -> out/2024 | D49: =Custos!D52 -> Composição | E49: =Custos!B52 -> Veículo tipo pick-up 4X4 | F49: =Custos!J52 -> 2491.71 | G49: ='P1'!G49 -> R$/dia | H49: =Serviços!K20 -> 1 | I49: =ROUND(('P1'!I49+'P3'!I49+'P2'!I49+'P4'!I49+'P5'!I49+'P6'!I49+'P7.1'!I49+'P8'!I49),2) -> 2491.71 | J49: =I49*K!$G$25 -> 3160.331 | K49: =J49/$J$53 -> 0.0085902807
A50: b) | B50: =Custos!F53 -> - | C50: =Custos!G53 -> out/2024 | D50: =Custos!D53 -> AGEVAP | E50: =Custos!B53 -> Refeições | F50: ='P1'!F50 -> 25.61 | G50: ='P1'!G50 -> unidade | H50: =Serviços!K21 -> 4 | I50: =H50*F50 -> 102.44 | J50: =I50*K!$G$25 -> 129.92856 | K50: =J50/$J$53 -> 0.00035316644
A51: c) | B51: =Custos!F54 -> - | C51: =Custos!G54 -> out/2024 | D51: =Custos!D54 -> AGEVAP | E51: =Custos!B54 -> Diárias | F51: ='P1'!F51 -> 335 | G51: ='P1'!G51 -> unidade | H51: =Serviços!K22 -> 4 | I51: =H51*F51 -> 1340 | J51: =I51*K!$G$25 -> 1699.5732 | K51: =J51/$J$53 -> 0.0046197094
A53: VALOR TOTAL - Inclusos K's | I53: R$ | J53: =ROUND(J7+J16+J26+J46,2) -> 367896.12 | K53: =K7+K16+K26+K46 -> 1
A55: Observações:
A56: 1- | B56: Os K's foram calculados através de fórmulas estabelecidas pelo Acórdão 1787/2011. Os parâmetros utilizados foram estabelecidos pela Nota Técnica Conjunta nº 01/2012/SIP/SAF da Agência Nacional de Águas.
A57: 2- | B57: A remuneração horária é determinada dividindo-se o valor da remuneração mensal pela carga horária efetivamente trabalhada.
A58: 3- | B58: No valor do veículo já estão inclusos os valores de locação, gasolina, manutenção e pedágio.
A60: Adriano Ferreira Batista | F60: Alex Cardoso Pereira
A61: Técnico Pleno - Escola de Projetos | F61: Assessor
A62: AGEDOCE | F62: AGEDOCE
A64: André Luis de Paula Marques
A65: Diretor Presidente
A66: AGEDOCE

Sheet CPP
B1: ='P1'!D1 -> ORÇAMENTO PARA ELABORAÇÃO DE PROJETOS DE SISTEMA DE ESGOTAMENTO SANITÁRIO
A3: Custo por produto | D3: Data: | E3: ='Dados Básicos do município'!H4 -> 46139
A4: Comitê: | B4: ='Dados Básicos do município'!B5 -> CBH-SANTO ANTÔNIO
A5: Município: | B5: ='Dados Básicos do município'!B6 -> Açucena/MG
A7: PRODUTO | D7: PERCENTUAL | E7: CUSTO (R$)
A8: Produto 1: | B8: =Cronograma!B12 -> Plano de Trabalho | D8: =E8/$E$17 -> 0.024330891 | E8: ='P1'!J53 -> 8951.24
A9: Produto 2: | B9: =Cronograma!B13 -> Cadastro Técnico | D9: =E9/$E$17 -> 0.084541013 | E9: ='P2'!J53 -> 31102.31
A10: Produto 3: | B10: =Cronograma!B14 -> Estudos Topográficos | D10: =E10/$E$17 -> 0.088572722 | E10: ='P3'!J53 -> 32585.56
A11: Produto 4: | B11: =Cronograma!B15 -> Estudo de Concepção | D11: =E11/$E$17 -> 0.12041557 | E11: ='P4'!J53 -> 44300.42
A12: Produto 5: | B12: =Cronograma!B17 -> Projeto Básico | D12: =E12/$E$17 -> 0.25161087 | E12: ='P5'!J53 -> 92566.66
A13: Produto 6: | B13: =Cronograma!B18 -> Estudos Geotécnicos | D13: =E13/$E$17 -> 0.1053308 | E13: ='P6'!J53 -> 38750.79
A14: Produto 7.1: | B14: =Cronograma!B16 -> Estudos Ambientais Preliminares | D14: =E14/$E$17 -> 0.025374772 | E14: ='P7.1'!J53 -> 9335.28
A15: Produto 7.2: | B15: =Cronograma!B19 -> Estudos Ambientais Consolidados | D15: =E15/$E$17 -> 0.050749572 | E15: ='P.7.2'!J53 -> 18670.57
A16: Produto 8: | B16: =Cronograma!B20 -> Projeto Executivo | D16: =E16/$E$17 -> 0.24907379 | E16: ='P8'!J53 -> 91633.28
C17: TOTAL | D17: =SUM(D8:D16) -> 1 | E17: =SUM(E8:E16) -> 367896.11

Sheet Cronograma
A1: ='P1'!D1 -> ORÇAMENTO PARA ELABORAÇÃO DE PROJETOS DE SISTEMA DE ESGOTAMENTO SANITÁRIO
A4: Cronograma físico-financeiro | AY4: Data:
A5: Comitê: | C5: ='Dados Básicos do município'!B5 -> CBH-SANTO ANTÔNIO
A6: Município: | C6: ='Dados Básicos do município'!B6 -> Açucena/MG
A8: CRONOGRAMA
A9: ETAPA PRODUTO | B9: ESPECIFICAÇÃO | D9: Repasse | E9: Percentual | F9: MÊS
F10: - | G10: 1 | M10: 2 | S10: 3 | Y10: 4 | AE10: 5 | AK10: 6 | AQ10: 7 | AW10: 8
D11: R$ | E11: % | F11: - | G11: 5 | H11: 10 | I11: 15 | J11: 20 | K11: 25 | L11: 30 | M11: 35 | N11: 40 | O11: 45 | P11: 50 | Q11: 55 | R11: 60 | S11: 65 | T11: 70 | U11: 75 | V11: 80 | W11: 85 | X11: 90 | Y11: 95 | Z11: 100 | AA11: 105 | AB11: 110 | AC11: 115 | AD11: 120 | AE11: 125 | AF11: 130 | AG11: 135 | AH11: 140 | AI11: 145 | AJ11: 150 | AK11: 155 | AL11: 160 | AM11: 165 | AN11: 170 | AO11: 175 | AP11: 180 | AQ11: 185 | AR11: 190 | AS11: 195 | AT11: 200 | AU11: 205 | AV11: 210 | AW11: 215 | AX11: 220 | AY11: 225 | AZ11: 230 | BA11: 235 | BB11: 240
A12: 1 | B12: ='P1'!C2 -> Plano de Trabalho | D12: =ROUND('P1'!J53,2) -> 8951.24 | E12: =D12/$D$22 -> 0.024330891
A13: 2 | B13: ='P2'!C2 -> Cadastro Técnico | D13: =ROUND('P2'!J53,2) -> 31102.31 | E13: =D13/$D$22 -> 0.084541013
A14: 3 | B14: ='P3'!C2 -> Estudos Topográficos | D14: =ROUND('P3'!J53,2) -> 32585.56 | E14: =D14/$D$22 -> 0.088572722
A15: 4 | B15: ='P4'!C2 -> Estudo de Concepção | D15: =ROUND('P4'!J53,2) -> 44300.42 | E15: =D15/$D$22 -> 0.12041557
A16: 7.1 | B16: ='P7.1'!C2 -> Estudos Ambientais Preliminares | D16: =ROUND('P7.1'!J53,2) -> 9335.28 | E16: =D16/$D$22 -> 0.025374772
A17: 5 | B17: ='P5'!C2 -> Projeto Básico | D17: =ROUND('P5'!J53,2) -> 92566.66 | E17: =D17/$D$22 -> 0.25161087
A18: 6 | B18: ='P6'!C2 -> Estudos Geotécnicos | D18: =ROUND('P6'!J53,2) -> 38750.79 | E18: =D18/$D$22 -> 0.1053308
A19: 7.2 | B19: ='P.7.2'!C2 -> Estudos Ambientais Consolidados | D19: =ROUND('P.7.2'!J53,2) -> 18670.57 | E19: =D19/$D$22 -> 0.050749572
A20: 8 | B20: ='P8'!C2 -> Projeto Executivo | D20: =ROUND('P8'!J53,2) -> 91633.28 | E20: =D20/$D$22 -> 0.24907379
A21: - | B21: Finalização Contratual | D21: - | E21: -
A22: TOTAL GERAL | D22: =SUM(D12:D21) -> 367896.11 | E22: =ROUND(SUM(E12:E21),2) -> 1
A24: LEGENDA:
C25: Emissão da Ordem de Serviço | I25: Análise da versão final do produto
C26: Elaboração do produto e entrega da minuta | I26: Período para pagamento
C27: Análise e revisão do produto | I27: Finalização contratual interna
C28: Correção e entrega versão final do produto
C31: Adriano Ferreira Batista | H31: Alex Cardoso Pereira | AR31: André Luis de Paula Marques
C32: Técnico Pleno - Escola de Projetos | H32: Assessor | AR32: Diretor Presidente
C33: AGEDOCE | H33: AGEDOCE | AR33: AGEDOCE
